Workbook
Name AnneeRecolte: Configuration!$K$7
Name ApportCouvert: Configuration!$V$9
Name CalComplement: Configuration!$C$35:$L$41
Name CalOccupations: Configuration!$B$24:$B$30
Name CalPrincipal: Configuration!$C$24:$L$30
Name CalTypes: Configuration!$C$22:$L$22
Name CulturesCat: Configuration!$O$8:$O$47
Name CulturesNoms: Configuration!$N$8:$N$47
Name CulturesUnite: Configuration!$P$8:$P$47
Name DebutCampagne: Configuration!$K$8
Name DelaiSaisie: Configuration!$K$17
Name FicheIlot: 'Fiche îlot'!$D$7
Name FinCampagne: Configuration!$K$9
Name ListeApportSur: OFFSET(Configuration!$V$8,0,0,MAX(1,COUNTIF(Configuration!$V$8:$V$27,"?*")),1)
Name ListeCategories: OFFSET(Configuration!$T$8,0,0,MAX(1,COUNTIF(Configuration!$T$8:$T$27,"?*")),1)
Name ListeCouverts: OFFSET(Configuration!$Y$8,0,0,MAX(1,COUNTIF(Configuration!$Y$8:$Y$27,"?*")),1)
Name ListeCultures: OFFSET(Configuration!$N$8,0,0,MAX(1,COUNTIF(Configuration!$N$8:$N$47,"?*")),1)
Name ListeEtats: OFFSET(Configuration!$U$8,0,0,MAX(1,COUNTIF(Configuration!$U$8:$U$27,"?*")),1)
Name ListeFaireValoir: OFFSET(Configuration!$Z$8,0,0,MAX(1,COUNTIF(Configuration!$Z$8:$Z$27,"?*")),1)
Name ListeFertilisants: OFFSET(Fertilisants!$B$8,0,0,MAX(1,COUNTIF(Fertilisants!$B$8:$B$47,"?*")),1)
Name ListeIlots: OFFSET(Îlots!$D$8,0,0,MAX(1,COUNTIF(Îlots!$D$8:$D$57,"?*")),1)
Name ListeMateriel: OFFSET(Configuration!$W$8,0,0,MAX(1,COUNTIF(Configuration!$W$8:$W$27,"?*")),1)
Name ListeNature: OFFSET(Configuration!$AA$8,0,0,MAX(1,COUNTIF(Configuration!$AA$8:$AA$27,"?*")),1)
Name ListeOccupations: Configuration!$B$24:$B$30
Name ListeRealise: OFFSET(Configuration!$X$8,0,0,MAX(1,COUNTIF(Configuration!$X$8:$X$27,"?*")),1)
Name ListeRegime: OFFSET(Configuration!$AC$8,0,0,MAX(1,COUNTIF(Configuration!$AC$8:$AC$27,"?*")),1)
Name ListeSource: OFFSET(Configuration!$AB$8,0,0,MAX(1,COUNTIF(Configuration!$AB$8:$AB$27,"?*")),1)
Name ListeTypes: OFFSET(Configuration!$R$8,0,0,MAX(1,COUNTIF(Configuration!$R$8:$R$27,"?*")),1)
Name ListeUnites: OFFSET(Configuration!$S$8,0,0,MAX(1,COUNTIF(Configuration!$S$8:$S$27,"?*")),1)
Name OccCouvert: Configuration!$B$28
Name PlafondN: Configuration!$K$15
Name RaisonSociale: Configuration!$C$7
Name SAU: Configuration!$K$10
Name TolerancePPF: Configuration!$K$16
Name ZoneVulnerable: Configuration!$K$13

Sheet Tableau de bord
B2: CAHIER D'ÉPANDAGE | T2: =RaisonSociale -> SCEA du Val de Mérienne
B3: ="Tableau de bord de la campagne "&(AnneeRecolte-1)&"-"&AnneeRecolte&" · récolte "&AnneeRecolte -> Tableau de bord de la campagne 2026-2027 · récolte 2027 | N3: Dernier apport enregistré | T3: =IF(COUNT(Registre!$C$8:$C$507)=0,"",MAX(Registre!$C$8:$C$507)) -> 46552
B5: Registre › | C5: Îlots › | D5: Fertilisants › | F5: Échanges & stockage › | H5: Fiche îlot › | J5: Configuration › | L5: Mode d'emploi ›
B7: APPORTS ENREGISTRÉS | F7: AZOTE TOTAL ÉPANDU | J7: AZOTE DES EFFLUENTS D'ÉLEVAGE | N7: POINTS DE CONTRÔLE CONFORMES | R7: COÛT DES FERTILISANTS
B8: =COUNT(Registre!$C$8:$C$507) -> 29 | F8: =SUM(Registre!$Q$8:$Q$507) -> 26441.754 | J8: =IFERROR(SUMIFS(Registre!$Q$8:$Q$507,Registre!$AM$8:$AM$507,1)/SAU,0) -> 153.62872 | N8: =COUNTIF($H$15:$H$24,"Conforme") -> 3 | R8: =SUM(Fertilisants!$R$8:$R$47) -> 11850.735
B10: ="sur "&COUNTIF(Îlots!$X$8:$X$57,">0")&" îlots fertilisés" -> sur 9 îlots fertilisés | F10: ="soit "&ROUND(IFERROR(SUM(Registre!$Q$8:$Q$507)/SAU,0),0)&" kg N par ha de SAU" -> soit 235 kg N par ha de SAU | J10: =ROUND(IFERROR(J8/PlafondN,0)*100,0)&" % du plafond de "&PlafondN&" kg N/ha SAU" -> 90 % du plafond de 170 kg N/ha SAU | N10: =COUNTIF($H$15:$H$24,"Non conforme")&" non conforme(s) · "&COUNTIF($H$15:$H$24,"Vigilance")&" en vigilance" -> 3 non conforme(s) · 4 en vigilance | R10: ="soit "&ROUND(IFERROR(R8/SAU,0),0)&" € par ha de SAU" -> soit 105 € par ha de SAU
J11: =IFERROR(J8/PlafondN,0) -> 0.90369838 | N11: =N8/10 -> 0.3
B13: Contrôles réglementaires | J13: Azote épandu par mois (kg N) | W13: Mois | X13: Organique | Y13: Minéral | Z13: Total
B14: POINT DE CONTRÔLE | F14: CONSTAT | H14: STATUT | W14: =CHOOSE(MONTH(DATE(AnneeRecolte-1,9,1)),"janv.","févr.","mars","avr.","mai","juin","juil.","août","sept.","oct.","nov.","déc.")&" "&MOD(YEAR(DATE(AnneeRecolte-1,9,1)),100) -> sept. 26 | X14: =SUMIFS(Registre!$Q$8:$Q$507,Registre!$AN$8:$AN$507,"Organique",Registre!$C$8:$C$507,">="&DATE(AnneeRecolte-1,9,1),Registre!$C$8:$C$507,"<"&DATE(AnneeRecolte-1,10,1)) -> 7412.55 | Y14: =SUMIFS(Registre!$Q$8:$Q$507,Registre!$AN$8:$AN$507,"Minéral",Registre!$C$8:$C$507,">="&DATE(AnneeRecolte-1,9,1),Registre!$C$8:$C$507,"<"&DATE(AnneeRecolte-1,10,1)) -> 0 | Z14: =X14+Y14 -> 7412.55
B15: Plafond d'azote des effluents d'élevage | F15: =ROUND($J$8,0)&" kg N/ha" -> 154 kg N/ha | H15: =IF($J$8>PlafondN,"Non conforme",IF($J$8>0.9*PlafondN,"Vigilance","Conforme")) -> Vigilance | W15: =CHOOSE(MONTH(DATE(AnneeRecolte-1,10,1)),"janv.","févr.","mars","avr.","mai","juin","juil.","août","sept.","oct.","nov.","déc.")&" "&MOD(YEAR(DATE(AnneeRecolte-1,10,1)),100) -> oct. 26 | X15: =SUMIFS(Registre!$Q$8:$Q$507,Registre!$AN$8:$AN$507,"Organique",Registre!$C$8:$C$507,">="&DATE(AnneeRecolte-1,10,1),Registre!$C$8:$C$507,"<"&DATE(AnneeRecolte-1,11,1)) -> 804.6 | Y15: =SUMIFS(Registre!$Q$8:$Q$507,Registre!$AN$8:$AN$507,"Minéral",Registre!$C$8:$C$507,">="&DATE(AnneeRecolte-1,10,1),Registre!$C$8:$C$507,"<"&DATE(AnneeRecolte-1,11,1)) -> 0 | Z15: =X15+Y15 -> 804.6
B16: Épandages en période d'interdiction | F16: =IF((COUNTIF(Registre!$W$8:$W$507,"Période interdite"))=0,"Aucun",(COUNTIF(Registre!$W$8:$W$507,"Période interdite"))&IF((COUNTIF(Registre!$W$8:$W$507,"Période interdite"))>1," apports"," apport")) -> 1 apport | H16: =IF((COUNTIF(Registre!$W$8:$W$507,"Période interdite"))>0,"Non conforme","Conforme") -> Non conforme | W16: =CHOOSE(MONTH(DATE(AnneeRecolte-1,11,1)),"janv.","févr.","mars","avr.","mai","juin","juil.","août","sept.","oct.","nov.","déc.")&" "&MOD(YEAR(DATE(AnneeRecolte-1,11,1)),100) -> nov. 26 | X16: =SUMIFS(Registre!$Q$8:$Q$507,Registre!$AN$8:$AN$507,"Organique",Registre!$C$8:$C$507,">="&DATE(AnneeRecolte-1,11,1),Registre!$C$8:$C$507,"<"&DATE(AnneeRecolte-1,12,1)) -> 1944 | Y16: =SUMIFS(Registre!$Q$8:$Q$507,Registre!$AN$8:$AN$507,"Minéral",Registre!$C$8:$C$507,">="&DATE(AnneeRecolte-1,11,1),Registre!$C$8:$C$507,"<"&DATE(AnneeRecolte-1,12,1)) -> 0 | Z16: =X16+Y16 -> 1944
B17: Épandages sur sol interdit | F17: =IF((COUNTIF(Registre!$W$8:$W$507,"Sol interdit"))=0,"Aucun",(COUNTIF(Registre!$W$8:$W$507,"Sol interdit"))&IF((COUNTIF(Registre!$W$8:$W$507,"Sol interdit"))>1," apports"," apport")) -> 1 apport | H17: =IF((COUNTIF(Registre!$W$8:$W$507,"Sol interdit"))>0,"Non conforme","Conforme") -> Non conforme | W17: =CHOOSE(MONTH(DATE(AnneeRecolte-1,12,1)),"janv.","févr.","mars","avr.","mai","juin","juil.","août","sept.","oct.","nov.","déc.")&" "&MOD(YEAR(DATE(AnneeRecolte-1,12,1)),100) -> déc. 26 | X17: =SUMIFS(Registre!$Q$8:$Q$507,Registre!$AN$8:$AN$507,"Organique",Registre!$C$8:$C$507,">="&DATE(AnneeRecolte-1,12,1),Registre!$C$8:$C$507,"<"&DATE(AnneeRecolte-1,13,1)) -> 0 | Y17: =SUMIFS(Registre!$Q$8:$Q$507,Registre!$AN$8:$AN$507,"Minéral",Registre!$C$8:$C$507,">="&DATE(AnneeRecolte-1,12,1),Registre!$C$8:$C$507,"<"&DATE(AnneeRecolte-1,13,1)) -> 0 | Z17: =X17+Y17 -> 0
B18: Îlots au-delà de la dose PPF | F18: =IF((COUNTIF(Îlots!$Y$8:$Y$57,"Dépassement PPF"))=0,"Aucun",(COUNTIF(Îlots!$Y$8:$Y$57,"Dépassement PPF"))&IF((COUNTIF(Îlots!$Y$8:$Y$57,"Dépassement PPF"))>1," îlots"," îlot")) -> 1 îlot | H18: =IF((COUNTIF(Îlots!$Y$8:$Y$57,"Dépassement PPF"))>0,"Non conforme","Conforme") -> Non conforme | W18: =CHOOSE(MONTH(DATE(AnneeRecolte-1,13,1)),"janv.","févr.","mars","avr.","mai","juin","juil.","août","sept.","oct.","nov.","déc.")&" "&MOD(YEAR(DATE(AnneeRecolte-1,13,1)),100) -> janv. 27 | X18: =SUMIFS(Registre!$Q$8:$Q$507,Registre!$AN$8:$AN$507,"Organique",Registre!$C$8:$C$507,">="&DATE(AnneeRecolte-1,13,1),Registre!$C$8:$C$507,"<"&DATE(AnneeRecolte-1,14,1)) -> 0 | Y18: =SUMIFS(Registre!$Q$8:$Q$507,Registre!$AN$8:$AN$507,"Minéral",Registre!$C$8:$C$507,">="&DATE(AnneeRecolte-1,13,1),Registre!$C$8:$C$507,"<"&DATE(AnneeRecolte-1,14,1)) -> 0 | Z18: =X18+Y18 -> 0
B19: Îlots sans dose prévisionnelle | F19: =IF((COUNTIF(Îlots!$Y$8:$Y$57,"PPF à renseigner"))=0,"Aucun",(COUNTIF(Îlots!$Y$8:$Y$57,"PPF à renseigner"))&IF((COUNTIF(Îlots!$Y$8:$Y$57,"PPF à renseigner"))>1," îlots"," îlot")) -> Aucun | H19: =IF((COUNTIF(Îlots!$Y$8:$Y$57,"PPF à renseigner"))>0,"Vigilance","Conforme") -> Conforme | W19: =CHOOSE(MONTH(DATE(AnneeRecolte-1,14,1)),"janv.","févr.","mars","avr.","mai","juin","juil.","août","sept.","oct.","nov.","déc.")&" "&MOD(YEAR(DATE(AnneeRecolte-1,14,1)),100) -> févr. 27 | X19: =SUMIFS(Registre!$Q$8:$Q$507,Registre!$AN$8:$AN$507,"Organique",Registre!$C$8:$C$507,">="&DATE(AnneeRecolte-1,14,1),Registre!$C$8:$C$507,"<"&DATE(AnneeRecolte-1,15,1)) -> 1850 | Y19: =SUMIFS(Registre!$Q$8:$Q$507,Registre!$AN$8:$AN$507,"Minéral",Registre!$C$8:$C$507,">="&DATE(AnneeRecolte-1,14,1),Registre!$C$8:$C$507,"<"&DATE(AnneeRecolte-1,15,1)) -> 1377.5475 | Z19: =X19+Y19 -> 3227.5475
B20: Surfaces épandues supérieures à l'îlot | F20: =IF((COUNTIF(Registre!$W$8:$W$507,"Surface > îlot"))=0,"Aucun",(COUNTIF(Registre!$W$8:$W$507,"Surface > îlot"))&IF((COUNTIF(Registre!$W$8:$W$507,"Surface > îlot"))>1," lignes"," ligne")) -> Aucun | H20: =IF((COUNTIF(Registre!$W$8:$W$507,"Surface > îlot"))>0,"Vigilance","Conforme") -> Conforme | W20: =CHOOSE(MONTH(DATE(AnneeRecolte-1,15,1)),"janv.","févr.","mars","avr.","mai","juin","juil.","août","sept.","oct.","nov.","déc.")&" "&MOD(YEAR(DATE(AnneeRecolte-1,15,1)),100) -> mars 27 | X20: =SUMIFS(Registre!$Q$8:$Q$507,Registre!$AN$8:$AN$507,"Organique",Registre!$C$8:$C$507,">="&DATE(AnneeRecolte-1,15,1),Registre!$C$8:$C$507,"<"&DATE(AnneeRecolte-1,16,1)) -> 2897.35 | Y20: =SUMIFS(Registre!$Q$8:$Q$507,Registre!$AN$8:$AN$507,"Minéral",Registre!$C$8:$C$507,">="&DATE(AnneeRecolte-1,15,1),Registre!$C$8:$C$507,"<"&DATE(AnneeRecolte-1,16,1)) -> 2088.7515 | Z20: =X20+Y20 -> 4986.1015
B21: Lignes incomplètes ou hors campagne | F21: =IF((COUNTIF(Registre!$W$8:$W$507,"Incomplet")+COUNTIF(Registre!$W$8:$W$507,"Hors campagne"))=0,"Aucun",(COUNTIF(Registre!$W$8:$W$507,"Incomplet")+COUNTIF(Registre!$W$8:$W$507,"Hors campagne"))&IF((COUNTIF(Registre!$W$8:$W$507,"Incomplet")+COUNTIF(Registre!$W$8:$W$507,"Hors campagne"))>1," lignes"," ligne")) -> Aucun | H21: =IF((COUNTIF(Registre!$W$8:$W$507,"Incomplet")+COUNTIF(Registre!$W$8:$W$507,"Hors campagne"))>0,"Vigilance","Conforme") -> Conforme | W21: =CHOOSE(MONTH(DATE(AnneeRecolte-1,16,1)),"janv.","févr.","mars","avr.","mai","juin","juil.","août","sept.","oct.","nov.","déc.")&" "&MOD(YEAR(DATE(AnneeRecolte-1,16,1)),100) -> avr. 27 | X21: =SUMIFS(Registre!$Q$8:$Q$507,Registre!$AN$8:$AN$507,"Organique",Registre!$C$8:$C$507,">="&DATE(AnneeRecolte-1,16,1),Registre!$C$8:$C$507,"<"&DATE(AnneeRecolte-1,17,1)) -> 4016 | Y21: =SUMIFS(Registre!$Q$8:$Q$507,Registre!$AN$8:$AN$507,"Minéral",Registre!$C$8:$C$507,">="&DATE(AnneeRecolte-1,16,1),Registre!$C$8:$C$507,"<"&DATE(AnneeRecolte-1,17,1)) -> 2123.4725 | Z21: =X21+Y21 -> 6139.4725
B22: Saisies au-delà du délai visé | F22: =IF((COUNTIF(Registre!$W$8:$W$507,"Saisie tardive"))=0,"Aucun",(COUNTIF(Registre!$W$8:$W$507,"Saisie tardive"))&IF((COUNTIF(Registre!$W$8:$W$507,"Saisie tardive"))>1," lignes"," ligne")) -> 1 ligne | H22: =IF((COUNTIF(Registre!$W$8:$W$507,"Saisie tardive"))>0,"Vigilance","Conforme") -> Vigilance | W22: =CHOOSE(MONTH(DATE(AnneeRecolte-1,17,1)),"janv.","févr.","mars","avr.","mai","juin","juil.","août","sept.","oct.","nov.","déc.")&" "&MOD(YEAR(DATE(AnneeRecolte-1,17,1)),100) -> mai 27 | X22: =SUMIFS(Registre!$Q$8:$Q$507,Registre!$AN$8:$AN$507,"Organique",Registre!$C$8:$C$507,">="&DATE(AnneeRecolte-1,17,1),Registre!$C$8:$C$507,"<"&DATE(AnneeRecolte-1,18,1)) -> 0 | Y22: =SUMIFS(Registre!$Q$8:$Q$507,Registre!$AN$8:$AN$507,"Minéral",Registre!$C$8:$C$507,">="&DATE(AnneeRecolte-1,17,1),Registre!$C$8:$C$507,"<"&DATE(AnneeRecolte-1,18,1)) -> 636.8025 | Z22: =X22+Y22 -> 636.8025
B23: Bordereaux d'échange non cosignés | F23: =IF((COUNTIFS('Échanges & stockage'!$B$12:$B$51,"?*",'Échanges & stockage'!$L$12:$L$51,"<>Oui"))=0,"Aucun",(COUNTIFS('Échanges & stockage'!$B$12:$B$51,"?*",'Échanges & stockage'!$L$12:$L$51,"<>Oui"))&IF((COUNTIFS('Échanges & stockage'!$B$12:$B$51,"?*",'Échanges & stockage'!$L$12:$L$51,"<>Oui"))>1," bordereaux"," bordereau")) -> 1 bordereau | H23: =IF((COUNTIFS('Échanges & stockage'!$B$12:$B$51,"?*",'Échanges & stockage'!$L$12:$L$51,"<>Oui"))>0,"Vigilance","Conforme") -> Vigilance | W23: =CHOOSE(MONTH(DATE(AnneeRecolte-1,18,1)),"janv.","févr.","mars","avr.","mai","juin","juil.","août","sept.","oct.","nov.","déc.")&" "&MOD(YEAR(DATE(AnneeRecolte-1,18,1)),100) -> juin 27 | X23: =SUMIFS(Registre!$Q$8:$Q$507,Registre!$AN$8:$AN$507,"Organique",Registre!$C$8:$C$507,">="&DATE(AnneeRecolte-1,18,1),Registre!$C$8:$C$507,"<"&DATE(AnneeRecolte-1,19,1)) -> 712 | Y23: =SUMIFS(Registre!$Q$8:$Q$507,Registre!$AN$8:$AN$507,"Minéral",Registre!$C$8:$C$507,">="&DATE(AnneeRecolte-1,18,1),Registre!$C$8:$C$507,"<"&DATE(AnneeRecolte-1,19,1)) -> 578.68 | Z23: =X23+Y23 -> 1290.68
B24: Stockages au champ à vérifier | F24: =IF((COUNTIF('Échanges & stockage'!$I$55:$I$74,"Durée > 9 mois")+COUNTIF('Échanges & stockage'!$I$55:$I$74,"Hiver : vérifier les conditions"))=0,"Aucun",(COUNTIF('Échanges & stockage'!$I$55:$I$74,"Durée > 9 mois")+COUNTIF('Échanges & stockage'!$I$55:$I$74,"Hiver : vérifier les conditions"))&IF((COUNTIF('Échanges & stockage'!$I$55:$I$74,"Durée > 9 mois")+COUNTIF('Échanges & stockage'!$I$55:$I$74,"Hiver : vérifier les conditions"))>1," dépôts"," dépôt")) -> 1 dépôt | H24: =IF((COUNTIF('Échanges & stockage'!$I$55:$I$74,"Durée > 9 mois"))>0,"Non conforme",IF((COUNTIF('Échanges & stockage'!$I$55:$I$74,"Hiver : vérifier les conditions"))>0,"Vigilance","Conforme")) -> Vigilance | W24: =CHOOSE(MONTH(DATE(AnneeRecolte-1,19,1)),"janv.","févr.","mars","avr.","mai","juin","juil.","août","sept.","oct.","nov.","déc.")&" "&MOD(YEAR(DATE(AnneeRecolte-1,19,1)),100) -> juil. 27 | X24: =SUMIFS(Registre!$Q$8:$Q$507,Registre!$AN$8:$AN$507,"Organique",Registre!$C$8:$C$507,">="&DATE(AnneeRecolte-1,19,1),Registre!$C$8:$C$507,"<"&DATE(AnneeRecolte-1,20,1)) -> 0 | Y24: =SUMIFS(Registre!$Q$8:$Q$507,Registre!$AN$8:$AN$507,"Minéral",Registre!$C$8:$C$507,">="&DATE(AnneeRecolte-1,19,1),Registre!$C$8:$C$507,"<"&DATE(AnneeRecolte-1,20,1)) -> 0 | Z24: =X24+Y24 -> 0
B25: Indicateurs calculés à partir des données saisies. Le plafond est suivi ici sur l'azote des effluents d'élevage épandus ; le calcul réglementaire s'appuie sur l'azote produit par le cheptel. | W25: =CHOOSE(MONTH(DATE(AnneeRecolte-1,20,1)),"janv.","févr.","mars","avr.","mai","juin","juil.","août","sept.","oct.","nov.","déc.")&" "&MOD(YEAR(DATE(AnneeRecolte-1,20,1)),100) -> août 27 | X25: =SUMIFS(Registre!$Q$8:$Q$507,Registre!$AN$8:$AN$507,"Organique",Registre!$C$8:$C$507,">="&DATE(AnneeRecolte-1,20,1),Registre!$C$8:$C$507,"<"&DATE(AnneeRecolte-1,21,1)) -> 0 | Y25: =SUMIFS(Registre!$Q$8:$Q$507,Registre!$AN$8:$AN$507,"Minéral",Registre!$C$8:$C$507,">="&DATE(AnneeRecolte-1,20,1),Registre!$C$8:$C$507,"<"&DATE(AnneeRecolte-1,21,1)) -> 0 | Z25: =X25+Y25 -> 0
B29: Réalisation du plan prévisionnel de fumure par îlot | R29: Azote par type de fertilisant
B30: Îlot | E30: Culture | H30: Surface (ha) | I30: Dose PPF (kg N eff./ha) | K30: N efficace apporté | L30: Écart | M30: Réalisation | O30: Statut | R30: TYPE | S30: KG N | T30: PART
B31: =IF(Îlots!$D$8="","",Îlots!$D$8) -> 01 – La Croix Blanche | E31: =IF($B31="","",Îlots!$N$8&"") -> Maïs ensilage | H31: =IF($B31="","",Îlots!$E$8) -> 14.8 | I31: =IF(OR($B31="",Îlots!$S$8=""),"",Îlots!$S$8) -> 145 | K31: =IF($B31="","",N(Îlots!$T$8)) -> 144.5 | L31: =IF(OR($B31="",$I31=""),"",ROUND($K31-$I31,0)) -> 0 | M31: =IF(OR($B31="",N($I31)=0),"",$K31/$I31) -> 0.99655172 | O31: =IF($B31="","",Îlots!$Y$8&"") -> Conforme | R31: Type 0 | S31: =SUMIFS(Registre!$Q$8:$Q$507,Registre!$H$8:$H$507,R31) -> 0 | T31: =IFERROR(S31/$S$36,0) -> 0
B32: =IF(Îlots!$D$9="","",Îlots!$D$9) -> 02 – Les Noues | E32: =IF($B32="","",Îlots!$N$9&"") -> Blé tendre d'hiver | H32: =IF($B32="","",Îlots!$E$9) -> 11.35 | I32: =IF(OR($B32="",Îlots!$S$9=""),"",Îlots!$S$9) -> 175 | K32: =IF($B32="","",N(Îlots!$T$9)) -> 174.07 | L32: =IF(OR($B32="",$I32=""),"",ROUND($K32-$I32,0)) -> -1 | M32: =IF(OR($B32="",N($I32)=0),"",$K32/$I32) -> 0.99468571 | O32: =IF($B32="","",Îlots!$Y$9&"") -> Conforme | R32: Type Ia | S32: =SUMIFS(Registre!$Q$8:$Q$507,Registre!$H$8:$H$507,R32) -> 6545.15 | T32: =IFERROR(S32/$S$36,0) -> 0.24753086
B33: =IF(Îlots!$D$10="","",Îlots!$D$10) -> 03 – La Garenne | E33: =IF($B33="","",Îlots!$N$10&"") -> Colza d'hiver | H33: =IF($B33="","",Îlots!$E$10) -> 9.6 | I33: =IF(OR($B33="",Îlots!$S$10=""),"",Îlots!$S$10) -> 160 | K33: =IF($B33="","",N(Îlots!$T$10)) -> 161.12 | L33: =IF(OR($B33="",$I33=""),"",ROUND($K33-$I33,0)) -> 1 | M33: =IF(OR($B33="",N($I33)=0),"",$K33/$I33) -> 1.007 | O33: =IF($B33="","",Îlots!$Y$10&"") -> Conforme | R33: Type Ib | S33: =SUMIFS(Registre!$Q$8:$Q$507,Registre!$H$8:$H$507,R33) -> 0 | T33: =IFERROR(S33/$S$36,0) -> 0
B34: =IF(Îlots!$D$11="","",Îlots!$D$11) -> 04 – Le Paradis | E34: =IF($B34="","",Îlots!$N$11&"") -> Maïs ensilage | H34: =IF($B34="","",Îlots!$E$11) -> 16.2 | I34: =IF(OR($B34="",Îlots!$S$11=""),"",Îlots!$S$11) -> 140 | K34: =IF($B34="","",N(Îlots!$T$11)) -> 136.2 | L34: =IF(OR($B34="",$I34=""),"",ROUND($K34-$I34,0)) -> -4 | M34: =IF(OR($B34="",N($I34)=0),"",$K34/$I34) -> 0.97285714 | O34: =IF($B34="","",Îlots!$Y$11&"") -> Conforme | R34: Type II | S34: =SUMIFS(Registre!$Q$8:$Q$507,Registre!$H$8:$H$507,R34) -> 13091.35 | T34: =IFERROR(S34/$S$36,0) -> 0.49510142
B35: =IF(Îlots!$D$12="","",Îlots!$D$12) -> 05 – Les Rouches | E35: =IF($B35="","",Îlots!$N$12&"") -> Orge d'hiver | H35: =IF($B35="","",Îlots!$E$12) -> 12.75 | I35: =IF(OR($B35="",Îlots!$S$12=""),"",Îlots!$S$12) -> 150 | K35: =IF($B35="","",N(Îlots!$T$12)) -> 138.14706 | L35: =IF(OR($B35="",$I35=""),"",ROUND($K35-$I35,0)) -> -12 | M35: =IF(OR($B35="",N($I35)=0),"",$K35/$I35) -> 0.92098039 | O35: =IF($B35="","",Îlots!$Y$12&"") -> Conforme | R35: Type III | S35: =SUMIFS(Registre!$Q$8:$Q$507,Registre!$H$8:$H$507,R35) -> 6805.254 | T35: =IFERROR(S35/$S$36,0) -> 0.25736772
B36: =IF(Îlots!$D$13="","",Îlots!$D$13) -> 06 – Pré Long | E36: =IF($B36="","",Îlots!$N$13&"") -> Prairie permanente | H36: =IF($B36="","",Îlots!$E$13) -> 8.9 | I36: =IF(OR($B36="",Îlots!$S$13=""),"",Îlots!$S$13) -> 100 | K36: =IF($B36="","",N(Îlots!$T$13)) -> 130 | L36: =IF(OR($B36="",$I36=""),"",ROUND($K36-$I36,0)) -> 30 | M36: =IF(OR($B36="",N($I36)=0),"",$K36/$I36) -> 1.3 | O36: =IF($B36="","",Îlots!$Y$13&"") -> Dépassement PPF | R36: Total | S36: =SUM(S31:S35) -> 26441.754 | T36: =IF($S$36=0,0,1) -> 1
B37: =IF(Îlots!$D$14="","",Îlots!$D$14) -> 07 – La Fosse aux Loups | E37: =IF($B37="","",Îlots!$N$14&"") -> Prairie temporaire | H37: =IF($B37="","",Îlots!$E$14) -> 7.45 | I37: =IF(OR($B37="",Îlots!$S$14=""),"",Îlots!$S$14) -> 120 | K37: =IF($B37="","",N(Îlots!$T$14)) -> 98.49 | L37: =IF(OR($B37="",$I37=""),"",ROUND($K37-$I37,0)) -> -22 | M37: =IF(OR($B37="",N($I37)=0),"",$K37/$I37) -> 0.82075 | O37: =IF($B37="","",Îlots!$Y$14&"") -> Conforme
B38: =IF(Îlots!$D$15="","",Îlots!$D$15) -> 08 – Les Terres Fortes | E38: =IF($B38="","",Îlots!$N$15&"") -> Orge de printemps | H38: =IF($B38="","",Îlots!$E$15) -> 13.1 | I38: =IF(OR($B38="",Îlots!$S$15=""),"",Îlots!$S$15) -> 105 | K38: =IF($B38="","",N(Îlots!$T$15)) -> 103.65 | L38: =IF(OR($B38="",$I38=""),"",ROUND($K38-$I38,0)) -> -1 | M38: =IF(OR($B38="",N($I38)=0),"",$K38/$I38) -> 0.98714286 | O38: =IF($B38="","",Îlots!$Y$15&"") -> Conforme
B39: =IF(Îlots!$D$16="","",Îlots!$D$16) -> 09 – Les Sablons | E39: =IF($B39="","",Îlots!$N$16&"") -> Triticale | H39: =IF($B39="","",Îlots!$E$16) -> 10.05 | I39: =IF(OR($B39="",Îlots!$S$16=""),"",Îlots!$S$16) -> 140 | K39: =IF($B39="","",N(Îlots!$T$16)) -> 136.8 | L39: =IF(OR($B39="",$I39=""),"",ROUND($K39-$I39,0)) -> -3 | M39: =IF(OR($B39="",N($I39)=0),"",$K39/$I39) -> 0.97714286 | O39: =IF($B39="","",Îlots!$Y$16&"") -> Conforme
B40: =IF(Îlots!$D$17="","",Îlots!$D$17) -> 10 – Le Bois Rond | E40: =IF($B40="","",Îlots!$N$17&"") -> Luzerne | H40: =IF($B40="","",Îlots!$E$17) -> 8.25 | I40: =IF(OR($B40="",Îlots!$S$17=""),"",Îlots!$S$17) -> 0 | K40: =IF($B40="","",N(Îlots!$T$17)) -> 0 | L40: =IF(OR($B40="",$I40=""),"",ROUND($K40-$I40,0)) -> 0 | M40: =IF(OR($B40="",N($I40)=0),"",$K40/$I40) | O40: =IF($B40="","",Îlots!$Y$17&"") -> Aucun apport
B41: =IF(Îlots!$D$18="","",Îlots!$D$18) | E41: =IF($B41="","",Îlots!$N$18&"") | H41: =IF($B41="","",Îlots!$E$18) | I41: =IF(OR($B41="",Îlots!$S$18=""),"",Îlots!$S$18) | K41: =IF($B41="","",N(Îlots!$T$18)) | L41: =IF(OR($B41="",$I41=""),"",ROUND($K41-$I41,0)) | M41: =IF(OR($B41="",N($I41)=0),"",$K41/$I41) | O41: =IF($B41="","",Îlots!$Y$18&"")
B42: =IF(Îlots!$D$19="","",Îlots!$D$19) | E42: =IF($B42="","",Îlots!$N$19&"") | H42: =IF($B42="","",Îlots!$E$19) | I42: =IF(OR($B42="",Îlots!$S$19=""),"",Îlots!$S$19) | K42: =IF($B42="","",N(Îlots!$T$19)) | L42: =IF(OR($B42="",$I42=""),"",ROUND($K42-$I42,0)) | M42: =IF(OR($B42="",N($I42)=0),"",$K42/$I42) | O42: =IF($B42="","",Îlots!$Y$19&"")
B43: =IF(Îlots!$D$20="","",Îlots!$D$20) | E43: =IF($B43="","",Îlots!$N$20&"") | H43: =IF($B43="","",Îlots!$E$20) | I43: =IF(OR($B43="",Îlots!$S$20=""),"",Îlots!$S$20) | K43: =IF($B43="","",N(Îlots!$T$20)) | L43: =IF(OR($B43="",$I43=""),"",ROUND($K43-$I43,0)) | M43: =IF(OR($B43="",N($I43)=0),"",$K43/$I43) | O43: =IF($B43="","",Îlots!$Y$20&"")
B44: =IF(Îlots!$D$21="","",Îlots!$D$21) | E44: =IF($B44="","",Îlots!$N$21&"") | H44: =IF($B44="","",Îlots!$E$21) | I44: =IF(OR($B44="",Îlots!$S$21=""),"",Îlots!$S$21) | K44: =IF($B44="","",N(Îlots!$T$21)) | L44: =IF(OR($B44="",$I44=""),"",ROUND($K44-$I44,0)) | M44: =IF(OR($B44="",N($I44)=0),"",$K44/$I44) | O44: =IF($B44="","",Îlots!$Y$21&"")
B45: =IF(Îlots!$D$22="","",Îlots!$D$22) | E45: =IF($B45="","",Îlots!$N$22&"") | H45: =IF($B45="","",Îlots!$E$22) | I45: =IF(OR($B45="",Îlots!$S$22=""),"",Îlots!$S$22) | K45: =IF($B45="","",N(Îlots!$T$22)) | L45: =IF(OR($B45="",$I45=""),"",ROUND($K45-$I45,0)) | M45: =IF(OR($B45="",N($I45)=0),"",$K45/$I45) | O45: =IF($B45="","",Îlots!$Y$22&"")
B46: =IF(Îlots!$D$23="","",Îlots!$D$23) | E46: =IF($B46="","",Îlots!$N$23&"") | H46: =IF($B46="","",Îlots!$E$23) | I46: =IF(OR($B46="",Îlots!$S$23=""),"",Îlots!$S$23) | K46: =IF($B46="","",N(Îlots!$T$23)) | L46: =IF(OR($B46="",$I46=""),"",ROUND($K46-$I46,0)) | M46: =IF(OR($B46="",N($I46)=0),"",$K46/$I46) | O46: =IF($B46="","",Îlots!$Y$23&"")
B47: =IF(Îlots!$D$24="","",Îlots!$D$24) | E47: =IF($B47="","",Îlots!$N$24&"") | H47: =IF($B47="","",Îlots!$E$24) | I47: =IF(OR($B47="",Îlots!$S$24=""),"",Îlots!$S$24) | K47: =IF($B47="","",N(Îlots!$T$24)) | L47: =IF(OR($B47="",$I47=""),"",ROUND($K47-$I47,0)) | M47: =IF(OR($B47="",N($I47)=0),"",$K47/$I47) | O47: =IF($B47="","",Îlots!$Y$24&"")
B48: =IF(Îlots!$D$25="","",Îlots!$D$25) | E48: =IF($B48="","",Îlots!$N$25&"") | H48: =IF($B48="","",Îlots!$E$25) | I48: =IF(OR($B48="",Îlots!$S$25=""),"",Îlots!$S$25) | K48: =IF($B48="","",N(Îlots!$T$25)) | L48: =IF(OR($B48="",$I48=""),"",ROUND($K48-$I48,0)) | M48: =IF(OR($B48="",N($I48)=0),"",$K48/$I48) | O48: =IF($B48="","",Îlots!$Y$25&"")
B49: =IF(Îlots!$D$26="","",Îlots!$D$26) | E49: =IF($B49="","",Îlots!$N$26&"") | H49: =IF($B49="","",Îlots!$E$26) | I49: =IF(OR($B49="",Îlots!$S$26=""),"",Îlots!$S$26) | K49: =IF($B49="","",N(Îlots!$T$26)) | L49: =IF(OR($B49="",$I49=""),"",ROUND($K49-$I49,0)) | M49: =IF(OR($B49="",N($I49)=0),"",$K49/$I49) | O49: =IF($B49="","",Îlots!$Y$26&"")
B50: =IF(Îlots!$D$27="","",Îlots!$D$27) | E50: =IF($B50="","",Îlots!$N$27&"") | H50: =IF($B50="","",Îlots!$E$27) | I50: =IF(OR($B50="",Îlots!$S$27=""),"",Îlots!$S$27) | K50: =IF($B50="","",N(Îlots!$T$27)) | L50: =IF(OR($B50="",$I50=""),"",ROUND($K50-$I50,0)) | M50: =IF(OR($B50="",N($I50)=0),"",$K50/$I50) | O50: =IF($B50="","",Îlots!$Y$27&"")
B51: 20 premiers îlots de l'onglet Îlots · barre de réalisation : N efficace apporté / dose PPF · détail d'un îlot : onglet Fiche îlot.

Sheet Registre
B1: REGISTRE DES ÉPANDAGES | X1: =RaisonSociale -> SCEA du Val de Mérienne
B2: Enregistrement des apports de fertilisants azotés – une ligne par îlot et par apport | X2: ="Campagne "&(AnneeRecolte-1)&"-"&AnneeRecolte&" · récolte "&AnneeRecolte -> Campagne 2026-2027 · récolte 2027
B4: La colonne Contrôle vérifie l'état du sol, le calendrier d'interdiction, la surface, la campagne et le délai de saisie. | L4: Saisie | N4: Calcul automatique
B6: APPORT | G6: FERTILISANT | I6: QUANTITÉS | M6: ÉLÉMENTS APPORTÉS | R6: CONDITIONS ET TRAÇABILITÉ | W6: CONTRÔLE | Z6: COLONNES TECHNIQUES – NE PAS MODIFIER
B7: N° | C7: Date d'épandage | D7: Îlot | E7: Culture ou couvert | F7: Apport réalisé sur | G7: Fertilisant | H7: Type | I7: Surface épandue (ha) | J7: Dose (unité/ha) | K7: Unité | L7: Quantité totale | M7: N total (kg/ha) | N7: N efficace (kg/ha) | O7: P₂O₅ (kg/ha) | P7: K₂O (kg/ha) | Q7: N total apporté (kg) | R7: État du sol | S7: Matériel / mode d'apport | T7: Enfouis- sement (h) | U7: Réalisé par | V7: Date de saisie | W7: Contrôle | X7: Observations (météo, n° de bordereau…) | Z7: Ligne îlot | AA7: Ligne fertil. | AB7: Surface îlot | AC7: Zone vuln. | AD7: Occupation (calendrier) | AE7: Ligne calend. | AF7: Colonne type | AG7: Code jour | AH7: P1 début | AI7: P1 fin | AJ7: P2 début | AK7: P2 fin | AL7: Période interdite | AM7: Effluent d'élevage | AN7: Nature | AO7: N efficace (kg) | AP7: P₂O₅ (kg) | AQ7: K₂O (kg) | AR7: Rang fiche îlot
B8: =IF(C8="","",COUNT($C$8:C8)) -> 1 | C8: 46268 | D8: 08 – Les Terres Fortes | E8: =IF($Z8="","",IF($F8=ApportCouvert,INDEX(Îlots!$I$8:$I$57,$Z8)&"",INDEX(Îlots!$N$8:$N$57,$Z8)&"")) -> CINE (non exporté) | F8: Couvert d'interculture | G8: Fumier de bovins (compact) | H8: =IF($AA8="","",INDEX(Fertilisants!$D$8:$D$47,$AA8)&"") -> Type Ia | I8: 13.1 | J8: 20 | K8: =IF($AA8="","",INDEX(Fertilisants!$E$8:$E$47,$AA8)&"") -> t | L8: =IF(OR($I8="",$J8=""),"",$I8*$J8) -> 262 | M8: =IF(OR($J8="",$AA8=""),"",$J8*N(INDEX(Fertilisants!$G$8:$G$47,$AA8))) -> 116 | N8: =IF(OR($J8="",$AA8=""),"",$J8*N(INDEX(Fertilisants!$I$8:$I$47,$AA8))) -> 11.6 | O8: =IF(OR($J8="",$AA8=""),"",$J8*N(INDEX(Fertilisants!$J$8:$J$47,$AA8))) -> 52 | P8: =IF(OR($J8="",$AA8=""),"",$J8*N(INDEX(Fertilisants!$K$8:$K$47,$AA8))) -> 190 | Q8: =IF(OR($I8="",$M8=""),"",$I8*$M8) -> 1519.6 | R8: Ressuyé | S8: Épandeur à hérissons verticaux | U8: Exploitant | V8: 46270 | W8: =IF($C8="","",IF(OR($D8="",$G8="",$I8="",$J8=""),"Incomplet",IF(OR($R8="Enneigé",$R8="Détrempé",$R8="Inondé",AND($R8="Gelé",$H8<>"Type 0",$H8<>"Type Ia")),"Sol interdit",IF($AL8=1,"Période interdite",IF(AND(ISNUMBER($AB8),$I8>$AB8+0.001),"Surface > îlot",IF(OR($C8<DebutCampagne,$C8>FinCampagne),"Hors campagne",IF(AND(ISNUMBER($V8),$V8-$C8>DelaiSaisie),"Saisie tardive","Conforme"))))))) -> Conforme | X8: Épandage sur couvert levé | Z8: =IF($D8="","",IFERROR(MATCH($D8,Îlots!$D$8:$D$57,0),"")) -> 8 | AA8: =IF($G8="","",IFERROR(MATCH($G8,Fertilisants!$B$8:$B$47,0),"")) -> 1 | AB8: =IF($Z8="","",INDEX(Îlots!$E$8:$E$57,$Z8)) -> 13.1 | AC8: =IF($Z8="","",INDEX(Îlots!$G$8:$G$57,$Z8)&"") -> Oui | AD8: =IF($Z8="","",IF($F8=ApportCouvert,OccCouvert,INDEX(Îlots!$O$8:$O$57,$Z8)&"")) -> Couvert d'interculture (CINE, CIE) | AE8: =IF(OR($AD8="",$AC8="Non",ZoneVulnerable="Non"),"",IFERROR(MATCH($AD8,CalOccupations,0),"")) -> 5 | AF8: =IF($H8="","",IFERROR(MATCH($H8,CalTypes,0),"")) -> 3 | AG8: =IF(ISNUMBER($C8),MONTH($C8)*100+DAY($C8),"") -> 903 | AH8: =IF(OR($AE8="",$AF8=""),0,IF(N(INDEX(CalPrincipal,$AE8,$AF8+0))=0,0,MONTH(INDEX(CalPrincipal,$AE8,$AF8+0))*100+DAY(INDEX(CalPrincipal,$AE8,$AF8+0)))) -> 1115 | AI8: =IF(OR($AE8="",$AF8=""),0,IF(N(INDEX(CalPrincipal,$AE8,$AF8+1))=0,0,MONTH(INDEX(CalPrincipal,$AE8,$AF8+1))*100+DAY(INDEX(CalPrincipal,$AE8,$AF8+1)))) -> 115 | AJ8: =IF(OR($AE8="",$AF8=""),0,IF(N(INDEX(CalComplement,$AE8,$AF8+0))=0,0,MONTH(INDEX(CalComplement,$AE8,$AF8+0))*100+DAY(INDEX(CalComplement,$AE8,$AF8+0)))) -> 0 | AK8: =IF(OR($AE8="",$AF8=""),0,IF(N(INDEX(CalComplement,$AE8,$AF8+1))=0,0,MONTH(INDEX(CalComplement,$AE8,$AF8+1))*100+DAY(INDEX(CalComplement,$AE8,$AF8+1)))) -> 0 | AL8: =IF(OR($AE8="",$AF8="",$AG8=""),0,IF(OR(AND($AH8>0,IF($AH8<=$AI8,AND($AG8>=$AH8,$AG8<=$AI8),OR($AG8>=$AH8,$AG8<=$AI8))),AND($AJ8>0,IF($AJ8<=$AK8,AND($AG8>=$AJ8,$AG8<=$AK8),OR($AG8>=$AJ8,$AG8<=$AK8)))),1,0)) -> 0 | AM8: =IF($AA8="",0,IF(INDEX(Fertilisants!$C$8:$C$47,$AA8)="Effluent d'élevage",1,0)) -> 1 | AN8: =IF($AA8="","",IF(INDEX(Fertilisants!$C$8:$C$47,$AA8)="Engrais minéral","Minéral","Organique")) -> Organique | AO8: =IF(OR($I8="",$N8=""),"",$I8*$N8) -> 151.96 | AP8: =IF(OR($I8="",$O8=""),"",$I8*$O8) -> 681.2 | AQ8: =IF(OR($I8="",$P8=""),"",$I8*$P8) -> 2489 | AR8: =IF(AND($D8<>"",$D8=FicheIlot),COUNTIF($D$8:$D8,FicheIlot),"")
B9: =IF(C9="","",COUNT($C$8:C9)) -> 2 | C9: 46273 | D9: 03 – La Garenne | E9: =IF($Z9="","",IF($F9=ApportCouvert,INDEX(Îlots!$I$8:$I$57,$Z9)&"",INDEX(Îlots!$N$8:$N$57,$Z9)&"")) -> Colza d'hiver | F9: Culture en place | G9: Lisier de bovins | H9: =IF($AA9="","",INDEX(Fertilisants!$D$8:$D$47,$AA9)&"") -> Type II | I9: 9.6 | J9: 25 | K9: =IF($AA9="","",INDEX(Fertilisants!$E$8:$E$47,$AA9)&"") -> m³ | L9: =IF(OR($I9="",$J9=""),"",$I9*$J9) -> 240 | M9: =IF(OR($J9="",$AA9=""),"",$J9*N(INDEX(Fertilisants!$G$8:$G$47,$AA9))) -> 100 | N9: =IF(OR($J9="",$AA9=""),"",$J9*N(INDEX(Fertilisants!$I$8:$I$47,$AA9))) -> 50 | O9: =IF(OR($J9="",$AA9=""),"",$J9*N(INDEX(Fertilisants!$J$8:$J$47,$AA9))) -> 42.5 | P9: =IF(OR($J9="",$AA9=""),"",$J9*N(INDEX(Fertilisants!$K$8:$K$47,$AA9))) -> 115 | Q9: =IF(OR($I9="",$M9=""),"",$I9*$M9) -> 960 | R9: Ressuyé | S9: Tonne – rampe à pendillards | U9: Entreprise de travaux (ETA) | V9: 46274 | W9: =IF($C9="","",IF(OR($D9="",$G9="",$I9="",$J9=""),"Incomplet",IF(OR($R9="Enneigé",$R9="Détrempé",$R9="Inondé",AND($R9="Gelé",$H9<>"Type 0",$H9<>"Type Ia")),"Sol interdit",IF($AL9=1,"Période interdite",IF(AND(ISNUMBER($AB9),$I9>$AB9+0.001),"Surface > îlot",IF(OR($C9<DebutCampagne,$C9>FinCampagne),"Hors campagne",IF(AND(ISNUMBER($V9),$V9-$C9>DelaiSaisie),"Saisie tardive","Conforme"))))))) -> Conforme | Z9: =IF($D9="","",IFERROR(MATCH($D9,Îlots!$D$8:$D$57,0),"")) -> 3 | AA9: =IF($G9="","",IFERROR(MATCH($G9,Fertilisants!$B$8:$B$47,0),"")) -> 2 | AB9: =IF($Z9="","",INDEX(Îlots!$E$8:$E$57,$Z9)) -> 9.6 | AC9: =IF($Z9="","",INDEX(Îlots!$G$8:$G$57,$Z9)&"") -> Oui | AD9: =IF($Z9="","",IF($F9=ApportCouvert,OccCouvert,INDEX(Îlots!$O$8:$O$57,$Z9)&"")) -> Colza d'automne | AE9: =IF(OR($AD9="",$AC9="Non",ZoneVulnerable="Non"),"",IFERROR(MATCH($AD9,CalOccupations,0),"")) -> 2 | AF9: =IF($H9="","",IFERROR(MATCH($H9,CalTypes,0),"")) -> 7 | AG9: =IF(ISNUMBER($C9),MONTH($C9)*100+DAY($C9),"") -> 908 | AH9: =IF(OR($AE9="",$AF9=""),0,IF(N(INDEX(CalPrincipal,$AE9,$AF9+0))=0,0,MONTH(INDEX(CalPrincipal,$AE9,$AF9+0))*100+DAY(INDEX(CalPrincipal,$AE9,$AF9+0)))) -> 1015 | AI9: =IF(OR($AE9="",$AF9=""),0,IF(N(INDEX(CalPrincipal,$AE9,$AF9+1))=0,0,MONTH(INDEX(CalPrincipal,$AE9,$AF9+1))*100+DAY(INDEX(CalPrincipal,$AE9,$AF9+1)))) -> 131 | AJ9: =IF(OR($AE9="",$AF9=""),0,IF(N(INDEX(CalComplement,$AE9,$AF9+0))=0,0,MONTH(INDEX(CalComplement,$AE9,$AF9+0))*100+DAY(INDEX(CalComplement,$AE9,$AF9+0)))) -> 0 | AK9: =IF(OR($AE9="",$AF9=""),0,IF(N(INDEX(CalComplement,$AE9,$AF9+1))=0,0,MONTH(INDEX(CalComplement,$AE9,$AF9+1))*100+DAY(INDEX(CalComplement,$AE9,$AF9+1)))) -> 0 | AL9: =IF(OR($AE9="",$AF9="",$AG9=""),0,IF(OR(AND($AH9>0,IF($AH9<=$AI9,AND($AG9>=$AH9,$AG9<=$AI9),OR($AG9>=$AH9,$AG9<=$AI9))),AND($AJ9>0,IF($AJ9<=$AK9,AND($AG9>=$AJ9,$AG9<=$AK9),OR($AG9>=$AJ9,$AG9<=$AK9)))),1,0)) -> 0 | AM9: =IF($AA9="",0,IF(INDEX(Fertilisants!$C$8:$C$47,$AA9)="Effluent d'élevage",1,0)) -> 1 | AN9: =IF($AA9="","",IF(INDEX(Fertilisants!$C$8:$C$47,$AA9)="Engrais minéral","Minéral","Organique")) -> Organique | AO9: =IF(OR($I9="",$N9=""),"",$I9*$N9) -> 480 | AP9: =IF(OR($I9="",$O9=""),"",$I9*$O9) -> 408 | AQ9: =IF(OR($I9="",$P9=""),"",$I9*$P9) -> 1104 | AR9: =IF(AND($D9<>"",$D9=FicheIlot),COUNTIF($D$8:$D9,FicheIlot),"")
B10: =IF(C10="","",COUNT($C$8:C10)) -> 3 | C10: 46275 | D10: 01 – La Croix Blanche | E10: =IF($Z10="","",IF($F10=ApportCouvert,INDEX(Îlots!$I$8:$I$57,$Z10)&"",INDEX(Îlots!$N$8:$N$57,$Z10)&"")) -> CINE (non exporté) | F10: Couvert d'interculture | G10: Fumier de bovins (compact) | H10: =IF($AA10="","",INDEX(Fertilisants!$D$8:$D$47,$AA10)&"") -> Type Ia | I10: 14.8 | J10: 30 | K10: =IF($AA10="","",INDEX(Fertilisants!$E$8:$E$47,$AA10)&"") -> t | L10: =IF(OR($I10="",$J10=""),"",$I10*$J10) -> 444 | M10: =IF(OR($J10="",$AA10=""),"",$J10*N(INDEX(Fertilisants!$G$8:$G$47,$AA10))) -> 174 | N10: =IF(OR($J10="",$AA10=""),"",$J10*N(INDEX(Fertilisants!$I$8:$I$47,$AA10))) -> 17.4 | O10: =IF(OR($J10="",$AA10=""),"",$J10*N(INDEX(Fertilisants!$J$8:$J$47,$AA10))) -> 78 | P10: =IF(OR($J10="",$AA10=""),"",$J10*N(INDEX(Fertilisants!$K$8:$K$47,$AA10))) -> 285 | Q10: =IF(OR($I10="",$M10=""),"",$I10*$M10) -> 2575.2 | R10: Ressuyé | S10: Épandeur à hérissons verticaux | U10: Exploitant | V10: 46279 | W10: =IF($C10="","",IF(OR($D10="",$G10="",$I10="",$J10=""),"Incomplet",IF(OR($R10="Enneigé",$R10="Détrempé",$R10="Inondé",AND($R10="Gelé",$H10<>"Type 0",$H10<>"Type Ia")),"Sol interdit",IF($AL10=1,"Période interdite",IF(AND(ISNUMBER($AB10),$I10>$AB10+0.001),"Surface > îlot",IF(OR($C10<DebutCampagne,$C10>FinCampagne),"Hors campagne",IF(AND(ISNUMBER($V10),$V10-$C10>DelaiSaisie),"Saisie tardive","Conforme"))))))) -> Conforme | Z10: =IF($D10="","",IFERROR(MATCH($D10,Îlots!$D$8:$D$57,0),"")) -> 1 | AA10: =IF($G10="","",IFERROR(MATCH($G10,Fertilisants!$B$8:$B$47,0),"")) -> 1 | AB10: =IF($Z10="","",INDEX(Îlots!$E$8:$E$57,$Z10)) -> 14.8 | AC10: =IF($Z10="","",INDEX(Îlots!$G$8:$G$57,$Z10)&"") -> Oui | AD10: =IF($Z10="","",IF($F10=ApportCouvert,OccCouvert,INDEX(Îlots!$O$8:$O$57,$Z10)&"")) -> Couvert d'interculture (CINE, CIE) | AE10: =IF(OR($AD10="",$AC10="Non",ZoneVulnerable="Non"),"",IFERROR(MATCH($AD10,CalOccupations,0),"")) -> 5 | AF10: =IF($H10="","",IFERROR(MATCH($H10,CalTypes,0),"")) -> 3 | AG10: =IF(ISNUMBER($C10),MONTH($C10)*100+DAY($C10),"") -> 910 | AH10: =IF(OR($AE10="",$AF10=""),0,IF(N(INDEX(CalPrincipal,$AE10,$AF10+0))=0,0,MONTH(INDEX(CalPrincipal,$AE10,$AF10+0))*100+DAY(INDEX(CalPrincipal,$AE10,$AF10+0)))) -> 1115 | AI10: =IF(OR($AE10="",$AF10=""),0,IF(N(INDEX(CalPrincipal,$AE10,$AF10+1))=0,0,MONTH(INDEX(CalPrincipal,$AE10,$AF10+1))*100+DAY(INDEX(CalPrincipal,$AE10,$AF10+1)))) -> 115 | AJ10: =IF(OR($AE10="",$AF10=""),0,IF(N(INDEX(CalComplement,$AE10,$AF10+0))=0,0,MONTH(INDEX(CalComplement,$AE10,$AF10+0))*100+DAY(INDEX(CalComplement,$AE10,$AF10+0)))) -> 0 | AK10: =IF(OR($AE10="",$AF10=""),0,IF(N(INDEX(CalComplement,$AE10,$AF10+1))=0,0,MONTH(INDEX(CalComplement,$AE10,$AF10+1))*100+DAY(INDEX(CalComplement,$AE10,$AF10+1)))) -> 0 | AL10: =IF(OR($AE10="",$AF10="",$AG10=""),0,IF(OR(AND($AH10>0,IF($AH10<=$AI10,AND($AG10>=$AH10,$AG10<=$AI10),OR($AG10>=$AH10,$AG10<=$AI10))),AND($AJ10>0,IF($AJ10<=$AK10,AND($AG10>=$AJ10,$AG10<=$AK10),OR($AG10>=$AJ10,$AG10<=$AK10)))),1,0)) -> 0 | AM10: =IF($AA10="",0,IF(INDEX(Fertilisants!$C$8:$C$47,$AA10)="Effluent d'élevage",1,0)) -> 1 | AN10: =IF($AA10="","",IF(INDEX(Fertilisants!$C$8:$C$47,$AA10)="Engrais minéral","Minéral","Organique")) -> Organique | AO10: =IF(OR($I10="",$N10=""),"",$I10*$N10) -> 257.52 | AP10: =IF(OR($I10="",$O10=""),"",$I10*$O10) -> 1154.4 | AQ10: =IF(OR($I10="",$P10=""),"",$I10*$P10) -> 4218 | AR10: =IF(AND($D10<>"",$D10=FicheIlot),COUNTIF($D$8:$D10,FicheIlot),"")
B11: =IF(C11="","",COUNT($C$8:C11)) -> 4 | C11: 46280 | D11: 06 – Pré Long | E11: =IF($Z11="","",IF($F11=ApportCouvert,INDEX(Îlots!$I$8:$I$57,$Z11)&"",INDEX(Îlots!$N$8:$N$57,$Z11)&"")) -> Prairie permanente | F11: Culture en place | G11: Lisier de bovins | H11: =IF($AA11="","",INDEX(Fertilisants!$D$8:$D$47,$AA11)&"") -> Type II | I11: 8.9 | J11: 20 | K11: =IF($AA11="","",INDEX(Fertilisants!$E$8:$E$47,$AA11)&"") -> m³ | L11: =IF(OR($I11="",$J11=""),"",$I11*$J11) -> 178 | M11: =IF(OR($J11="",$AA11=""),"",$J11*N(INDEX(Fertilisants!$G$8:$G$47,$AA11))) -> 80 | N11: =IF(OR($J11="",$AA11=""),"",$J11*N(INDEX(Fertilisants!$I$8:$I$47,$AA11))) -> 40 | O11: =IF(OR($J11="",$AA11=""),"",$J11*N(INDEX(Fertilisants!$J$8:$J$47,$AA11))) -> 34 | P11: =IF(OR($J11="",$AA11=""),"",$J11*N(INDEX(Fertilisants!$K$8:$K$47,$AA11))) -> 92 | Q11: =IF(OR($I11="",$M11=""),"",$I11*$M11) -> 712 | R11: Ressuyé | S11: Tonne – rampe à pendillards | U11: Exploitant | V11: 46280 | W11: =IF($C11="","",IF(OR($D11="",$G11="",$I11="",$J11=""),"Incomplet",IF(OR($R11="Enneigé",$R11="Détrempé",$R11="Inondé",AND($R11="Gelé",$H11<>"Type 0",$H11<>"Type Ia")),"Sol interdit",IF($AL11=1,"Période interdite",IF(AND(ISNUMBER($AB11),$I11>$AB11+0.001),"Surface > îlot",IF(OR($C11<DebutCampagne,$C11>FinCampagne),"Hors campagne",IF(AND(ISNUMBER($V11),$V11-$C11>DelaiSaisie),"Saisie tardive","Conforme"))))))) -> Conforme | Z11: =IF($D11="","",IFERROR(MATCH($D11,Îlots!$D$8:$D$57,0),"")) -> 6 | AA11: =IF($G11="","",IFERROR(MATCH($G11,Fertilisants!$B$8:$B$47,0),"")) -> 2 | AB11: =IF($Z11="","",INDEX(Îlots!$E$8:$E$57,$Z11)) -> 8.9 | AC11: =IF($Z11="","",INDEX(Îlots!$G$8:$G$57,$Z11)&"") -> Oui | AD11: =IF($Z11="","",IF($F11=ApportCouvert,OccCouvert,INDEX(Îlots!$O$8:$O$57,$Z11)&"")) -> Prairie > 6 mois et luzerne | AE11: =IF(OR($AD11="",$AC11="Non",ZoneVulnerable="Non"),"",IFERROR(MATCH($AD11,CalOccupations,0),"")) -> 4 | AF11: =IF($H11="","",IFERROR(MATCH($H11,CalTypes,0),"")) -> 7 | AG11: =IF(ISNUMBER($C11),MONTH($C11)*100+DAY($C11),"") -> 915 | AH11: =IF(OR($AE11="",$AF11=""),0,IF(N(INDEX(CalPrincipal,$AE11,$AF11+0))=0,0,MONTH(INDEX(CalPrincipal,$AE11,$AF11+0))*100+DAY(INDEX(CalPrincipal,$AE11,$AF11+0)))) -> 1115 | AI11: =IF(OR($AE11="",$AF11=""),0,IF(N(INDEX(CalPrincipal,$AE11,$AF11+1))=0,0,MONTH(INDEX(CalPrincipal,$AE11,$AF11+1))*100+DAY(INDEX(CalPrincipal,$AE11,$AF11+1)))) -> 115 | AJ11: =IF(OR($AE11="",$AF11=""),0,IF(N(INDEX(CalComplement,$AE11,$AF11+0))=0,0,MONTH(INDEX(CalComplement,$AE11,$AF11+0))*100+DAY(INDEX(CalComplement,$AE11,$AF11+0)))) -> 0 | AK11: =IF(OR($AE11="",$AF11=""),0,IF(N(INDEX(CalComplement,$AE11,$AF11+1))=0,0,MONTH(INDEX(CalComplement,$AE11,$AF11+1))*100+DAY(INDEX(CalComplement,$AE11,$AF11+1)))) -> 0 | AL11: =IF(OR($AE11="",$AF11="",$AG11=""),0,IF(OR(AND($AH11>0,IF($AH11<=$AI11,AND($AG11>=$AH11,$AG11<=$AI11),OR($AG11>=$AH11,$AG11<=$AI11))),AND($AJ11>0,IF($AJ11<=$AK11,AND($AG11>=$AJ11,$AG11<=$AK11),OR($AG11>=$AJ11,$AG11<=$AK11)))),1,0)) -> 0 | AM11: =IF($AA11="",0,IF(INDEX(Fertilisants!$C$8:$C$47,$AA11)="Effluent d'élevage",1,0)) -> 1 | AN11: =IF($AA11="","",IF(INDEX(Fertilisants!$C$8:$C$47,$AA11)="Engrais minéral","Minéral","Organique")) -> Organique | AO11: =IF(OR($I11="",$N11=""),"",$I11*$N11) -> 356 | AP11: =IF(OR($I11="",$O11=""),"",$I11*$O11) -> 302.6 | AQ11: =IF(OR($I11="",$P11=""),"",$I11*$P11) -> 818.8 | AR11: =IF(AND($D11<>"",$D11=FicheIlot),COUNTIF($D$8:$D11,FicheIlot),"")
B12: =IF(C12="","",COUNT($C$8:C12)) -> 5 | C12: 46287 | D12: 02 – Les Noues | E12: =IF($Z12="","",IF($F12=ApportCouvert,INDEX(Îlots!$I$8:$I$57,$Z12)&"",INDEX(Îlots!$N$8:$N$57,$Z12)&"")) -> Blé tendre d'hiver | F12: Sol nu avant semis | G12: Fumier de bovins (compact) | H12: =IF($AA12="","",INDEX(Fertilisants!$D$8:$D$47,$AA12)&"") -> Type Ia | I12: 11.35 | J12: 25 | K12: =IF($AA12="","",INDEX(Fertilisants!$E$8:$E$47,$AA12)&"") -> t | L12: =IF(OR($I12="",$J12=""),"",$I12*$J12) -> 283.75 | M12: =IF(OR($J12="",$AA12=""),"",$J12*N(INDEX(Fertilisants!$G$8:$G$47,$AA12))) -> 145 | N12: =IF(OR($J12="",$AA12=""),"",$J12*N(INDEX(Fertilisants!$I$8:$I$47,$AA12))) -> 14.5 | O12: =IF(OR($J12="",$AA12=""),"",$J12*N(INDEX(Fertilisants!$J$8:$J$47,$AA12))) -> 65 | P12: =IF(OR($J12="",$AA12=""),"",$J12*N(INDEX(Fertilisants!$K$8:$K$47,$AA12))) -> 237.5 | Q12: =IF(OR($I12="",$M12=""),"",$I12*$M12) -> 1645.75 | R12: Ressuyé | S12: Épandeur à table | T12: 12 | U12: Exploitant | V12: 46289 | W12: =IF($C12="","",IF(OR($D12="",$G12="",$I12="",$J12=""),"Incomplet",IF(OR($R12="Enneigé",$R12="Détrempé",$R12="Inondé",AND($R12="Gelé",$H12<>"Type 0",$H12<>"Type Ia")),"Sol interdit",IF($AL12=1,"Période interdite",IF(AND(ISNUMBER($AB12),$I12>$AB12+0.001),"Surface > îlot",IF(OR($C12<DebutCampagne,$C12>FinCampagne),"Hors campagne",IF(AND(ISNUMBER($V12),$V12-$C12>DelaiSaisie),"Saisie tardive","Conforme"))))))) -> Conforme | X12: Enfoui par labour | Z12: =IF($D12="","",IFERROR(MATCH($D12,Îlots!$D$8:$D$57,0),"")) -> 2 | AA12: =IF($G12="","",IFERROR(MATCH($G12,Fertilisants!$B$8:$B$47,0),"")) -> 1 | AB12: =IF($Z12="","",INDEX(Îlots!$E$8:$E$57,$Z12)) -> 11.35 | AC12: =IF($Z12="","",INDEX(Îlots!$G$8:$G$57,$Z12)&"") -> Oui | AD12: =IF($Z12="","",IF($F12=ApportCouvert,OccCouvert,INDEX(Îlots!$O$8:$O$57,$Z12)&"")) -> Culture d'automne (hors colza) | AE12: =IF(OR($AD12="",$AC12="Non",ZoneVulnerable="Non"),"",IFERROR(MATCH($AD12,CalOccupations,0),"")) -> 1 | AF12: =IF($H12="","",IFERROR(MATCH($H12,CalTypes,0),"")) -> 3 | AG12: =IF(ISNUMBER($C12),MONTH($C12)*100+DAY($C12),"") -> 922 | AH12: =IF(OR($AE12="",$AF12=""),0,IF(N(INDEX(CalPrincipal,$AE12,$AF12+0))=0,0,MONTH(INDEX(CalPrincipal,$AE12,$AF12+0))*100+DAY(INDEX(CalPrincipal,$AE12,$AF12+0)))) -> 1115 | AI12: =IF(OR($AE12="",$AF12=""),0,IF(N(INDEX(CalPrincipal,$AE12,$AF12+1))=0,0,MONTH(INDEX(CalPrincipal,$AE12,$AF12+1))*100+DAY(INDEX(CalPrincipal,$AE12,$AF12+1)))) -> 115 | AJ12: =IF(OR($AE12="",$AF12=""),0,IF(N(INDEX(CalComplement,$AE12,$AF12+0))=0,0,MONTH(INDEX(CalComplement,$AE12,$AF12+0))*100+DAY(INDEX(CalComplement,$AE12,$AF12+0)))) -> 0 | AK12: =IF(OR($AE12="",$AF12=""),0,IF(N(INDEX(CalComplement,$AE12,$AF12+1))=0,0,MONTH(INDEX(CalComplement,$AE12,$AF12+1))*100+DAY(INDEX(CalComplement,$AE12,$AF12+1)))) -> 0 | AL12: =IF(OR($AE12="",$AF12="",$AG12=""),0,IF(OR(AND($AH12>0,IF($AH12<=$AI12,AND($AG12>=$AH12,$AG12<=$AI12),OR($AG12>=$AH12,$AG12<=$AI12))),AND($AJ12>0,IF($AJ12<=$AK12,AND($AG12>=$AJ12,$AG12<=$AK12),OR($AG12>=$AJ12,$AG12<=$AK12)))),1,0)) -> 0 | AM12: =IF($AA12="",0,IF(INDEX(Fertilisants!$C$8:$C$47,$AA12)="Effluent d'élevage",1,0)) -> 1 | AN12: =IF($AA12="","",IF(INDEX(Fertilisants!$C$8:$C$47,$AA12)="Engrais minéral","Minéral","Organique")) -> Organique | AO12: =IF(OR($I12="",$N12=""),"",$I12*$N12) -> 164.575 | AP12: =IF(OR($I12="",$O12=""),"",$I12*$O12) -> 737.75 | AQ12: =IF(OR($I12="",$P12=""),"",$I12*$P12) -> 2695.625 | AR12: =IF(AND($D12<>"",$D12=FicheIlot),COUNTIF($D$8:$D12,FicheIlot),"")
B13: =IF(C13="","",COUNT($C$8:C13)) -> 6 | C13: 46300 | D13: 07 – La Fosse aux Loups | E13: =IF($Z13="","",IF($F13=ApportCouvert,INDEX(Îlots!$I$8:$I$57,$Z13)&"",INDEX(Îlots!$N$8:$N$57,$Z13)&"")) -> Prairie temporaire | F13: Culture en place | G13: Compost de fumier | H13: =IF($AA13="","",INDEX(Fertilisants!$D$8:$D$47,$AA13)&"") -> Type Ia | I13: 7.45 | J13: 15 | K13: =IF($AA13="","",INDEX(Fertilisants!$E$8:$E$47,$AA13)&"") -> t | L13: =IF(OR($I13="",$J13=""),"",$I13*$J13) -> 111.75 | M13: =IF(OR($J13="",$AA13=""),"",$J13*N(INDEX(Fertilisants!$G$8:$G$47,$AA13))) -> 108 | N13: =IF(OR($J13="",$AA13=""),"",$J13*N(INDEX(Fertilisants!$I$8:$I$47,$AA13))) -> 8.64 | O13: =IF(OR($J13="",$AA13=""),"",$J13*N(INDEX(Fertilisants!$J$8:$J$47,$AA13))) -> 67.5 | P13: =IF(OR($J13="",$AA13=""),"",$J13*N(INDEX(Fertilisants!$K$8:$K$47,$AA13))) -> 165 | Q13: =IF(OR($I13="",$M13=""),"",$I13*$M13) -> 804.6 | R13: Ressuyé | S13: Épandeur à table | U13: CUMA | V13: 46302 | W13: =IF($C13="","",IF(OR($D13="",$G13="",$I13="",$J13=""),"Incomplet",IF(OR($R13="Enneigé",$R13="Détrempé",$R13="Inondé",AND($R13="Gelé",$H13<>"Type 0",$H13<>"Type Ia")),"Sol interdit",IF($AL13=1,"Période interdite",IF(AND(ISNUMBER($AB13),$I13>$AB13+0.001),"Surface > îlot",IF(OR($C13<DebutCampagne,$C13>FinCampagne),"Hors campagne",IF(AND(ISNUMBER($V13),$V13-$C13>DelaiSaisie),"Saisie tardive","Conforme"))))))) -> Conforme | X13: Îlot hors zone vulnérable | Z13: =IF($D13="","",IFERROR(MATCH($D13,Îlots!$D$8:$D$57,0),"")) -> 7 | AA13: =IF($G13="","",IFERROR(MATCH($G13,Fertilisants!$B$8:$B$47,0),"")) -> 4 | AB13: =IF($Z13="","",INDEX(Îlots!$E$8:$E$57,$Z13)) -> 7.45 | AC13: =IF($Z13="","",INDEX(Îlots!$G$8:$G$57,$Z13)&"") -> Non | AD13: =IF($Z13="","",IF($F13=ApportCouvert,OccCouvert,INDEX(Îlots!$O$8:$O$57,$Z13)&"")) -> Prairie > 6 mois et luzerne | AE13: =IF(OR($AD13="",$AC13="Non",ZoneVulnerable="Non"),"",IFERROR(MATCH($AD13,CalOccupations,0),"")) | AF13: =IF($H13="","",IFERROR(MATCH($H13,CalTypes,0),"")) -> 3 | AG13: =IF(ISNUMBER($C13),MONTH($C13)*100+DAY($C13),"") -> 1005 | AH13: =IF(OR($AE13="",$AF13=""),0,IF(N(INDEX(CalPrincipal,$AE13,$AF13+0))=0,0,MONTH(INDEX(CalPrincipal,$AE13,$AF13+0))*100+DAY(INDEX(CalPrincipal,$AE13,$AF13+0)))) -> 0 | AI13: =IF(OR($AE13="",$AF13=""),0,IF(N(INDEX(CalPrincipal,$AE13,$AF13+1))=0,0,MONTH(INDEX(CalPrincipal,$AE13,$AF13+1))*100+DAY(INDEX(CalPrincipal,$AE13,$AF13+1)))) -> 0 | AJ13: =IF(OR($AE13="",$AF13=""),0,IF(N(INDEX(CalComplement,$AE13,$AF13+0))=0,0,MONTH(INDEX(CalComplement,$AE13,$AF13+0))*100+DAY(INDEX(CalComplement,$AE13,$AF13+0)))) -> 0 | AK13: =IF(OR($AE13="",$AF13=""),0,IF(N(INDEX(CalComplement,$AE13,$AF13+1))=0,0,MONTH(INDEX(CalComplement,$AE13,$AF13+1))*100+DAY(INDEX(CalComplement,$AE13,$AF13+1)))) -> 0 | AL13: =IF(OR($AE13="",$AF13="",$AG13=""),0,IF(OR(AND($AH13>0,IF($AH13<=$AI13,AND($AG13>=$AH13,$AG13<=$AI13),OR($AG13>=$AH13,$AG13<=$AI13))),AND($AJ13>0,IF($AJ13<=$AK13,AND($AG13>=$AJ13,$AG13<=$AK13),OR($AG13>=$AJ13,$AG13<=$AK13)))),1,0)) -> 0 | AM13: =IF($AA13="",0,IF(INDEX(Fertilisants!$C$8:$C$47,$AA13)="Effluent d'élevage",1,0)) -> 1 | AN13: =IF($AA13="","",IF(INDEX(Fertilisants!$C$8:$C$47,$AA13)="Engrais minéral","Minéral","Organique")) -> Organique | AO13: =IF(OR($I13="",$N13=""),"",$I13*$N13) -> 64.368 | AP13: =IF(OR($I13="",$O13=""),"",$I13*$O13) -> 502.875 | AQ13: =IF(OR($I13="",$P13=""),"",$I13*$P13) -> 1229.25 | AR13: =IF(AND($D13<>"",$D13=FicheIlot),COUNTIF($D$8:$D13,FicheIlot),"")
B14: =IF(C14="","",COUNT($C$8:C14)) -> 7 | C14: 46350 | D14: 04 – Le Paradis | E14: =IF($Z14="","",IF($F14=ApportCouvert,INDEX(Îlots!$I$8:$I$57,$Z14)&"",INDEX(Îlots!$N$8:$N$57,$Z14)&"")) -> CIE (dérobée exportée) | F14: Couvert d'interculture | G14: Lisier de bovins | H14: =IF($AA14="","",INDEX(Fertilisants!$D$8:$D$47,$AA14)&"") -> Type II | I14: 16.2 | J14: 30 | K14: =IF($AA14="","",INDEX(Fertilisants!$E$8:$E$47,$AA14)&"") -> m³ | L14: =IF(OR($I14="",$J14=""),"",$I14*$J14) -> 486 | M14: =IF(OR($J14="",$AA14=""),"",$J14*N(INDEX(Fertilisants!$G$8:$G$47,$AA14))) -> 120 | N14: =IF(OR($J14="",$AA14=""),"",$J14*N(INDEX(Fertilisants!$I$8:$I$47,$AA14))) -> 60 | O14: =IF(OR($J14="",$AA14=""),"",$J14*N(INDEX(Fertilisants!$J$8:$J$47,$AA14))) -> 51 | P14: =IF(OR($J14="",$AA14=""),"",$J14*N(INDEX(Fertilisants!$K$8:$K$47,$AA14))) -> 138 | Q14: =IF(OR($I14="",$M14=""),"",$I14*$M14) -> 1944 | R14: Humide | S14: Tonne – buse palette | U14: Exploitant | V14: 46352 | W14: =IF($C14="","",IF(OR($D14="",$G14="",$I14="",$J14=""),"Incomplet",IF(OR($R14="Enneigé",$R14="Détrempé",$R14="Inondé",AND($R14="Gelé",$H14<>"Type 0",$H14<>"Type Ia")),"Sol interdit",IF($AL14=1,"Période interdite",IF(AND(ISNUMBER($AB14),$I14>$AB14+0.001),"Surface > îlot",IF(OR($C14<DebutCampagne,$C14>FinCampagne),"Hors campagne",IF(AND(ISNUMBER($V14),$V14-$C14>DelaiSaisie),"Saisie tardive","Conforme"))))))) -> Période interdite | X14: Fosse à saturation – situation à régulariser | Z14: =IF($D14="","",IFERROR(MATCH($D14,Îlots!$D$8:$D$57,0),"")) -> 4 | AA14: =IF($G14="","",IFERROR(MATCH($G14,Fertilisants!$B$8:$B$47,0),"")) -> 2 | AB14: =IF($Z14="","",INDEX(Îlots!$E$8:$E$57,$Z14)) -> 16.2 | AC14: =IF($Z14="","",INDEX(Îlots!$G$8:$G$57,$Z14)&"") -> Oui | AD14: =IF($Z14="","",IF($F14=ApportCouvert,OccCouvert,INDEX(Îlots!$O$8:$O$57,$Z14)&"")) -> Couvert d'interculture (CINE, CIE) | AE14: =IF(OR($AD14="",$AC14="Non",ZoneVulnerable="Non"),"",IFERROR(MATCH($AD14,CalOccupations,0),"")) -> 5 | AF14: =IF($H14="","",IFERROR(MATCH($H14,CalTypes,0),"")) -> 7 | AG14: =IF(ISNUMBER($C14),MONTH($C14)*100+DAY($C14),"") -> 1124 | AH14: =IF(OR($AE14="",$AF14=""),0,IF(N(INDEX(CalPrincipal,$AE14,$AF14+0))=0,0,MONTH(INDEX(CalPrincipal,$AE14,$AF14+0))*100+DAY(INDEX(CalPrincipal,$AE14,$AF14+0)))) -> 1015 | AI14: =IF(OR($AE14="",$AF14=""),0,IF(N(INDEX(CalPrincipal,$AE14,$AF14+1))=0,0,MONTH(INDEX(CalPrincipal,$AE14,$AF14+1))*100+DAY(INDEX(CalPrincipal,$AE14,$AF14+1)))) -> 131 | AJ14: =IF(OR($AE14="",$AF14=""),0,IF(N(INDEX(CalComplement,$AE14,$AF14+0))=0,0,MONTH(INDEX(CalComplement,$AE14,$AF14+0))*100+DAY(INDEX(CalComplement,$AE14,$AF14+0)))) -> 0 | AK14: =IF(OR($AE14="",$AF14=""),0,IF(N(INDEX(CalComplement,$AE14,$AF14+1))=0,0,MONTH(INDEX(CalComplement,$AE14,$AF14+1))*100+DAY(INDEX(CalComplement,$AE14,$AF14+1)))) -> 0 | AL14: =IF(OR($AE14="",$AF14="",$AG14=""),0,IF(OR(AND($AH14>0,IF($AH14<=$AI14,AND($AG14>=$AH14,$AG14<=$AI14),OR($AG14>=$AH14,$AG14<=$AI14))),AND($AJ14>0,IF($AJ14<=$AK14,AND($AG14>=$AJ14,$AG14<=$AK14),OR($AG14>=$AJ14,$AG14<=$AK14)))),1,0)) -> 1 | AM14: =IF($AA14="",0,IF(INDEX(Fertilisants!$C$8:$C$47,$AA14)="Effluent d'élevage",1,0)) -> 1 | AN14: =IF($AA14="","",IF(INDEX(Fertilisants!$C$8:$C$47,$AA14)="Engrais minéral","Minéral","Organique")) -> Organique | AO14: =IF(OR($I14="",$N14=""),"",$I14*$N14) -> 972 | AP14: =IF(OR($I14="",$O14=""),"",$I14*$O14) -> 826.2 | AQ14: =IF(OR($I14="",$P14=""),"",$I14*$P14) -> 2235.6 | AR14: =IF(AND($D14<>"",$D14=FicheIlot),COUNTIF($D$8:$D14,FicheIlot),"") -> 1
B15: =IF(C15="","",COUNT($C$8:C15)) -> 8 | C15: 46426 | D15: 03 – La Garenne | E15: =IF($Z15="","",IF($F15=ApportCouvert,INDEX(Îlots!$I$8:$I$57,$Z15)&"",INDEX(Îlots!$N$8:$N$57,$Z15)&"")) -> Colza d'hiver | F15: Culture en place | G15: Sulfate d'ammoniaque 21 % | H15: =IF($AA15="","",INDEX(Fertilisants!$D$8:$D$47,$AA15)&"") -> Type III | I15: 9.6 | J15: 200 | K15: =IF($AA15="","",INDEX(Fertilisants!$E$8:$E$47,$AA15)&"") -> kg | L15: =IF(OR($I15="",$J15=""),"",$I15*$J15) -> 1920 | M15: =IF(OR($J15="",$AA15=""),"",$J15*N(INDEX(Fertilisants!$G$8:$G$47,$AA15))) -> 42 | N15: =IF(OR($J15="",$AA15=""),"",$J15*N(INDEX(Fertilisants!$I$8:$I$47,$AA15))) -> 42 | O15: =IF(OR($J15="",$AA15=""),"",$J15*N(INDEX(Fertilisants!$J$8:$J$47,$AA15))) -> 0 | P15: =IF(OR($J15="",$AA15=""),"",$J15*N(INDEX(Fertilisants!$K$8:$K$47,$AA15))) -> 0 | Q15: =IF(OR($I15="",$M15=""),"",$I15*$M15) -> 403.2 | R15: Ressuyé | S15: Distributeur centrifuge | U15: Exploitant | V15: 46426 | W15: =IF($C15="","",IF(OR($D15="",$G15="",$I15="",$J15=""),"Incomplet",IF(OR($R15="Enneigé",$R15="Détrempé",$R15="Inondé",AND($R15="Gelé",$H15<>"Type 0",$H15<>"Type Ia")),"Sol interdit",IF($AL15=1,"Période interdite",IF(AND(ISNUMBER($AB15),$I15>$AB15+0.001),"Surface > îlot",IF(OR($C15<DebutCampagne,$C15>FinCampagne),"Hors campagne",IF(AND(ISNUMBER($V15),$V15-$C15>DelaiSaisie),"Saisie tardive","Conforme"))))))) -> Conforme | X15: Reprise de végétation | Z15: =IF($D15="","",IFERROR(MATCH($D15,Îlots!$D$8:$D$57,0),"")) -> 3 | AA15: =IF($G15="","",IFERROR(MATCH($G15,Fertilisants!$B$8:$B$47,0),"")) -> 9 | AB15: =IF($Z15="","",INDEX(Îlots!$E$8:$E$57,$Z15)) -> 9.6 | AC15: =IF($Z15="","",INDEX(Îlots!$G$8:$G$57,$Z15)&"") -> Oui | AD15: =IF($Z15="","",IF($F15=ApportCouvert,OccCouvert,INDEX(Îlots!$O$8:$O$57,$Z15)&"")) -> Colza d'automne | AE15: =IF(OR($AD15="",$AC15="Non",ZoneVulnerable="Non"),"",IFERROR(MATCH($AD15,CalOccupations,0),"")) -> 2 | AF15: =IF($H15="","",IFERROR(MATCH($H15,CalTypes,0),"")) -> 9 | AG15: =IF(ISNUMBER($C15),MONTH($C15)*100+DAY($C15),"") -> 208 | AH15: =IF(OR($AE15="",$AF15=""),0,IF(N(INDEX(CalPrincipal,$AE15,$AF15+0))=0,0,MONTH(INDEX(CalPrincipal,$AE15,$AF15+0))*100+DAY(INDEX(CalPrincipal,$AE15,$AF15+0)))) -> 901 | AI15: =IF(OR($AE15="",$AF15=""),0,IF(N(INDEX(CalPrincipal,$AE15,$AF15+1))=0,0,MONTH(INDEX(CalPrincipal,$AE15,$AF15+1))*100+DAY(INDEX(CalPrincipal,$AE15,$AF15+1)))) -> 131 | AJ15: =IF(OR($AE15="",$AF15=""),0,IF(N(INDEX(CalComplement,$AE15,$AF15+0))=0,0,MONTH(INDEX(CalComplement,$AE15,$AF15+0))*100+DAY(INDEX(CalComplement,$AE15,$AF15+0)))) -> 0 | AK15: =IF(OR($AE15="",$AF15=""),0,IF(N(INDEX(CalComplement,$AE15,$AF15+1))=0,0,MONTH(INDEX(CalComplement,$AE15,$AF15+1))*100+DAY(INDEX(CalComplement,$AE15,$AF15+1)))) -> 0 | AL15: =IF(OR($AE15="",$AF15="",$AG15=""),0,IF(OR(AND($AH15>0,IF($AH15<=$AI15,AND($AG15>=$AH15,$AG15<=$AI15),OR($AG15>=$AH15,$AG15<=$AI15))),AND($AJ15>0,IF($AJ15<=$AK15,AND($AG15>=$AJ15,$AG15<=$AK15),OR($AG15>=$AJ15,$AG15<=$AK15)))),1,0)) -> 0 | AM15: =IF($AA15="",0,IF(INDEX(Fertilisants!$C$8:$C$47,$AA15)="Effluent d'élevage",1,0)) -> 0 | AN15: =IF($AA15="","",IF(INDEX(Fertilisants!$C$8:$C$47,$AA15)="Engrais minéral","Minéral","Organique")) -> Minéral | AO15: =IF(OR($I15="",$N15=""),"",$I15*$N15) -> 403.2 | AP15: =IF(OR($I15="",$O15=""),"",$I15*$O15) -> 0 | AQ15: =IF(OR($I15="",$P15=""),"",$I15*$P15) -> 0 | AR15: =IF(AND($D15<>"",$D15=FicheIlot),COUNTIF($D$8:$D15,FicheIlot),"")
B16: =IF(C16="","",COUNT($C$8:C16)) -> 9 | C16: 46430 | D16: 02 – Les Noues | E16: =IF($Z16="","",IF($F16=ApportCouvert,INDEX(Îlots!$I$8:$I$57,$Z16)&"",INDEX(Îlots!$N$8:$N$57,$Z16)&"")) -> Blé tendre d'hiver | F16: Culture en place | G16: Ammonitrate 33,5 % | H16: =IF($AA16="","",INDEX(Fertilisants!$D$8:$D$47,$AA16)&"") -> Type III | I16: 11.35 | J16: 150 | K16: =IF($AA16="","",INDEX(Fertilisants!$E$8:$E$47,$AA16)&"") -> kg | L16: =IF(OR($I16="",$J16=""),"",$I16*$J16) -> 1702.5 | M16: =IF(OR($J16="",$AA16=""),"",$J16*N(INDEX(Fertilisants!$G$8:$G$47,$AA16))) -> 50.25 | N16: =IF(OR($J16="",$AA16=""),"",$J16*N(INDEX(Fertilisants!$I$8:$I$47,$AA16))) -> 50.25 | O16: =IF(OR($J16="",$AA16=""),"",$J16*N(INDEX(Fertilisants!$J$8:$J$47,$AA16))) -> 0 | P16: =IF(OR($J16="",$AA16=""),"",$J16*N(INDEX(Fertilisants!$K$8:$K$47,$AA16))) -> 0 | Q16: =IF(OR($I16="",$M16=""),"",$I16*$M16) -> 570.3375 | R16: Ressuyé | S16: Distributeur centrifuge | U16: Exploitant | V16: 46431 | W16: =IF($C16="","",IF(OR($D16="",$G16="",$I16="",$J16=""),"Incomplet",IF(OR($R16="Enneigé",$R16="Détrempé",$R16="Inondé",AND($R16="Gelé",$H16<>"Type 0",$H16<>"Type Ia")),"Sol interdit",IF($AL16=1,"Période interdite",IF(AND(ISNUMBER($AB16),$I16>$AB16+0.001),"Surface > îlot",IF(OR($C16<DebutCampagne,$C16>FinCampagne),"Hors campagne",IF(AND(ISNUMBER($V16),$V16-$C16>DelaiSaisie),"Saisie tardive","Conforme"))))))) -> Conforme | X16: 1er apport – tallage | Z16: =IF($D16="","",IFERROR(MATCH($D16,Îlots!$D$8:$D$57,0),"")) -> 2 | AA16: =IF($G16="","",IFERROR(MATCH($G16,Fertilisants!$B$8:$B$47,0),"")) -> 6 | AB16: =IF($Z16="","",INDEX(Îlots!$E$8:$E$57,$Z16)) -> 11.35 | AC16: =IF($Z16="","",INDEX(Îlots!$G$8:$G$57,$Z16)&"") -> Oui | AD16: =IF($Z16="","",IF($F16=ApportCouvert,OccCouvert,INDEX(Îlots!$O$8:$O$57,$Z16)&"")) -> Culture d'automne (hors colza) | AE16: =IF(OR($AD16="",$AC16="Non",ZoneVulnerable="Non"),"",IFERROR(MATCH($AD16,CalOccupations,0),"")) -> 1 | AF16: =IF($H16="","",IFERROR(MATCH($H16,CalTypes,0),"")) -> 9 | AG16: =IF(ISNUMBER($C16),MONTH($C16)*100+DAY($C16),"") -> 212 | AH16: =IF(OR($AE16="",$AF16=""),0,IF(N(INDEX(CalPrincipal,$AE16,$AF16+0))=0,0,MONTH(INDEX(CalPrincipal,$AE16,$AF16+0))*100+DAY(INDEX(CalPrincipal,$AE16,$AF16+0)))) -> 901 | AI16: =IF(OR($AE16="",$AF16=""),0,IF(N(INDEX(CalPrincipal,$AE16,$AF16+1))=0,0,MONTH(INDEX(CalPrincipal,$AE16,$AF16+1))*100+DAY(INDEX(CalPrincipal,$AE16,$AF16+1)))) -> 131 | AJ16: =IF(OR($AE16="",$AF16=""),0,IF(N(INDEX(CalComplement,$AE16,$AF16+0))=0,0,MONTH(INDEX(CalComplement,$AE16,$AF16+0))*100+DAY(INDEX(CalComplement,$AE16,$AF16+0)))) -> 0 | AK16: =IF(OR($AE16="",$AF16=""),0,IF(N(INDEX(CalComplement,$AE16,$AF16+1))=0,0,MONTH(INDEX(CalComplement,$AE16,$AF16+1))*100+DAY(INDEX(CalComplement,$AE16,$AF16+1)))) -> 0 | AL16: =IF(OR($AE16="",$AF16="",$AG16=""),0,IF(OR(AND($AH16>0,IF($AH16<=$AI16,AND($AG16>=$AH16,$AG16<=$AI16),OR($AG16>=$AH16,$AG16<=$AI16))),AND($AJ16>0,IF($AJ16<=$AK16,AND($AG16>=$AJ16,$AG16<=$AK16),OR($AG16>=$AJ16,$AG16<=$AK16)))),1,0)) -> 0 | AM16: =IF($AA16="",0,IF(INDEX(Fertilisants!$C$8:$C$47,$AA16)="Effluent d'élevage",1,0)) -> 0 | AN16: =IF($AA16="","",IF(INDEX(Fertilisants!$C$8:$C$47,$AA16)="Engrais minéral","Minéral","Organique")) -> Minéral | AO16: =IF(OR($I16="",$N16=""),"",$I16*$N16) -> 570.3375 | AP16: =IF(OR($I16="",$O16=""),"",$I16*$O16) -> 0 | AQ16: =IF(OR($I16="",$P16=""),"",$I16*$P16) -> 0 | AR16: =IF(AND($D16<>"",$D16=FicheIlot),COUNTIF($D$8:$D16,FicheIlot),"")
B17: =IF(C17="","",COUNT($C$8:C17)) -> 10 | C17: 46436 | D17: 09 – Les Sablons | E17: =IF($Z17="","",IF($F17=ApportCouvert,INDEX(Îlots!$I$8:$I$57,$Z17)&"",INDEX(Îlots!$N$8:$N$57,$Z17)&"")) -> Triticale | F17: Culture en place | G17: Ammonitrate 33,5 % | H17: =IF($AA17="","",INDEX(Fertilisants!$D$8:$D$47,$AA17)&"") -> Type III | I17: 10.05 | J17: 120 | K17: =IF($AA17="","",INDEX(Fertilisants!$E$8:$E$47,$AA17)&"") -> kg | L17: =IF(OR($I17="",$J17=""),"",$I17*$J17) -> 1206 | M17: =IF(OR($J17="",$AA17=""),"",$J17*N(INDEX(Fertilisants!$G$8:$G$47,$AA17))) -> 40.2 | N17: =IF(OR($J17="",$AA17=""),"",$J17*N(INDEX(Fertilisants!$I$8:$I$47,$AA17))) -> 40.2 | O17: =IF(OR($J17="",$AA17=""),"",$J17*N(INDEX(Fertilisants!$J$8:$J$47,$AA17))) -> 0 | P17: =IF(OR($J17="",$AA17=""),"",$J17*N(INDEX(Fertilisants!$K$8:$K$47,$AA17))) -> 0 | Q17: =IF(OR($I17="",$M17=""),"",$I17*$M17) -> 404.01 | R17: Ressuyé | S17: Distributeur centrifuge | U17: Salarié de l'exploitation | V17: 46437 | W17: =IF($C17="","",IF(OR($D17="",$G17="",$I17="",$J17=""),"Incomplet",IF(OR($R17="Enneigé",$R17="Détrempé",$R17="Inondé",AND($R17="Gelé",$H17<>"Type 0",$H17<>"Type Ia")),"Sol interdit",IF($AL17=1,"Période interdite",IF(AND(ISNUMBER($AB17),$I17>$AB17+0.001),"Surface > îlot",IF(OR($C17<DebutCampagne,$C17>FinCampagne),"Hors campagne",IF(AND(ISNUMBER($V17),$V17-$C17>DelaiSaisie),"Saisie tardive","Conforme"))))))) -> Conforme | Z17: =IF($D17="","",IFERROR(MATCH($D17,Îlots!$D$8:$D$57,0),"")) -> 9 | AA17: =IF($G17="","",IFERROR(MATCH($G17,Fertilisants!$B$8:$B$47,0),"")) -> 6 | AB17: =IF($Z17="","",INDEX(Îlots!$E$8:$E$57,$Z17)) -> 10.05 | AC17: =IF($Z17="","",INDEX(Îlots!$G$8:$G$57,$Z17)&"") -> Oui | AD17: =IF($Z17="","",IF($F17=ApportCouvert,OccCouvert,INDEX(Îlots!$O$8:$O$57,$Z17)&"")) -> Culture d'automne (hors colza) | AE17: =IF(OR($AD17="",$AC17="Non",ZoneVulnerable="Non"),"",IFERROR(MATCH($AD17,CalOccupations,0),"")) -> 1 | AF17: =IF($H17="","",IFERROR(MATCH($H17,CalTypes,0),"")) -> 9 | AG17: =IF(ISNUMBER($C17),MONTH($C17)*100+DAY($C17),"") -> 218 | AH17: =IF(OR($AE17="",$AF17=""),0,IF(N(INDEX(CalPrincipal,$AE17,$AF17+0))=0,0,MONTH(INDEX(CalPrincipal,$AE17,$AF17+0))*100+DAY(INDEX(CalPrincipal,$AE17,$AF17+0)))) -> 901 | AI17: =IF(OR($AE17="",$AF17=""),0,IF(N(INDEX(CalPrincipal,$AE17,$AF17+1))=0,0,MONTH(INDEX(CalPrincipal,$AE17,$AF17+1))*100+DAY(INDEX(CalPrincipal,$AE17,$AF17+1)))) -> 131 | AJ17: =IF(OR($AE17="",$AF17=""),0,IF(N(INDEX(CalComplement,$AE17,$AF17+0))=0,0,MONTH(INDEX(CalComplement,$AE17,$AF17+0))*100+DAY(INDEX(CalComplement,$AE17,$AF17+0)))) -> 0 | AK17: =IF(OR($AE17="",$AF17=""),0,IF(N(INDEX(CalComplement,$AE17,$AF17+1))=0,0,MONTH(INDEX(CalComplement,$AE17,$AF17+1))*100+DAY(INDEX(CalComplement,$AE17,$AF17+1)))) -> 0 | AL17: =IF(OR($AE17="",$AF17="",$AG17=""),0,IF(OR(AND($AH17>0,IF($AH17<=$AI17,AND($AG17>=$AH17,$AG17<=$AI17),OR($AG17>=$AH17,$AG17<=$AI17))),AND($AJ17>0,IF($AJ17<=$AK17,AND($AG17>=$AJ17,$AG17<=$AK17),OR($AG17>=$AJ17,$AG17<=$AK17)))),1,0)) -> 0 | AM17: =IF($AA17="",0,IF(INDEX(Fertilisants!$C$8:$C$47,$AA17)="Effluent d'élevage",1,0)) -> 0 | AN17: =IF($AA17="","",IF(INDEX(Fertilisants!$C$8:$C$47,$AA17)="Engrais minéral","Minéral","Organique")) -> Minéral | AO17: =IF(OR($I17="",$N17=""),"",$I17*$N17) -> 404.01 | AP17: =IF(OR($I17="",$O17=""),"",$I17*$O17) -> 0 | AQ17: =IF(OR($I17="",$P17=""),"",$I17*$P17) -> 0 | AR17: =IF(AND($D17<>"",$D17=FicheIlot),COUNTIF($D$8:$D17,FicheIlot),"")
B18: =IF(C18="","",COUNT($C$8:C18)) -> 11 | C18: 46438 | D18: 05 – Les Rouches | E18: =IF($Z18="","",IF($F18=ApportCouvert,INDEX(Îlots!$I$8:$I$57,$Z18)&"",INDEX(Îlots!$N$8:$N$57,$Z18)&"")) -> Orge d'hiver | F18: Culture en place | G18: Lisier de bovins | H18: =IF($AA18="","",INDEX(Fertilisants!$D$8:$D$47,$AA18)&"") -> Type II | I18: 12 | J18: 20 | K18: =IF($AA18="","",INDEX(Fertilisants!$E$8:$E$47,$AA18)&"") -> m³ | L18: =IF(OR($I18="",$J18=""),"",$I18*$J18) -> 240 | M18: =IF(OR($J18="",$AA18=""),"",$J18*N(INDEX(Fertilisants!$G$8:$G$47,$AA18))) -> 80 | N18: =IF(OR($J18="",$AA18=""),"",$J18*N(INDEX(Fertilisants!$I$8:$I$47,$AA18))) -> 40 | O18: =IF(OR($J18="",$AA18=""),"",$J18*N(INDEX(Fertilisants!$J$8:$J$47,$AA18))) -> 34 | P18: =IF(OR($J18="",$AA18=""),"",$J18*N(INDEX(Fertilisants!$K$8:$K$47,$AA18))) -> 92 | Q18: =IF(OR($I18="",$M18=""),"",$I18*$M18) -> 960 | R18: Détrempé | S18: Tonne – rampe à pendillards | U18: Entreprise de travaux (ETA) | V18: 46440 | W18: =IF($C18="","",IF(OR($D18="",$G18="",$I18="",$J18=""),"Incomplet",IF(OR($R18="Enneigé",$R18="Détrempé",$R18="Inondé",AND($R18="Gelé",$H18<>"Type 0",$H18<>"Type Ia")),"Sol interdit",IF($AL18=1,"Période interdite",IF(AND(ISNUMBER($AB18),$I18>$AB18+0.001),"Surface > îlot",IF(OR($C18<DebutCampagne,$C18>FinCampagne),"Hors campagne",IF(AND(ISNUMBER($V18),$V18-$C18>DelaiSaisie),"Saisie tardive","Conforme"))))))) -> Sol interdit | X18: Zone hydromorphe exclue | Z18: =IF($D18="","",IFERROR(MATCH($D18,Îlots!$D$8:$D$57,0),"")) -> 5 | AA18: =IF($G18="","",IFERROR(MATCH($G18,Fertilisants!$B$8:$B$47,0),"")) -> 2 | AB18: =IF($Z18="","",INDEX(Îlots!$E$8:$E$57,$Z18)) -> 12.75 | AC18: =IF($Z18="","",INDEX(Îlots!$G$8:$G$57,$Z18)&"") -> Oui | AD18: =IF($Z18="","",IF($F18=ApportCouvert,OccCouvert,INDEX(Îlots!$O$8:$O$57,$Z18)&"")) -> Culture d'automne (hors colza) | AE18: =IF(OR($AD18="",$AC18="Non",ZoneVulnerable="Non"),"",IFERROR(MATCH($AD18,CalOccupations,0),"")) -> 1 | AF18: =IF($H18="","",IFERROR(MATCH($H18,CalTypes,0),"")) -> 7 | AG18: =IF(ISNUMBER($C18),MONTH($C18)*100+DAY($C18),"") -> 220 | AH18: =IF(OR($AE18="",$AF18=""),0,IF(N(INDEX(CalPrincipal,$AE18,$AF18+0))=0,0,MONTH(INDEX(CalPrincipal,$AE18,$AF18+0))*100+DAY(INDEX(CalPrincipal,$AE18,$AF18+0)))) -> 1001 | AI18: =IF(OR($AE18="",$AF18=""),0,IF(N(INDEX(CalPrincipal,$AE18,$AF18+1))=0,0,MONTH(INDEX(CalPrincipal,$AE18,$AF18+1))*100+DAY(INDEX(CalPrincipal,$AE18,$AF18+1)))) -> 131 | AJ18: =IF(OR($AE18="",$AF18=""),0,IF(N(INDEX(CalComplement,$AE18,$AF18+0))=0,0,MONTH(INDEX(CalComplement,$AE18,$AF18+0))*100+DAY(INDEX(CalComplement,$AE18,$AF18+0)))) -> 0 | AK18: =IF(OR($AE18="",$AF18=""),0,IF(N(INDEX(CalComplement,$AE18,$AF18+1))=0,0,MONTH(INDEX(CalComplement,$AE18,$AF18+1))*100+DAY(INDEX(CalComplement,$AE18,$AF18+1)))) -> 0 | AL18: =IF(OR($AE18="",$AF18="",$AG18=""),0,IF(OR(AND($AH18>0,IF($AH18<=$AI18,AND($AG18>=$AH18,$AG18<=$AI18),OR($AG18>=$AH18,$AG18<=$AI18))),AND($AJ18>0,IF($AJ18<=$AK18,AND($AG18>=$AJ18,$AG18<=$AK18),OR($AG18>=$AJ18,$AG18<=$AK18)))),1,0)) -> 0 | AM18: =IF($AA18="",0,IF(INDEX(Fertilisants!$C$8:$C$47,$AA18)="Effluent d'élevage",1,0)) -> 1 | AN18: =IF($AA18="","",IF(INDEX(Fertilisants!$C$8:$C$47,$AA18)="Engrais minéral","Minéral","Organique")) -> Organique | AO18: =IF(OR($I18="",$N18=""),"",$I18*$N18) -> 480 | AP18: =IF(OR($I18="",$O18=""),"",$I18*$O18) -> 408 | AQ18: =IF(OR($I18="",$P18=""),"",$I18*$P18) -> 1104 | AR18: =IF(AND($D18<>"",$D18=FicheIlot),COUNTIF($D$8:$D18,FicheIlot),"")
B19: =IF(C19="","",COUNT($C$8:C19)) -> 12 | C19: 46443 | D19: 06 – Pré Long | E19: =IF($Z19="","",IF($F19=ApportCouvert,INDEX(Îlots!$I$8:$I$57,$Z19)&"",INDEX(Îlots!$N$8:$N$57,$Z19)&"")) -> Prairie permanente | F19: Culture en place | G19: Lisier de bovins | H19: =IF($AA19="","",INDEX(Fertilisants!$D$8:$D$47,$AA19)&"") -> Type II | I19: 8.9 | J19: 25 | K19: =IF($AA19="","",INDEX(Fertilisants!$E$8:$E$47,$AA19)&"") -> m³ | L19: =IF(OR($I19="",$J19=""),"",$I19*$J19) -> 222.5 | M19: =IF(OR($J19="",$AA19=""),"",$J19*N(INDEX(Fertilisants!$G$8:$G$47,$AA19))) -> 100 | N19: =IF(OR($J19="",$AA19=""),"",$J19*N(INDEX(Fertilisants!$I$8:$I$47,$AA19))) -> 50 | O19: =IF(OR($J19="",$AA19=""),"",$J19*N(INDEX(Fertilisants!$J$8:$J$47,$AA19))) -> 42.5 | P19: =IF(OR($J19="",$AA19=""),"",$J19*N(INDEX(Fertilisants!$K$8:$K$47,$AA19))) -> 115 | Q19: =IF(OR($I19="",$M19=""),"",$I19*$M19) -> 890 | R19: Ressuyé | S19: Tonne – rampe à pendillards | U19: Exploitant | V19: 46444 | W19: =IF($C19="","",IF(OR($D19="",$G19="",$I19="",$J19=""),"Incomplet",IF(OR($R19="Enneigé",$R19="Détrempé",$R19="Inondé",AND($R19="Gelé",$H19<>"Type 0",$H19<>"Type Ia")),"Sol interdit",IF($AL19=1,"Période interdite",IF(AND(ISNUMBER($AB19),$I19>$AB19+0.001),"Surface > îlot",IF(OR($C19<DebutCampagne,$C19>FinCampagne),"Hors campagne",IF(AND(ISNUMBER($V19),$V19-$C19>DelaiSaisie),"Saisie tardive","Conforme"))))))) -> Conforme | Z19: =IF($D19="","",IFERROR(MATCH($D19,Îlots!$D$8:$D$57,0),"")) -> 6 | AA19: =IF($G19="","",IFERROR(MATCH($G19,Fertilisants!$B$8:$B$47,0),"")) -> 2 | AB19: =IF($Z19="","",INDEX(Îlots!$E$8:$E$57,$Z19)) -> 8.9 | AC19: =IF($Z19="","",INDEX(Îlots!$G$8:$G$57,$Z19)&"") -> Oui | AD19: =IF($Z19="","",IF($F19=ApportCouvert,OccCouvert,INDEX(Îlots!$O$8:$O$57,$Z19)&"")) -> Prairie > 6 mois et luzerne | AE19: =IF(OR($AD19="",$AC19="Non",ZoneVulnerable="Non"),"",IFERROR(MATCH($AD19,CalOccupations,0),"")) -> 4 | AF19: =IF($H19="","",IFERROR(MATCH($H19,CalTypes,0),"")) -> 7 | AG19: =IF(ISNUMBER($C19),MONTH($C19)*100+DAY($C19),"") -> 225 | AH19: =IF(OR($AE19="",$AF19=""),0,IF(N(INDEX(CalPrincipal,$AE19,$AF19+0))=0,0,MONTH(INDEX(CalPrincipal,$AE19,$AF19+0))*100+DAY(INDEX(CalPrincipal,$AE19,$AF19+0)))) -> 1115 | AI19: =IF(OR($AE19="",$AF19=""),0,IF(N(INDEX(CalPrincipal,$AE19,$AF19+1))=0,0,MONTH(INDEX(CalPrincipal,$AE19,$AF19+1))*100+DAY(INDEX(CalPrincipal,$AE19,$AF19+1)))) -> 115 | AJ19: =IF(OR($AE19="",$AF19=""),0,IF(N(INDEX(CalComplement,$AE19,$AF19+0))=0,0,MONTH(INDEX(CalComplement,$AE19,$AF19+0))*100+DAY(INDEX(CalComplement,$AE19,$AF19+0)))) -> 0 | AK19: =IF(OR($AE19="",$AF19=""),0,IF(N(INDEX(CalComplement,$AE19,$AF19+1))=0,0,MONTH(INDEX(CalComplement,$AE19,$AF19+1))*100+DAY(INDEX(CalComplement,$AE19,$AF19+1)))) -> 0 | AL19: =IF(OR($AE19="",$AF19="",$AG19=""),0,IF(OR(AND($AH19>0,IF($AH19<=$AI19,AND($AG19>=$AH19,$AG19<=$AI19),OR($AG19>=$AH19,$AG19<=$AI19))),AND($AJ19>0,IF($AJ19<=$AK19,AND($AG19>=$AJ19,$AG19<=$AK19),OR($AG19>=$AJ19,$AG19<=$AK19)))),1,0)) -> 0 | AM19: =IF($AA19="",0,IF(INDEX(Fertilisants!$C$8:$C$47,$AA19)="Effluent d'élevage",1,0)) -> 1 | AN19: =IF($AA19="","",IF(INDEX(Fertilisants!$C$8:$C$47,$AA19)="Engrais minéral","Minéral","Organique")) -> Organique | AO19: =IF(OR($I19="",$N19=""),"",$I19*$N19) -> 445 | AP19: =IF(OR($I19="",$O19=""),"",$I19*$O19) -> 378.25 | AQ19: =IF(OR($I19="",$P19=""),"",$I19*$P19) -> 1023.5 | AR19: =IF(AND($D19<>"",$D19=FicheIlot),COUNTIF($D$8:$D19,FicheIlot),"")
B20: =IF(C20="","",COUNT($C$8:C20)) -> 13 | C20: 46451 | D20: 05 – Les Rouches | E20: =IF($Z20="","",IF($F20=ApportCouvert,INDEX(Îlots!$I$8:$I$57,$Z20)&"",INDEX(Îlots!$N$8:$N$57,$Z20)&"")) -> Orge d'hiver | F20: Culture en place | G20: Ammonitrate 33,5 % | H20: =IF($AA20="","",INDEX(Fertilisants!$D$8:$D$47,$AA20)&"") -> Type III | I20: 12.75 | J20: 150 | K20: =IF($AA20="","",INDEX(Fertilisants!$E$8:$E$47,$AA20)&"") -> kg | L20: =IF(OR($I20="",$J20=""),"",$I20*$J20) -> 1912.5 | M20: =IF(OR($J20="",$AA20=""),"",$J20*N(INDEX(Fertilisants!$G$8:$G$47,$AA20))) -> 50.25 | N20: =IF(OR($J20="",$AA20=""),"",$J20*N(INDEX(Fertilisants!$I$8:$I$47,$AA20))) -> 50.25 | O20: =IF(OR($J20="",$AA20=""),"",$J20*N(INDEX(Fertilisants!$J$8:$J$47,$AA20))) -> 0 | P20: =IF(OR($J20="",$AA20=""),"",$J20*N(INDEX(Fertilisants!$K$8:$K$47,$AA20))) -> 0 | Q20: =IF(OR($I20="",$M20=""),"",$I20*$M20) -> 640.6875 | R20: Ressuyé | S20: Distributeur centrifuge | U20: Exploitant | V20: 46452 | W20: =IF($C20="","",IF(OR($D20="",$G20="",$I20="",$J20=""),"Incomplet",IF(OR($R20="Enneigé",$R20="Détrempé",$R20="Inondé",AND($R20="Gelé",$H20<>"Type 0",$H20<>"Type Ia")),"Sol interdit",IF($AL20=1,"Période interdite",IF(AND(ISNUMBER($AB20),$I20>$AB20+0.001),"Surface > îlot",IF(OR($C20<DebutCampagne,$C20>FinCampagne),"Hors campagne",IF(AND(ISNUMBER($V20),$V20-$C20>DelaiSaisie),"Saisie tardive","Conforme"))))))) -> Conforme | Z20: =IF($D20="","",IFERROR(MATCH($D20,Îlots!$D$8:$D$57,0),"")) -> 5 | AA20: =IF($G20="","",IFERROR(MATCH($G20,Fertilisants!$B$8:$B$47,0),"")) -> 6 | AB20: =IF($Z20="","",INDEX(Îlots!$E$8:$E$57,$Z20)) -> 12.75 | AC20: =IF($Z20="","",INDEX(Îlots!$G$8:$G$57,$Z20)&"") -> Oui | AD20: =IF($Z20="","",IF($F20=ApportCouvert,OccCouvert,INDEX(Îlots!$O$8:$O$57,$Z20)&"")) -> Culture d'automne (hors colza) | AE20: =IF(OR($AD20="",$AC20="Non",ZoneVulnerable="Non"),"",IFERROR(MATCH($AD20,CalOccupations,0),"")) -> 1 | AF20: =IF($H20="","",IFERROR(MATCH($H20,CalTypes,0),"")) -> 9 | AG20: =IF(ISNUMBER($C20),MONTH($C20)*100+DAY($C20),"") -> 305 | AH20: =IF(OR($AE20="",$AF20=""),0,IF(N(INDEX(CalPrincipal,$AE20,$AF20+0))=0,0,MONTH(INDEX(CalPrincipal,$AE20,$AF20+0))*100+DAY(INDEX(CalPrincipal,$AE20,$AF20+0)))) -> 901 | AI20: =IF(OR($AE20="",$AF20=""),0,IF(N(INDEX(CalPrincipal,$AE20,$AF20+1))=0,0,MONTH(INDEX(CalPrincipal,$AE20,$AF20+1))*100+DAY(INDEX(CalPrincipal,$AE20,$AF20+1)))) -> 131 | AJ20: =IF(OR($AE20="",$AF20=""),0,IF(N(INDEX(CalComplement,$AE20,$AF20+0))=0,0,MONTH(INDEX(CalComplement,$AE20,$AF20+0))*100+DAY(INDEX(CalComplement,$AE20,$AF20+0)))) -> 0 | AK20: =IF(OR($AE20="",$AF20=""),0,IF(N(INDEX(CalComplement,$AE20,$AF20+1))=0,0,MONTH(INDEX(CalComplement,$AE20,$AF20+1))*100+DAY(INDEX(CalComplement,$AE20,$AF20+1)))) -> 0 | AL20: =IF(OR($AE20="",$AF20="",$AG20=""),0,IF(OR(AND($AH20>0,IF($AH20<=$AI20,AND($AG20>=$AH20,$AG20<=$AI20),OR($AG20>=$AH20,$AG20<=$AI20))),AND($AJ20>0,IF($AJ20<=$AK20,AND($AG20>=$AJ20,$AG20<=$AK20),OR($AG20>=$AJ20,$AG20<=$AK20)))),1,0)) -> 0 | AM20: =IF($AA20="",0,IF(INDEX(Fertilisants!$C$8:$C$47,$AA20)="Effluent d'élevage",1,0)) -> 0 | AN20: =IF($AA20="","",IF(INDEX(Fertilisants!$C$8:$C$47,$AA20)="Engrais minéral","Minéral","Organique")) -> Minéral | AO20: =IF(OR($I20="",$N20=""),"",$I20*$N20) -> 640.6875 | AP20: =IF(OR($I20="",$O20=""),"",$I20*$O20) -> 0 | AQ20: =IF(OR($I20="",$P20=""),"",$I20*$P20) -> 0 | AR20: =IF(AND($D20<>"",$D20=FicheIlot),COUNTIF($D$8:$D20,FicheIlot),"")
B21: =IF(C21="","",COUNT($C$8:C21)) -> 14 | C21: 46454 | D21: 08 – Les Terres Fortes | E21: =IF($Z21="","",IF($F21=ApportCouvert,INDEX(Îlots!$I$8:$I$57,$Z21)&"",INDEX(Îlots!$N$8:$N$57,$Z21)&"")) -> Orge de printemps | F21: Sol nu avant semis | G21: Digestat liquide | H21: =IF($AA21="","",INDEX(Fertilisants!$D$8:$D$47,$AA21)&"") -> Type II | I21: 13.1 | J21: 20 | K21: =IF($AA21="","",INDEX(Fertilisants!$E$8:$E$47,$AA21)&"") -> m³ | L21: =IF(OR($I21="",$J21=""),"",$I21*$J21) -> 262 | M21: =IF(OR($J21="",$AA21=""),"",$J21*N(INDEX(Fertilisants!$G$8:$G$47,$AA21))) -> 92 | N21: =IF(OR($J21="",$AA21=""),"",$J21*N(INDEX(Fertilisants!$I$8:$I$47,$AA21))) -> 55.2 | O21: =IF(OR($J21="",$AA21=""),"",$J21*N(INDEX(Fertilisants!$J$8:$J$47,$AA21))) -> 32 | P21: =IF(OR($J21="",$AA21=""),"",$J21*N(INDEX(Fertilisants!$K$8:$K$47,$AA21))) -> 96 | Q21: =IF(OR($I21="",$M21=""),"",$I21*$M21) -> 1205.2 | R21: Ressuyé | S21: Tonne – enfouisseur | T21: 0 | U21: Entreprise de travaux (ETA) | V21: 46456 | W21: =IF($C21="","",IF(OR($D21="",$G21="",$I21="",$J21=""),"Incomplet",IF(OR($R21="Enneigé",$R21="Détrempé",$R21="Inondé",AND($R21="Gelé",$H21<>"Type 0",$H21<>"Type Ia")),"Sol interdit",IF($AL21=1,"Période interdite",IF(AND(ISNUMBER($AB21),$I21>$AB21+0.001),"Surface > îlot",IF(OR($C21<DebutCampagne,$C21>FinCampagne),"Hors campagne",IF(AND(ISNUMBER($V21),$V21-$C21>DelaiSaisie),"Saisie tardive","Conforme"))))))) -> Conforme | X21: Bordereau BE-2027-003 | Z21: =IF($D21="","",IFERROR(MATCH($D21,Îlots!$D$8:$D$57,0),"")) -> 8 | AA21: =IF($G21="","",IFERROR(MATCH($G21,Fertilisants!$B$8:$B$47,0),"")) -> 5 | AB21: =IF($Z21="","",INDEX(Îlots!$E$8:$E$57,$Z21)) -> 13.1 | AC21: =IF($Z21="","",INDEX(Îlots!$G$8:$G$57,$Z21)&"") -> Oui | AD21: =IF($Z21="","",IF($F21=ApportCouvert,OccCouvert,INDEX(Îlots!$O$8:$O$57,$Z21)&"")) -> Culture de printemps | AE21: =IF(OR($AD21="",$AC21="Non",ZoneVulnerable="Non"),"",IFERROR(MATCH($AD21,CalOccupations,0),"")) -> 3 | AF21: =IF($H21="","",IFERROR(MATCH($H21,CalTypes,0),"")) -> 7 | AG21: =IF(ISNUMBER($C21),MONTH($C21)*100+DAY($C21),"") -> 308 | AH21: =IF(OR($AE21="",$AF21=""),0,IF(N(INDEX(CalPrincipal,$AE21,$AF21+0))=0,0,MONTH(INDEX(CalPrincipal,$AE21,$AF21+0))*100+DAY(INDEX(CalPrincipal,$AE21,$AF21+0)))) -> 701 | AI21: =IF(OR($AE21="",$AF21=""),0,IF(N(INDEX(CalPrincipal,$AE21,$AF21+1))=0,0,MONTH(INDEX(CalPrincipal,$AE21,$AF21+1))*100+DAY(INDEX(CalPrincipal,$AE21,$AF21+1)))) -> 115 | AJ21: =IF(OR($AE21="",$AF21=""),0,IF(N(INDEX(CalComplement,$AE21,$AF21+0))=0,0,MONTH(INDEX(CalComplement,$AE21,$AF21+0))*100+DAY(INDEX(CalComplement,$AE21,$AF21+0)))) -> 0 | AK21: =IF(OR($AE21="",$AF21=""),0,IF(N(INDEX(CalComplement,$AE21,$AF21+1))=0,0,MONTH(INDEX(CalComplement,$AE21,$AF21+1))*100+DAY(INDEX(CalComplement,$AE21,$AF21+1)))) -> 0 | AL21: =IF(OR($AE21="",$AF21="",$AG21=""),0,IF(OR(AND($AH21>0,IF($AH21<=$AI21,AND($AG21>=$AH21,$AG21<=$AI21),OR($AG21>=$AH21,$AG21<=$AI21))),AND($AJ21>0,IF($AJ21<=$AK21,AND($AG21>=$AJ21,$AG21<=$AK21),OR($AG21>=$AJ21,$AG21<=$AK21)))),1,0)) -> 0 | AM21: =IF($AA21="",0,IF(INDEX(Fertilisants!$C$8:$C$47,$AA21)="Effluent d'élevage",1,0)) -> 0 | AN21: =IF($AA21="","",IF(INDEX(Fertilisants!$C$8:$C$47,$AA21)="Engrais minéral","Minéral","Organique")) -> Organique | AO21: =IF(OR($I21="",$N21=""),"",$I21*$N21) -> 723.12 | AP21: =IF(OR($I21="",$O21=""),"",$I21*$O21) -> 419.2 | AQ21: =IF(OR($I21="",$P21=""),"",$I21*$P21) -> 1257.6 | AR21: =IF(AND($D21<>"",$D21=FicheIlot),COUNTIF($D$8:$D21,FicheIlot),"")
B22: =IF(C22="","",COUNT($C$8:C22)) -> 15 | C22: 46456 | D22: 03 – La Garenne | E22: =IF($Z22="","",IF($F22=ApportCouvert,INDEX(Îlots!$I$8:$I$57,$Z22)&"",INDEX(Îlots!$N$8:$N$57,$Z22)&"")) -> Colza d'hiver | F22: Culture en place | G22: Solution azotée 30 % | H22: =IF($AA22="","",INDEX(Fertilisants!$D$8:$D$47,$AA22)&"") -> Type III | I22: 9.6 | J22: 180 | K22: =IF($AA22="","",INDEX(Fertilisants!$E$8:$E$47,$AA22)&"") -> L | L22: =IF(OR($I22="",$J22=""),"",$I22*$J22) -> 1728 | M22: =IF(OR($J22="",$AA22=""),"",$J22*N(INDEX(Fertilisants!$G$8:$G$47,$AA22))) -> 69.12 | N22: =IF(OR($J22="",$AA22=""),"",$J22*N(INDEX(Fertilisants!$I$8:$I$47,$AA22))) -> 69.12 | O22: =IF(OR($J22="",$AA22=""),"",$J22*N(INDEX(Fertilisants!$J$8:$J$47,$AA22))) -> 0 | P22: =IF(OR($J22="",$AA22=""),"",$J22*N(INDEX(Fertilisants!$K$8:$K$47,$AA22))) -> 0 | Q22: =IF(OR($I22="",$M22=""),"",$I22*$M22) -> 663.552 | R22: Ressuyé | S22: Pulvérisateur à rampe | U22: Exploitant | V22: 46457 | W22: =IF($C22="","",IF(OR($D22="",$G22="",$I22="",$J22=""),"Incomplet",IF(OR($R22="Enneigé",$R22="Détrempé",$R22="Inondé",AND($R22="Gelé",$H22<>"Type 0",$H22<>"Type Ia")),"Sol interdit",IF($AL22=1,"Période interdite",IF(AND(ISNUMBER($AB22),$I22>$AB22+0.001),"Surface > îlot",IF(OR($C22<DebutCampagne,$C22>FinCampagne),"Hors campagne",IF(AND(ISNUMBER($V22),$V22-$C22>DelaiSaisie),"Saisie tardive","Conforme"))))))) -> Conforme | Z22: =IF($D22="","",IFERROR(MATCH($D22,Îlots!$D$8:$D$57,0),"")) -> 3 | AA22: =IF($G22="","",IFERROR(MATCH($G22,Fertilisants!$B$8:$B$47,0),"")) -> 7 | AB22: =IF($Z22="","",INDEX(Îlots!$E$8:$E$57,$Z22)) -> 9.6 | AC22: =IF($Z22="","",INDEX(Îlots!$G$8:$G$57,$Z22)&"") -> Oui | AD22: =IF($Z22="","",IF($F22=ApportCouvert,OccCouvert,INDEX(Îlots!$O$8:$O$57,$Z22)&"")) -> Colza d'automne | AE22: =IF(OR($AD22="",$AC22="Non",ZoneVulnerable="Non"),"",IFERROR(MATCH($AD22,CalOccupations,0),"")) -> 2 | AF22: =IF($H22="","",IFERROR(MATCH($H22,CalTypes,0),"")) -> 9 | AG22: =IF(ISNUMBER($C22),MONTH($C22)*100+DAY($C22),"") -> 310 | AH22: =IF(OR($AE22="",$AF22=""),0,IF(N(INDEX(CalPrincipal,$AE22,$AF22+0))=0,0,MONTH(INDEX(CalPrincipal,$AE22,$AF22+0))*100+DAY(INDEX(CalPrincipal,$AE22,$AF22+0)))) -> 901 | AI22: =IF(OR($AE22="",$AF22=""),0,IF(N(INDEX(CalPrincipal,$AE22,$AF22+1))=0,0,MONTH(INDEX(CalPrincipal,$AE22,$AF22+1))*100+DAY(INDEX(CalPrincipal,$AE22,$AF22+1)))) -> 131 | AJ22: =IF(OR($AE22="",$AF22=""),0,IF(N(INDEX(CalComplement,$AE22,$AF22+0))=0,0,MONTH(INDEX(CalComplement,$AE22,$AF22+0))*100+DAY(INDEX(CalComplement,$AE22,$AF22+0)))) -> 0 | AK22: =IF(OR($AE22="",$AF22=""),0,IF(N(INDEX(CalComplement,$AE22,$AF22+1))=0,0,MONTH(INDEX(CalComplement,$AE22,$AF22+1))*100+DAY(INDEX(CalComplement,$AE22,$AF22+1)))) -> 0 | AL22: =IF(OR($AE22="",$AF22="",$AG22=""),0,IF(OR(AND($AH22>0,IF($AH22<=$AI22,AND($AG22>=$AH22,$AG22<=$AI22),OR($AG22>=$AH22,$AG22<=$AI22))),AND($AJ22>0,IF($AJ22<=$AK22,AND($AG22>=$AJ22,$AG22<=$AK22),OR($AG22>=$AJ22,$AG22<=$AK22)))),1,0)) -> 0 | AM22: =IF($AA22="",0,IF(INDEX(Fertilisants!$C$8:$C$47,$AA22)="Effluent d'élevage",1,0)) -> 0 | AN22: =IF($AA22="","",IF(INDEX(Fertilisants!$C$8:$C$47,$AA22)="Engrais minéral","Minéral","Organique")) -> Minéral | AO22: =IF(OR($I22="",$N22=""),"",$I22*$N22) -> 663.552 | AP22: =IF(OR($I22="",$O22=""),"",$I22*$O22) -> 0 | AQ22: =IF(OR($I22="",$P22=""),"",$I22*$P22) -> 0 | AR22: =IF(AND($D22<>"",$D22=FicheIlot),COUNTIF($D$8:$D22,FicheIlot),"")
B23: =IF(C23="","",COUNT($C$8:C23)) -> 16 | C23: 46458 | D23: 07 – La Fosse aux Loups | E23: =IF($Z23="","",IF($F23=ApportCouvert,INDEX(Îlots!$I$8:$I$57,$Z23)&"",INDEX(Îlots!$N$8:$N$57,$Z23)&"")) -> Prairie temporaire | F23: Culture en place | G23: Fumier de volailles | H23: =IF($AA23="","",INDEX(Fertilisants!$D$8:$D$47,$AA23)&"") -> Type II | I23: 7.45 | J23: 3 | K23: =IF($AA23="","",INDEX(Fertilisants!$E$8:$E$47,$AA23)&"") -> t | L23: =IF(OR($I23="",$J23=""),"",$I23*$J23) -> 22.35 | M23: =IF(OR($J23="",$AA23=""),"",$J23*N(INDEX(Fertilisants!$G$8:$G$47,$AA23))) -> 72 | N23: =IF(OR($J23="",$AA23=""),"",$J23*N(INDEX(Fertilisants!$I$8:$I$47,$AA23))) -> 39.6 | O23: =IF(OR($J23="",$AA23=""),"",$J23*N(INDEX(Fertilisants!$J$8:$J$47,$AA23))) -> 63 | P23: =IF(OR($J23="",$AA23=""),"",$J23*N(INDEX(Fertilisants!$K$8:$K$47,$AA23))) -> 57 | Q23: =IF(OR($I23="",$M23=""),"",$I23*$M23) -> 536.4 | R23: Ressuyé | S23: Épandeur à table | U23: CUMA | V23: 46461 | W23: =IF($C23="","",IF(OR($D23="",$G23="",$I23="",$J23=""),"Incomplet",IF(OR($R23="Enneigé",$R23="Détrempé",$R23="Inondé",AND($R23="Gelé",$H23<>"Type 0",$H23<>"Type Ia")),"Sol interdit",IF($AL23=1,"Période interdite",IF(AND(ISNUMBER($AB23),$I23>$AB23+0.001),"Surface > îlot",IF(OR($C23<DebutCampagne,$C23>FinCampagne),"Hors campagne",IF(AND(ISNUMBER($V23),$V23-$C23>DelaiSaisie),"Saisie tardive","Conforme"))))))) -> Conforme | X23: Bordereau BE-2027-002 | Z23: =IF($D23="","",IFERROR(MATCH($D23,Îlots!$D$8:$D$57,0),"")) -> 7 | AA23: =IF($G23="","",IFERROR(MATCH($G23,Fertilisants!$B$8:$B$47,0),"")) -> 3 | AB23: =IF($Z23="","",INDEX(Îlots!$E$8:$E$57,$Z23)) -> 7.45 | AC23: =IF($Z23="","",INDEX(Îlots!$G$8:$G$57,$Z23)&"") -> Non | AD23: =IF($Z23="","",IF($F23=ApportCouvert,OccCouvert,INDEX(Îlots!$O$8:$O$57,$Z23)&"")) -> Prairie > 6 mois et luzerne | AE23: =IF(OR($AD23="",$AC23="Non",ZoneVulnerable="Non"),"",IFERROR(MATCH($AD23,CalOccupations,0),"")) | AF23: =IF($H23="","",IFERROR(MATCH($H23,CalTypes,0),"")) -> 7 | AG23: =IF(ISNUMBER($C23),MONTH($C23)*100+DAY($C23),"") -> 312 | AH23: =IF(OR($AE23="",$AF23=""),0,IF(N(INDEX(CalPrincipal,$AE23,$AF23+0))=0,0,MONTH(INDEX(CalPrincipal,$AE23,$AF23+0))*100+DAY(INDEX(CalPrincipal,$AE23,$AF23+0)))) -> 0 | AI23: =IF(OR($AE23="",$AF23=""),0,IF(N(INDEX(CalPrincipal,$AE23,$AF23+1))=0,0,MONTH(INDEX(CalPrincipal,$AE23,$AF23+1))*100+DAY(INDEX(CalPrincipal,$AE23,$AF23+1)))) -> 0 | AJ23: =IF(OR($AE23="",$AF23=""),0,IF(N(INDEX(CalComplement,$AE23,$AF23+0))=0,0,MONTH(INDEX(CalComplement,$AE23,$AF23+0))*100+DAY(INDEX(CalComplement,$AE23,$AF23+0)))) -> 0 | AK23: =IF(OR($AE23="",$AF23=""),0,IF(N(INDEX(CalComplement,$AE23,$AF23+1))=0,0,MONTH(INDEX(CalComplement,$AE23,$AF23+1))*100+DAY(INDEX(CalComplement,$AE23,$AF23+1)))) -> 0 | AL23: =IF(OR($AE23="",$AF23="",$AG23=""),0,IF(OR(AND($AH23>0,IF($AH23<=$AI23,AND($AG23>=$AH23,$AG23<=$AI23),OR($AG23>=$AH23,$AG23<=$AI23))),AND($AJ23>0,IF($AJ23<=$AK23,AND($AG23>=$AJ23,$AG23<=$AK23),OR($AG23>=$AJ23,$AG23<=$AK23)))),1,0)) -> 0 | AM23: =IF($AA23="",0,IF(INDEX(Fertilisants!$C$8:$C$47,$AA23)="Effluent d'élevage",1,0)) -> 1 | AN23: =IF($AA23="","",IF(INDEX(Fertilisants!$C$8:$C$47,$AA23)="Engrais minéral","Minéral","Organique")) -> Organique | AO23: =IF(OR($I23="",$N23=""),"",$I23*$N23) -> 295.02 | AP23: =IF(OR($I23="",$O23=""),"",$I23*$O23) -> 469.35 | AQ23: =IF(OR($I23="",$P23=""),"",$I23*$P23) -> 424.65 | AR23: =IF(AND($D23<>"",$D23=FicheIlot),COUNTIF($D$8:$D23,FicheIlot),"")
B24: =IF(C24="","",COUNT($C$8:C24)) -> 17 | C24: 46464 | D24: 02 – Les Noues | E24: =IF($Z24="","",IF($F24=ApportCouvert,INDEX(Îlots!$I$8:$I$57,$Z24)&"",INDEX(Îlots!$N$8:$N$57,$Z24)&"")) -> Blé tendre d'hiver | F24: Culture en place | G24: Solution azotée 30 % | H24: =IF($AA24="","",INDEX(Fertilisants!$D$8:$D$47,$AA24)&"") -> Type III | I24: 11.35 | J24: 180 | K24: =IF($AA24="","",INDEX(Fertilisants!$E$8:$E$47,$AA24)&"") -> L | L24: =IF(OR($I24="",$J24=""),"",$I24*$J24) -> 2043 | M24: =IF(OR($J24="",$AA24=""),"",$J24*N(INDEX(Fertilisants!$G$8:$G$47,$AA24))) -> 69.12 | N24: =IF(OR($J24="",$AA24=""),"",$J24*N(INDEX(Fertilisants!$I$8:$I$47,$AA24))) -> 69.12 | O24: =IF(OR($J24="",$AA24=""),"",$J24*N(INDEX(Fertilisants!$J$8:$J$47,$AA24))) -> 0 | P24: =IF(OR($J24="",$AA24=""),"",$J24*N(INDEX(Fertilisants!$K$8:$K$47,$AA24))) -> 0 | Q24: =IF(OR($I24="",$M24=""),"",$I24*$M24) -> 784.512 | R24: Ressuyé | S24: Pulvérisateur à rampe | U24: Exploitant | V24: 46464 | W24: =IF($C24="","",IF(OR($D24="",$G24="",$I24="",$J24=""),"Incomplet",IF(OR($R24="Enneigé",$R24="Détrempé",$R24="Inondé",AND($R24="Gelé",$H24<>"Type 0",$H24<>"Type Ia")),"Sol interdit",IF($AL24=1,"Période interdite",IF(AND(ISNUMBER($AB24),$I24>$AB24+0.001),"Surface > îlot",IF(OR($C24<DebutCampagne,$C24>FinCampagne),"Hors campagne",IF(AND(ISNUMBER($V24),$V24-$C24>DelaiSaisie),"Saisie tardive","Conforme"))))))) -> Conforme | X24: Stade épi 1 cm | Z24: =IF($D24="","",IFERROR(MATCH($D24,Îlots!$D$8:$D$57,0),"")) -> 2 | AA24: =IF($G24="","",IFERROR(MATCH($G24,Fertilisants!$B$8:$B$47,0),"")) -> 7 | AB24: =IF($Z24="","",INDEX(Îlots!$E$8:$E$57,$Z24)) -> 11.35 | AC24: =IF($Z24="","",INDEX(Îlots!$G$8:$G$57,$Z24)&"") -> Oui | AD24: =IF($Z24="","",IF($F24=ApportCouvert,OccCouvert,INDEX(Îlots!$O$8:$O$57,$Z24)&"")) -> Culture d'automne (hors colza) | AE24: =IF(OR($AD24="",$AC24="Non",ZoneVulnerable="Non"),"",IFERROR(MATCH($AD24,CalOccupations,0),"")) -> 1 | AF24: =IF($H24="","",IFERROR(MATCH($H24,CalTypes,0),"")) -> 9 | AG24: =IF(ISNUMBER($C24),MONTH($C24)*100+DAY($C24),"") -> 318 | AH24: =IF(OR($AE24="",$AF24=""),0,IF(N(INDEX(CalPrincipal,$AE24,$AF24+0))=0,0,MONTH(INDEX(CalPrincipal,$AE24,$AF24+0))*100+DAY(INDEX(CalPrincipal,$AE24,$AF24+0)))) -> 901 | AI24: =IF(OR($AE24="",$AF24=""),0,IF(N(INDEX(CalPrincipal,$AE24,$AF24+1))=0,0,MONTH(INDEX(CalPrincipal,$AE24,$AF24+1))*100+DAY(INDEX(CalPrincipal,$AE24,$AF24+1)))) -> 131 | AJ24: =IF(OR($AE24="",$AF24=""),0,IF(N(INDEX(CalComplement,$AE24,$AF24+0))=0,0,MONTH(INDEX(CalComplement,$AE24,$AF24+0))*100+DAY(INDEX(CalComplement,$AE24,$AF24+0)))) -> 0 | AK24: =IF(OR($AE24="",$AF24=""),0,IF(N(INDEX(CalComplement,$AE24,$AF24+1))=0,0,MONTH(INDEX(CalComplement,$AE24,$AF24+1))*100+DAY(INDEX(CalComplement,$AE24,$AF24+1)))) -> 0 | AL24: =IF(OR($AE24="",$AF24="",$AG24=""),0,IF(OR(AND($AH24>0,IF($AH24<=$AI24,AND($AG24>=$AH24,$AG24<=$AI24),OR($AG24>=$AH24,$AG24<=$AI24))),AND($AJ24>0,IF($AJ24<=$AK24,AND($AG24>=$AJ24,$AG24<=$AK24),OR($AG24>=$AJ24,$AG24<=$AK24)))),1,0)) -> 0 | AM24: =IF($AA24="",0,IF(INDEX(Fertilisants!$C$8:$C$47,$AA24)="Effluent d'élevage",1,0)) -> 0 | AN24: =IF($AA24="","",IF(INDEX(Fertilisants!$C$8:$C$47,$AA24)="Engrais minéral","Minéral","Organique")) -> Minéral | AO24: =IF(OR($I24="",$N24=""),"",$I24*$N24) -> 784.512 | AP24: =IF(OR($I24="",$O24=""),"",$I24*$O24) -> 0 | AQ24: =IF(OR($I24="",$P24=""),"",$I24*$P24) -> 0 | AR24: =IF(AND($D24<>"",$D24=FicheIlot),COUNTIF($D$8:$D24,FicheIlot),"")
B25: =IF(C25="","",COUNT($C$8:C25)) -> 18 | C25: 46468 | D25: 09 – Les Sablons | E25: =IF($Z25="","",IF($F25=ApportCouvert,INDEX(Îlots!$I$8:$I$57,$Z25)&"",INDEX(Îlots!$N$8:$N$57,$Z25)&"")) -> Triticale | F25: Culture en place | G25: Digestat liquide | H25: =IF($AA25="","",INDEX(Fertilisants!$D$8:$D$47,$AA25)&"") -> Type II | I25: 10.05 | J25: 25 | K25: =IF($AA25="","",INDEX(Fertilisants!$E$8:$E$47,$AA25)&"") -> m³ | L25: =IF(OR($I25="",$J25=""),"",$I25*$J25) -> 251.25 | M25: =IF(OR($J25="",$AA25=""),"",$J25*N(INDEX(Fertilisants!$G$8:$G$47,$AA25))) -> 115 | N25: =IF(OR($J25="",$AA25=""),"",$J25*N(INDEX(Fertilisants!$I$8:$I$47,$AA25))) -> 69 | O25: =IF(OR($J25="",$AA25=""),"",$J25*N(INDEX(Fertilisants!$J$8:$J$47,$AA25))) -> 40 | P25: =IF(OR($J25="",$AA25=""),"",$J25*N(INDEX(Fertilisants!$K$8:$K$47,$AA25))) -> 120 | Q25: =IF(OR($I25="",$M25=""),"",$I25*$M25) -> 1155.75 | R25: Ressuyé | S25: Tonne – rampe à pendillards | U25: Entreprise de travaux (ETA) | V25: 46470 | W25: =IF($C25="","",IF(OR($D25="",$G25="",$I25="",$J25=""),"Incomplet",IF(OR($R25="Enneigé",$R25="Détrempé",$R25="Inondé",AND($R25="Gelé",$H25<>"Type 0",$H25<>"Type Ia")),"Sol interdit",IF($AL25=1,"Période interdite",IF(AND(ISNUMBER($AB25),$I25>$AB25+0.001),"Surface > îlot",IF(OR($C25<DebutCampagne,$C25>FinCampagne),"Hors campagne",IF(AND(ISNUMBER($V25),$V25-$C25>DelaiSaisie),"Saisie tardive","Conforme"))))))) -> Conforme | X25: Bordereau BE-2027-004 | Z25: =IF($D25="","",IFERROR(MATCH($D25,Îlots!$D$8:$D$57,0),"")) -> 9 | AA25: =IF($G25="","",IFERROR(MATCH($G25,Fertilisants!$B$8:$B$47,0),"")) -> 5 | AB25: =IF($Z25="","",INDEX(Îlots!$E$8:$E$57,$Z25)) -> 10.05 | AC25: =IF($Z25="","",INDEX(Îlots!$G$8:$G$57,$Z25)&"") -> Oui | AD25: =IF($Z25="","",IF($F25=ApportCouvert,OccCouvert,INDEX(Îlots!$O$8:$O$57,$Z25)&"")) -> Culture d'automne (hors colza) | AE25: =IF(OR($AD25="",$AC25="Non",ZoneVulnerable="Non"),"",IFERROR(MATCH($AD25,CalOccupations,0),"")) -> 1 | AF25: =IF($H25="","",IFERROR(MATCH($H25,CalTypes,0),"")) -> 7 | AG25: =IF(ISNUMBER($C25),MONTH($C25)*100+DAY($C25),"") -> 322 | AH25: =IF(OR($AE25="",$AF25=""),0,IF(N(INDEX(CalPrincipal,$AE25,$AF25+0))=0,0,MONTH(INDEX(CalPrincipal,$AE25,$AF25+0))*100+DAY(INDEX(CalPrincipal,$AE25,$AF25+0)))) -> 1001 | AI25: =IF(OR($AE25="",$AF25=""),0,IF(N(INDEX(CalPrincipal,$AE25,$AF25+1))=0,0,MONTH(INDEX(CalPrincipal,$AE25,$AF25+1))*100+DAY(INDEX(CalPrincipal,$AE25,$AF25+1)))) -> 131 | AJ25: =IF(OR($AE25="",$AF25=""),0,IF(N(INDEX(CalComplement,$AE25,$AF25+0))=0,0,MONTH(INDEX(CalComplement,$AE25,$AF25+0))*100+DAY(INDEX(CalComplement,$AE25,$AF25+0)))) -> 0 | AK25: =IF(OR($AE25="",$AF25=""),0,IF(N(INDEX(CalComplement,$AE25,$AF25+1))=0,0,MONTH(INDEX(CalComplement,$AE25,$AF25+1))*100+DAY(INDEX(CalComplement,$AE25,$AF25+1)))) -> 0 | AL25: =IF(OR($AE25="",$AF25="",$AG25=""),0,IF(OR(AND($AH25>0,IF($AH25<=$AI25,AND($AG25>=$AH25,$AG25<=$AI25),OR($AG25>=$AH25,$AG25<=$AI25))),AND($AJ25>0,IF($AJ25<=$AK25,AND($AG25>=$AJ25,$AG25<=$AK25),OR($AG25>=$AJ25,$AG25<=$AK25)))),1,0)) -> 0 | AM25: =IF($AA25="",0,IF(INDEX(Fertilisants!$C$8:$C$47,$AA25)="Effluent d'élevage",1,0)) -> 0 | AN25: =IF($AA25="","",IF(INDEX(Fertilisants!$C$8:$C$47,$AA25)="Engrais minéral","Minéral","Organique")) -> Organique | AO25: =IF(OR($I25="",$N25=""),"",$I25*$N25) -> 693.45 | AP25: =IF(OR($I25="",$O25=""),"",$I25*$O25) -> 402 | AQ25: =IF(OR($I25="",$P25=""),"",$I25*$P25) -> 1206 | AR25: =IF(AND($D25<>"",$D25=FicheIlot),COUNTIF($D$8:$D25,FicheIlot),"")
B26: =IF(C26="","",COUNT($C$8:C26)) -> 19 | C26: 46479 | D26: 05 – Les Rouches | E26: =IF($Z26="","",IF($F26=ApportCouvert,INDEX(Îlots!$I$8:$I$57,$Z26)&"",INDEX(Îlots!$N$8:$N$57,$Z26)&"")) -> Orge d'hiver | F26: Culture en place | G26: Ammonitrate 33,5 % | H26: =IF($AA26="","",INDEX(Fertilisants!$D$8:$D$47,$AA26)&"") -> Type III | I26: 12.75 | J26: 150 | K26: =IF($AA26="","",INDEX(Fertilisants!$E$8:$E$47,$AA26)&"") -> kg | L26: =IF(OR($I26="",$J26=""),"",$I26*$J26) -> 1912.5 | M26: =IF(OR($J26="",$AA26=""),"",$J26*N(INDEX(Fertilisants!$G$8:$G$47,$AA26))) -> 50.25 | N26: =IF(OR($J26="",$AA26=""),"",$J26*N(INDEX(Fertilisants!$I$8:$I$47,$AA26))) -> 50.25 | O26: =IF(OR($J26="",$AA26=""),"",$J26*N(INDEX(Fertilisants!$J$8:$J$47,$AA26))) -> 0 | P26: =IF(OR($J26="",$AA26=""),"",$J26*N(INDEX(Fertilisants!$K$8:$K$47,$AA26))) -> 0 | Q26: =IF(OR($I26="",$M26=""),"",$I26*$M26) -> 640.6875 | R26: Ressuyé | S26: Distributeur centrifuge | U26: Exploitant | V26: 46480 | W26: =IF($C26="","",IF(OR($D26="",$G26="",$I26="",$J26=""),"Incomplet",IF(OR($R26="Enneigé",$R26="Détrempé",$R26="Inondé",AND($R26="Gelé",$H26<>"Type 0",$H26<>"Type Ia")),"Sol interdit",IF($AL26=1,"Période interdite",IF(AND(ISNUMBER($AB26),$I26>$AB26+0.001),"Surface > îlot",IF(OR($C26<DebutCampagne,$C26>FinCampagne),"Hors campagne",IF(AND(ISNUMBER($V26),$V26-$C26>DelaiSaisie),"Saisie tardive","Conforme"))))))) -> Conforme | X26: Dernier apport | Z26: =IF($D26="","",IFERROR(MATCH($D26,Îlots!$D$8:$D$57,0),"")) -> 5 | AA26: =IF($G26="","",IFERROR(MATCH($G26,Fertilisants!$B$8:$B$47,0),"")) -> 6 | AB26: =IF($Z26="","",INDEX(Îlots!$E$8:$E$57,$Z26)) -> 12.75 | AC26: =IF($Z26="","",INDEX(Îlots!$G$8:$G$57,$Z26)&"") -> Oui | AD26: =IF($Z26="","",IF($F26=ApportCouvert,OccCouvert,INDEX(Îlots!$O$8:$O$57,$Z26)&"")) -> Culture d'automne (hors colza) | AE26: =IF(OR($AD26="",$AC26="Non",ZoneVulnerable="Non"),"",IFERROR(MATCH($AD26,CalOccupations,0),"")) -> 1 | AF26: =IF($H26="","",IFERROR(MATCH($H26,CalTypes,0),"")) -> 9 | AG26: =IF(ISNUMBER($C26),MONTH($C26)*100+DAY($C26),"") -> 402 | AH26: =IF(OR($AE26="",$AF26=""),0,IF(N(INDEX(CalPrincipal,$AE26,$AF26+0))=0,0,MONTH(INDEX(CalPrincipal,$AE26,$AF26+0))*100+DAY(INDEX(CalPrincipal,$AE26,$AF26+0)))) -> 901 | AI26: =IF(OR($AE26="",$AF26=""),0,IF(N(INDEX(CalPrincipal,$AE26,$AF26+1))=0,0,MONTH(INDEX(CalPrincipal,$AE26,$AF26+1))*100+DAY(INDEX(CalPrincipal,$AE26,$AF26+1)))) -> 131 | AJ26: =IF(OR($AE26="",$AF26=""),0,IF(N(INDEX(CalComplement,$AE26,$AF26+0))=0,0,MONTH(INDEX(CalComplement,$AE26,$AF26+0))*100+DAY(INDEX(CalComplement,$AE26,$AF26+0)))) -> 0 | AK26: =IF(OR($AE26="",$AF26=""),0,IF(N(INDEX(CalComplement,$AE26,$AF26+1))=0,0,MONTH(INDEX(CalComplement,$AE26,$AF26+1))*100+DAY(INDEX(CalComplement,$AE26,$AF26+1)))) -> 0 | AL26: =IF(OR($AE26="",$AF26="",$AG26=""),0,IF(OR(AND($AH26>0,IF($AH26<=$AI26,AND($AG26>=$AH26,$AG26<=$AI26),OR($AG26>=$AH26,$AG26<=$AI26))),AND($AJ26>0,IF($AJ26<=$AK26,AND($AG26>=$AJ26,$AG26<=$AK26),OR($AG26>=$AJ26,$AG26<=$AK26)))),1,0)) -> 0 | AM26: =IF($AA26="",0,IF(INDEX(Fertilisants!$C$8:$C$47,$AA26)="Effluent d'élevage",1,0)) -> 0 | AN26: =IF($AA26="","",IF(INDEX(Fertilisants!$C$8:$C$47,$AA26)="Engrais minéral","Minéral","Organique")) -> Minéral | AO26: =IF(OR($I26="",$N26=""),"",$I26*$N26) -> 640.6875 | AP26: =IF(OR($I26="",$O26=""),"",$I26*$O26) -> 0 | AQ26: =IF(OR($I26="",$P26=""),"",$I26*$P26) -> 0 | AR26: =IF(AND($D26<>"",$D26=FicheIlot),COUNTIF($D$8:$D26,FicheIlot),"")
B27: =IF(C27="","",COUNT($C$8:C27)) -> 20 | C27: 46489 | D27: 08 – Les Terres Fortes | E27: =IF($Z27="","",IF($F27=ApportCouvert,INDEX(Îlots!$I$8:$I$57,$Z27)&"",INDEX(Îlots!$N$8:$N$57,$Z27)&"")) -> Orge de printemps | F27: Culture en place | G27: Ammonitrate 33,5 % | H27: =IF($AA27="","",INDEX(Fertilisants!$D$8:$D$47,$AA27)&"") -> Type III | I27: 13.1 | J27: 110 | K27: =IF($AA27="","",INDEX(Fertilisants!$E$8:$E$47,$AA27)&"") -> kg | L27: =IF(OR($I27="",$J27=""),"",$I27*$J27) -> 1441 | M27: =IF(OR($J27="",$AA27=""),"",$J27*N(INDEX(Fertilisants!$G$8:$G$47,$AA27))) -> 36.85 | N27: =IF(OR($J27="",$AA27=""),"",$J27*N(INDEX(Fertilisants!$I$8:$I$47,$AA27))) -> 36.85 | O27: =IF(OR($J27="",$AA27=""),"",$J27*N(INDEX(Fertilisants!$J$8:$J$47,$AA27))) -> 0 | P27: =IF(OR($J27="",$AA27=""),"",$J27*N(INDEX(Fertilisants!$K$8:$K$47,$AA27))) -> 0 | Q27: =IF(OR($I27="",$M27=""),"",$I27*$M27) -> 482.735 | R27: Ressuyé | S27: Distributeur centrifuge | U27: Salarié de l'exploitation | V27: 46532 | W27: =IF($C27="","",IF(OR($D27="",$G27="",$I27="",$J27=""),"Incomplet",IF(OR($R27="Enneigé",$R27="Détrempé",$R27="Inondé",AND($R27="Gelé",$H27<>"Type 0",$H27<>"Type Ia")),"Sol interdit",IF($AL27=1,"Période interdite",IF(AND(ISNUMBER($AB27),$I27>$AB27+0.001),"Surface > îlot",IF(OR($C27<DebutCampagne,$C27>FinCampagne),"Hors campagne",IF(AND(ISNUMBER($V27),$V27-$C27>DelaiSaisie),"Saisie tardive","Conforme"))))))) -> Saisie tardive | X27: Saisie reportée | Z27: =IF($D27="","",IFERROR(MATCH($D27,Îlots!$D$8:$D$57,0),"")) -> 8 | AA27: =IF($G27="","",IFERROR(MATCH($G27,Fertilisants!$B$8:$B$47,0),"")) -> 6 | AB27: =IF($Z27="","",INDEX(Îlots!$E$8:$E$57,$Z27)) -> 13.1 | AC27: =IF($Z27="","",INDEX(Îlots!$G$8:$G$57,$Z27)&"") -> Oui | AD27: =IF($Z27="","",IF($F27=ApportCouvert,OccCouvert,INDEX(Îlots!$O$8:$O$57,$Z27)&"")) -> Culture de printemps | AE27: =IF(OR($AD27="",$AC27="Non",ZoneVulnerable="Non"),"",IFERROR(MATCH($AD27,CalOccupations,0),"")) -> 3 | AF27: =IF($H27="","",IFERROR(MATCH($H27,CalTypes,0),"")) -> 9 | AG27: =IF(ISNUMBER($C27),MONTH($C27)*100+DAY($C27),"") -> 412 | AH27: =IF(OR($AE27="",$AF27=""),0,IF(N(INDEX(CalPrincipal,$AE27,$AF27+0))=0,0,MONTH(INDEX(CalPrincipal,$AE27,$AF27+0))*100+DAY(INDEX(CalPrincipal,$AE27,$AF27+0)))) -> 701 | AI27: =IF(OR($AE27="",$AF27=""),0,IF(N(INDEX(CalPrincipal,$AE27,$AF27+1))=0,0,MONTH(INDEX(CalPrincipal,$AE27,$AF27+1))*100+DAY(INDEX(CalPrincipal,$AE27,$AF27+1)))) -> 215 | AJ27: =IF(OR($AE27="",$AF27=""),0,IF(N(INDEX(CalComplement,$AE27,$AF27+0))=0,0,MONTH(INDEX(CalComplement,$AE27,$AF27+0))*100+DAY(INDEX(CalComplement,$AE27,$AF27+0)))) -> 0 | AK27: =IF(OR($AE27="",$AF27=""),0,IF(N(INDEX(CalComplement,$AE27,$AF27+1))=0,0,MONTH(INDEX(CalComplement,$AE27,$AF27+1))*100+DAY(INDEX(CalComplement,$AE27,$AF27+1)))) -> 0 | AL27: =IF(OR($AE27="",$AF27="",$AG27=""),0,IF(OR(AND($AH27>0,IF($AH27<=$AI27,AND($AG27>=$AH27,$AG27<=$AI27),OR($AG27>=$AH27,$AG27<=$AI27))),AND($AJ27>0,IF($AJ27<=$AK27,AND($AG27>=$AJ27,$AG27<=$AK27),OR($AG27>=$AJ27,$AG27<=$AK27)))),1,0)) -> 0 | AM27: =IF($AA27="",0,IF(INDEX(Fertilisants!$C$8:$C$47,$AA27)="Effluent d'élevage",1,0)) -> 0 | AN27: =IF($AA27="","",IF(INDEX(Fertilisants!$C$8:$C$47,$AA27)="Engrais minéral","Minéral","Organique")) -> Minéral | AO27: =IF(OR($I27="",$N27=""),"",$I27*$N27) -> 482.735 | AP27: =IF(OR($I27="",$O27=""),"",$I27*$O27) -> 0 | AQ27: =IF(OR($I27="",$P27=""),"",$I27*$P27) -> 0 | AR27: =IF(AND($D27<>"",$D27=FicheIlot),COUNTIF($D$8:$D27,FicheIlot),"")
B28: =IF(C28="","",COUNT($C$8:C28)) -> 21 | C28: 46492 | D28: 09 – Les Sablons | E28: =IF($Z28="","",IF($F28=ApportCouvert,INDEX(Îlots!$I$8:$I$57,$Z28)&"",INDEX(Îlots!$N$8:$N$57,$Z28)&"")) -> Triticale | F28: Culture en place | G28: Urée 46 % | H28: =IF($AA28="","",INDEX(Fertilisants!$D$8:$D$47,$AA28)&"") -> Type III | I28: 10.05 | J28: 60 | K28: =IF($AA28="","",INDEX(Fertilisants!$E$8:$E$47,$AA28)&"") -> kg | L28: =IF(OR($I28="",$J28=""),"",$I28*$J28) -> 603 | M28: =IF(OR($J28="",$AA28=""),"",$J28*N(INDEX(Fertilisants!$G$8:$G$47,$AA28))) -> 27.6 | N28: =IF(OR($J28="",$AA28=""),"",$J28*N(INDEX(Fertilisants!$I$8:$I$47,$AA28))) -> 27.6 | O28: =IF(OR($J28="",$AA28=""),"",$J28*N(INDEX(Fertilisants!$J$8:$J$47,$AA28))) -> 0 | P28: =IF(OR($J28="",$AA28=""),"",$J28*N(INDEX(Fertilisants!$K$8:$K$47,$AA28))) -> 0 | Q28: =IF(OR($I28="",$M28=""),"",$I28*$M28) -> 277.38 | R28: Ressuyé | S28: Distributeur centrifuge | U28: Exploitant | V28: 46493 | W28: =IF($C28="","",IF(OR($D28="",$G28="",$I28="",$J28=""),"Incomplet",IF(OR($R28="Enneigé",$R28="Détrempé",$R28="Inondé",AND($R28="Gelé",$H28<>"Type 0",$H28<>"Type Ia")),"Sol interdit",IF($AL28=1,"Période interdite",IF(AND(ISNUMBER($AB28),$I28>$AB28+0.001),"Surface > îlot",IF(OR($C28<DebutCampagne,$C28>FinCampagne),"Hors campagne",IF(AND(ISNUMBER($V28),$V28-$C28>DelaiSaisie),"Saisie tardive","Conforme"))))))) -> Conforme | Z28: =IF($D28="","",IFERROR(MATCH($D28,Îlots!$D$8:$D$57,0),"")) -> 9 | AA28: =IF($G28="","",IFERROR(MATCH($G28,Fertilisants!$B$8:$B$47,0),"")) -> 8 | AB28: =IF($Z28="","",INDEX(Îlots!$E$8:$E$57,$Z28)) -> 10.05 | AC28: =IF($Z28="","",INDEX(Îlots!$G$8:$G$57,$Z28)&"") -> Oui | AD28: =IF($Z28="","",IF($F28=ApportCouvert,OccCouvert,INDEX(Îlots!$O$8:$O$57,$Z28)&"")) -> Culture d'automne (hors colza) | AE28: =IF(OR($AD28="",$AC28="Non",ZoneVulnerable="Non"),"",IFERROR(MATCH($AD28,CalOccupations,0),"")) -> 1 | AF28: =IF($H28="","",IFERROR(MATCH($H28,CalTypes,0),"")) -> 9 | AG28: =IF(ISNUMBER($C28),MONTH($C28)*100+DAY($C28),"") -> 415 | AH28: =IF(OR($AE28="",$AF28=""),0,IF(N(INDEX(CalPrincipal,$AE28,$AF28+0))=0,0,MONTH(INDEX(CalPrincipal,$AE28,$AF28+0))*100+DAY(INDEX(CalPrincipal,$AE28,$AF28+0)))) -> 901 | AI28: =IF(OR($AE28="",$AF28=""),0,IF(N(INDEX(CalPrincipal,$AE28,$AF28+1))=0,0,MONTH(INDEX(CalPrincipal,$AE28,$AF28+1))*100+DAY(INDEX(CalPrincipal,$AE28,$AF28+1)))) -> 131 | AJ28: =IF(OR($AE28="",$AF28=""),0,IF(N(INDEX(CalComplement,$AE28,$AF28+0))=0,0,MONTH(INDEX(CalComplement,$AE28,$AF28+0))*100+DAY(INDEX(CalComplement,$AE28,$AF28+0)))) -> 0 | AK28: =IF(OR($AE28="",$AF28=""),0,IF(N(INDEX(CalComplement,$AE28,$AF28+1))=0,0,MONTH(INDEX(CalComplement,$AE28,$AF28+1))*100+DAY(INDEX(CalComplement,$AE28,$AF28+1)))) -> 0 | AL28: =IF(OR($AE28="",$AF28="",$AG28=""),0,IF(OR(AND($AH28>0,IF($AH28<=$AI28,AND($AG28>=$AH28,$AG28<=$AI28),OR($AG28>=$AH28,$AG28<=$AI28))),AND($AJ28>0,IF($AJ28<=$AK28,AND($AG28>=$AJ28,$AG28<=$AK28),OR($AG28>=$AJ28,$AG28<=$AK28)))),1,0)) -> 0 | AM28: =IF($AA28="",0,IF(INDEX(Fertilisants!$C$8:$C$47,$AA28)="Effluent d'élevage",1,0)) -> 0 | AN28: =IF($AA28="","",IF(INDEX(Fertilisants!$C$8:$C$47,$AA28)="Engrais minéral","Minéral","Organique")) -> Minéral | AO28: =IF(OR($I28="",$N28=""),"",$I28*$N28) -> 277.38 | AP28: =IF(OR($I28="",$O28=""),"",$I28*$O28) -> 0 | AQ28: =IF(OR($I28="",$P28=""),"",$I28*$P28) -> 0 | AR28: =IF(AND($D28<>"",$D28=FicheIlot),COUNTIF($D$8:$D28,FicheIlot),"")
B29: =IF(C29="","",COUNT($C$8:C29)) -> 22 | C29: 46492 | D29: 01 – La Croix Blanche | E29: =IF($Z29="","",IF($F29=ApportCouvert,INDEX(Îlots!$I$8:$I$57,$Z29)&"",INDEX(Îlots!$N$8:$N$57,$Z29)&"")) -> Maïs ensilage | F29: Sol nu avant semis | G29: Lisier de bovins | H29: =IF($AA29="","",INDEX(Fertilisants!$D$8:$D$47,$AA29)&"") -> Type II | I29: 14.8 | J29: 35 | K29: =IF($AA29="","",INDEX(Fertilisants!$E$8:$E$47,$AA29)&"") -> m³ | L29: =IF(OR($I29="",$J29=""),"",$I29*$J29) -> 518 | M29: =IF(OR($J29="",$AA29=""),"",$J29*N(INDEX(Fertilisants!$G$8:$G$47,$AA29))) -> 140 | N29: =IF(OR($J29="",$AA29=""),"",$J29*N(INDEX(Fertilisants!$I$8:$I$47,$AA29))) -> 70 | O29: =IF(OR($J29="",$AA29=""),"",$J29*N(INDEX(Fertilisants!$J$8:$J$47,$AA29))) -> 59.5 | P29: =IF(OR($J29="",$AA29=""),"",$J29*N(INDEX(Fertilisants!$K$8:$K$47,$AA29))) -> 161 | Q29: =IF(OR($I29="",$M29=""),"",$I29*$M29) -> 2072 | R29: Ressuyé | S29: Tonne – enfouisseur | T29: 0 | U29: Entreprise de travaux (ETA) | V29: 46494 | W29: =IF($C29="","",IF(OR($D29="",$G29="",$I29="",$J29=""),"Incomplet",IF(OR($R29="Enneigé",$R29="Détrempé",$R29="Inondé",AND($R29="Gelé",$H29<>"Type 0",$H29<>"Type Ia")),"Sol interdit",IF($AL29=1,"Période interdite",IF(AND(ISNUMBER($AB29),$I29>$AB29+0.001),"Surface > îlot",IF(OR($C29<DebutCampagne,$C29>FinCampagne),"Hors campagne",IF(AND(ISNUMBER($V29),$V29-$C29>DelaiSaisie),"Saisie tardive","Conforme"))))))) -> Conforme | X29: Avant semis du maïs | Z29: =IF($D29="","",IFERROR(MATCH($D29,Îlots!$D$8:$D$57,0),"")) -> 1 | AA29: =IF($G29="","",IFERROR(MATCH($G29,Fertilisants!$B$8:$B$47,0),"")) -> 2 | AB29: =IF($Z29="","",INDEX(Îlots!$E$8:$E$57,$Z29)) -> 14.8 | AC29: =IF($Z29="","",INDEX(Îlots!$G$8:$G$57,$Z29)&"") -> Oui | AD29: =IF($Z29="","",IF($F29=ApportCouvert,OccCouvert,INDEX(Îlots!$O$8:$O$57,$Z29)&"")) -> Culture de printemps | AE29: =IF(OR($AD29="",$AC29="Non",ZoneVulnerable="Non"),"",IFERROR(MATCH($AD29,CalOccupations,0),"")) -> 3 | AF29: =IF($H29="","",IFERROR(MATCH($H29,CalTypes,0),"")) -> 7 | AG29: =IF(ISNUMBER($C29),MONTH($C29)*100+DAY($C29),"") -> 415 | AH29: =IF(OR($AE29="",$AF29=""),0,IF(N(INDEX(CalPrincipal,$AE29,$AF29+0))=0,0,MONTH(INDEX(CalPrincipal,$AE29,$AF29+0))*100+DAY(INDEX(CalPrincipal,$AE29,$AF29+0)))) -> 701 | AI29: =IF(OR($AE29="",$AF29=""),0,IF(N(INDEX(CalPrincipal,$AE29,$AF29+1))=0,0,MONTH(INDEX(CalPrincipal,$AE29,$AF29+1))*100+DAY(INDEX(CalPrincipal,$AE29,$AF29+1)))) -> 115 | AJ29: =IF(OR($AE29="",$AF29=""),0,IF(N(INDEX(CalComplement,$AE29,$AF29+0))=0,0,MONTH(INDEX(CalComplement,$AE29,$AF29+0))*100+DAY(INDEX(CalComplement,$AE29,$AF29+0)))) -> 0 | AK29: =IF(OR($AE29="",$AF29=""),0,IF(N(INDEX(CalComplement,$AE29,$AF29+1))=0,0,MONTH(INDEX(CalComplement,$AE29,$AF29+1))*100+DAY(INDEX(CalComplement,$AE29,$AF29+1)))) -> 0 | AL29: =IF(OR($AE29="",$AF29="",$AG29=""),0,IF(OR(AND($AH29>0,IF($AH29<=$AI29,AND($AG29>=$AH29,$AG29<=$AI29),OR($AG29>=$AH29,$AG29<=$AI29))),AND($AJ29>0,IF($AJ29<=$AK29,AND($AG29>=$AJ29,$AG29<=$AK29),OR($AG29>=$AJ29,$AG29<=$AK29)))),1,0)) -> 0 | AM29: =IF($AA29="",0,IF(INDEX(Fertilisants!$C$8:$C$47,$AA29)="Effluent d'élevage",1,0)) -> 1 | AN29: =IF($AA29="","",IF(INDEX(Fertilisants!$C$8:$C$47,$AA29)="Engrais minéral","Minéral","Organique")) -> Organique | AO29: =IF(OR($I29="",$N29=""),"",$I29*$N29) -> 1036 | AP29: =IF(OR($I29="",$O29=""),"",$I29*$O29) -> 880.6 | AQ29: =IF(OR($I29="",$P29=""),"",$I29*$P29) -> 2382.8 | AR29: =IF(AND($D29<>"",$D29=FicheIlot),COUNTIF($D$8:$D29,FicheIlot),"")
B30: =IF(C30="","",COUNT($C$8:C30)) -> 23 | C30: 46497 | D30: 02 – Les Noues | E30: =IF($Z30="","",IF($F30=ApportCouvert,INDEX(Îlots!$I$8:$I$57,$Z30)&"",INDEX(Îlots!$N$8:$N$57,$Z30)&"")) -> Blé tendre d'hiver | F30: Culture en place | G30: Ammonitrate 33,5 % | H30: =IF($AA30="","",INDEX(Fertilisants!$D$8:$D$47,$AA30)&"") -> Type III | I30: 11.35 | J30: 120 | K30: =IF($AA30="","",INDEX(Fertilisants!$E$8:$E$47,$AA30)&"") -> kg | L30: =IF(OR($I30="",$J30=""),"",$I30*$J30) -> 1362 | M30: =IF(OR($J30="",$AA30=""),"",$J30*N(INDEX(Fertilisants!$G$8:$G$47,$AA30))) -> 40.2 | N30: =IF(OR($J30="",$AA30=""),"",$J30*N(INDEX(Fertilisants!$I$8:$I$47,$AA30))) -> 40.2 | O30: =IF(OR($J30="",$AA30=""),"",$J30*N(INDEX(Fertilisants!$J$8:$J$47,$AA30))) -> 0 | P30: =IF(OR($J30="",$AA30=""),"",$J30*N(INDEX(Fertilisants!$K$8:$K$47,$AA30))) -> 0 | Q30: =IF(OR($I30="",$M30=""),"",$I30*$M30) -> 456.27 | R30: Ressuyé | S30: Distributeur centrifuge | U30: Exploitant | V30: 46498 | W30: =IF($C30="","",IF(OR($D30="",$G30="",$I30="",$J30=""),"Incomplet",IF(OR($R30="Enneigé",$R30="Détrempé",$R30="Inondé",AND($R30="Gelé",$H30<>"Type 0",$H30<>"Type Ia")),"Sol interdit",IF($AL30=1,"Période interdite",IF(AND(ISNUMBER($AB30),$I30>$AB30+0.001),"Surface > îlot",IF(OR($C30<DebutCampagne,$C30>FinCampagne),"Hors campagne",IF(AND(ISNUMBER($V30),$V30-$C30>DelaiSaisie),"Saisie tardive","Conforme"))))))) -> Conforme | X30: Dernier apport – 2 nœuds | Z30: =IF($D30="","",IFERROR(MATCH($D30,Îlots!$D$8:$D$57,0),"")) -> 2 | AA30: =IF($G30="","",IFERROR(MATCH($G30,Fertilisants!$B$8:$B$47,0),"")) -> 6 | AB30: =IF($Z30="","",INDEX(Îlots!$E$8:$E$57,$Z30)) -> 11.35 | AC30: =IF($Z30="","",INDEX(Îlots!$G$8:$G$57,$Z30)&"") -> Oui | AD30: =IF($Z30="","",IF($F30=ApportCouvert,OccCouvert,INDEX(Îlots!$O$8:$O$57,$Z30)&"")) -> Culture d'automne (hors colza) | AE30: =IF(OR($AD30="",$AC30="Non",ZoneVulnerable="Non"),"",IFERROR(MATCH($AD30,CalOccupations,0),"")) -> 1 | AF30: =IF($H30="","",IFERROR(MATCH($H30,CalTypes,0),"")) -> 9 | AG30: =IF(ISNUMBER($C30),MONTH($C30)*100+DAY($C30),"") -> 420 | AH30: =IF(OR($AE30="",$AF30=""),0,IF(N(INDEX(CalPrincipal,$AE30,$AF30+0))=0,0,MONTH(INDEX(CalPrincipal,$AE30,$AF30+0))*100+DAY(INDEX(CalPrincipal,$AE30,$AF30+0)))) -> 901 | AI30: =IF(OR($AE30="",$AF30=""),0,IF(N(INDEX(CalPrincipal,$AE30,$AF30+1))=0,0,MONTH(INDEX(CalPrincipal,$AE30,$AF30+1))*100+DAY(INDEX(CalPrincipal,$AE30,$AF30+1)))) -> 131 | AJ30: =IF(OR($AE30="",$AF30=""),0,IF(N(INDEX(CalComplement,$AE30,$AF30+0))=0,0,MONTH(INDEX(CalComplement,$AE30,$AF30+0))*100+DAY(INDEX(CalComplement,$AE30,$AF30+0)))) -> 0 | AK30: =IF(OR($AE30="",$AF30=""),0,IF(N(INDEX(CalComplement,$AE30,$AF30+1))=0,0,MONTH(INDEX(CalComplement,$AE30,$AF30+1))*100+DAY(INDEX(CalComplement,$AE30,$AF30+1)))) -> 0 | AL30: =IF(OR($AE30="",$AF30="",$AG30=""),0,IF(OR(AND($AH30>0,IF($AH30<=$AI30,AND($AG30>=$AH30,$AG30<=$AI30),OR($AG30>=$AH30,$AG30<=$AI30))),AND($AJ30>0,IF($AJ30<=$AK30,AND($AG30>=$AJ30,$AG30<=$AK30),OR($AG30>=$AJ30,$AG30<=$AK30)))),1,0)) -> 0 | AM30: =IF($AA30="",0,IF(INDEX(Fertilisants!$C$8:$C$47,$AA30)="Effluent d'élevage",1,0)) -> 0 | AN30: =IF($AA30="","",IF(INDEX(Fertilisants!$C$8:$C$47,$AA30)="Engrais minéral","Minéral","Organique")) -> Minéral | AO30: =IF(OR($I30="",$N30=""),"",$I30*$N30) -> 456.27 | AP30: =IF(OR($I30="",$O30=""),"",$I30*$O30) -> 0 | AQ30: =IF(OR($I30="",$P30=""),"",$I30*$P30) -> 0 | AR30: =IF(AND($D30<>"",$D30=FicheIlot),COUNTIF($D$8:$D30,FicheIlot),"")
B31: =IF(C31="","",COUNT($C$8:C31)) -> 24 | C31: 46505 | D31: 01 – La Croix Blanche | E31: =IF($Z31="","",IF($F31=ApportCouvert,INDEX(Îlots!$I$8:$I$57,$Z31)&"",INDEX(Îlots!$N$8:$N$57,$Z31)&"")) -> Maïs ensilage | F31: Sol nu avant semis | G31: Engrais 18-46-0 | H31: =IF($AA31="","",INDEX(Fertilisants!$D$8:$D$47,$AA31)&"") -> Type III | I31: 14.8 | J31: 100 | K31: =IF($AA31="","",INDEX(Fertilisants!$E$8:$E$47,$AA31)&"") -> kg | L31: =IF(OR($I31="",$J31=""),"",$I31*$J31) -> 1480 | M31: =IF(OR($J31="",$AA31=""),"",$J31*N(INDEX(Fertilisants!$G$8:$G$47,$AA31))) -> 18 | N31: =IF(OR($J31="",$AA31=""),"",$J31*N(INDEX(Fertilisants!$I$8:$I$47,$AA31))) -> 18 | O31: =IF(OR($J31="",$AA31=""),"",$J31*N(INDEX(Fertilisants!$J$8:$J$47,$AA31))) -> 46 | P31: =IF(OR($J31="",$AA31=""),"",$J31*N(INDEX(Fertilisants!$K$8:$K$47,$AA31))) -> 0 | Q31: =IF(OR($I31="",$M31=""),"",$I31*$M31) -> 266.4 | R31: Ressuyé | S31: Semoir (localisé au semis) | U31: Exploitant | V31: 46506 | W31: =IF($C31="","",IF(OR($D31="",$G31="",$I31="",$J31=""),"Incomplet",IF(OR($R31="Enneigé",$R31="Détrempé",$R31="Inondé",AND($R31="Gelé",$H31<>"Type 0",$H31<>"Type Ia")),"Sol interdit",IF($AL31=1,"Période interdite",IF(AND(ISNUMBER($AB31),$I31>$AB31+0.001),"Surface > îlot",IF(OR($C31<DebutCampagne,$C31>FinCampagne),"Hors campagne",IF(AND(ISNUMBER($V31),$V31-$C31>DelaiSaisie),"Saisie tardive","Conforme"))))))) -> Conforme | X31: Localisé au semis | Z31: =IF($D31="","",IFERROR(MATCH($D31,Îlots!$D$8:$D$57,0),"")) -> 1 | AA31: =IF($G31="","",IFERROR(MATCH($G31,Fertilisants!$B$8:$B$47,0),"")) -> 10 | AB31: =IF($Z31="","",INDEX(Îlots!$E$8:$E$57,$Z31)) -> 14.8 | AC31: =IF($Z31="","",INDEX(Îlots!$G$8:$G$57,$Z31)&"") -> Oui | AD31: =IF($Z31="","",IF($F31=ApportCouvert,OccCouvert,INDEX(Îlots!$O$8:$O$57,$Z31)&"")) -> Culture de printemps | AE31: =IF(OR($AD31="",$AC31="Non",ZoneVulnerable="Non"),"",IFERROR(MATCH($AD31,CalOccupations,0),"")) -> 3 | AF31: =IF($H31="","",IFERROR(MATCH($H31,CalTypes,0),"")) -> 9 | AG31: =IF(ISNUMBER($C31),MONTH($C31)*100+DAY($C31),"") -> 428 | AH31: =IF(OR($AE31="",$AF31=""),0,IF(N(INDEX(CalPrincipal,$AE31,$AF31+0))=0,0,MONTH(INDEX(CalPrincipal,$AE31,$AF31+0))*100+DAY(INDEX(CalPrincipal,$AE31,$AF31+0)))) -> 701 | AI31: =IF(OR($AE31="",$AF31=""),0,IF(N(INDEX(CalPrincipal,$AE31,$AF31+1))=0,0,MONTH(INDEX(CalPrincipal,$AE31,$AF31+1))*100+DAY(INDEX(CalPrincipal,$AE31,$AF31+1)))) -> 215 | AJ31: =IF(OR($AE31="",$AF31=""),0,IF(N(INDEX(CalComplement,$AE31,$AF31+0))=0,0,MONTH(INDEX(CalComplement,$AE31,$AF31+0))*100+DAY(INDEX(CalComplement,$AE31,$AF31+0)))) -> 0 | AK31: =IF(OR($AE31="",$AF31=""),0,IF(N(INDEX(CalComplement,$AE31,$AF31+1))=0,0,MONTH(INDEX(CalComplement,$AE31,$AF31+1))*100+DAY(INDEX(CalComplement,$AE31,$AF31+1)))) -> 0 | AL31: =IF(OR($AE31="",$AF31="",$AG31=""),0,IF(OR(AND($AH31>0,IF($AH31<=$AI31,AND($AG31>=$AH31,$AG31<=$AI31),OR($AG31>=$AH31,$AG31<=$AI31))),AND($AJ31>0,IF($AJ31<=$AK31,AND($AG31>=$AJ31,$AG31<=$AK31),OR($AG31>=$AJ31,$AG31<=$AK31)))),1,0)) -> 0 | AM31: =IF($AA31="",0,IF(INDEX(Fertilisants!$C$8:$C$47,$AA31)="Effluent d'élevage",1,0)) -> 0 | AN31: =IF($AA31="","",IF(INDEX(Fertilisants!$C$8:$C$47,$AA31)="Engrais minéral","Minéral","Organique")) -> Minéral | AO31: =IF(OR($I31="",$N31=""),"",$I31*$N31) -> 266.4 | AP31: =IF(OR($I31="",$O31=""),"",$I31*$O31) -> 680.8 | AQ31: =IF(OR($I31="",$P31=""),"",$I31*$P31) -> 0 | AR31: =IF(AND($D31<>"",$D31=FicheIlot),COUNTIF($D$8:$D31,FicheIlot),"")
B32: =IF(C32="","",COUNT($C$8:C32)) -> 25 | C32: 46505 | D32: 04 – Le Paradis | E32: =IF($Z32="","",IF($F32=ApportCouvert,INDEX(Îlots!$I$8:$I$57,$Z32)&"",INDEX(Îlots!$N$8:$N$57,$Z32)&"")) -> Maïs ensilage | F32: Sol nu avant semis | G32: Lisier de bovins | H32: =IF($AA32="","",INDEX(Fertilisants!$D$8:$D$47,$AA32)&"") -> Type II | I32: 16.2 | J32: 30 | K32: =IF($AA32="","",INDEX(Fertilisants!$E$8:$E$47,$AA32)&"") -> m³ | L32: =IF(OR($I32="",$J32=""),"",$I32*$J32) -> 486 | M32: =IF(OR($J32="",$AA32=""),"",$J32*N(INDEX(Fertilisants!$G$8:$G$47,$AA32))) -> 120 | N32: =IF(OR($J32="",$AA32=""),"",$J32*N(INDEX(Fertilisants!$I$8:$I$47,$AA32))) -> 60 | O32: =IF(OR($J32="",$AA32=""),"",$J32*N(INDEX(Fertilisants!$J$8:$J$47,$AA32))) -> 51 | P32: =IF(OR($J32="",$AA32=""),"",$J32*N(INDEX(Fertilisants!$K$8:$K$47,$AA32))) -> 138 | Q32: =IF(OR($I32="",$M32=""),"",$I32*$M32) -> 1944 | R32: Ressuyé | S32: Tonne – enfouisseur | T32: 0 | U32: Entreprise de travaux (ETA) | V32: 46507 | W32: =IF($C32="","",IF(OR($D32="",$G32="",$I32="",$J32=""),"Incomplet",IF(OR($R32="Enneigé",$R32="Détrempé",$R32="Inondé",AND($R32="Gelé",$H32<>"Type 0",$H32<>"Type Ia")),"Sol interdit",IF($AL32=1,"Période interdite",IF(AND(ISNUMBER($AB32),$I32>$AB32+0.001),"Surface > îlot",IF(OR($C32<DebutCampagne,$C32>FinCampagne),"Hors campagne",IF(AND(ISNUMBER($V32),$V32-$C32>DelaiSaisie),"Saisie tardive","Conforme"))))))) -> Conforme | Z32: =IF($D32="","",IFERROR(MATCH($D32,Îlots!$D$8:$D$57,0),"")) -> 4 | AA32: =IF($G32="","",IFERROR(MATCH($G32,Fertilisants!$B$8:$B$47,0),"")) -> 2 | AB32: =IF($Z32="","",INDEX(Îlots!$E$8:$E$57,$Z32)) -> 16.2 | AC32: =IF($Z32="","",INDEX(Îlots!$G$8:$G$57,$Z32)&"") -> Oui | AD32: =IF($Z32="","",IF($F32=ApportCouvert,OccCouvert,INDEX(Îlots!$O$8:$O$57,$Z32)&"")) -> Culture de printemps | AE32: =IF(OR($AD32="",$AC32="Non",ZoneVulnerable="Non"),"",IFERROR(MATCH($AD32,CalOccupations,0),"")) -> 3 | AF32: =IF($H32="","",IFERROR(MATCH($H32,CalTypes,0),"")) -> 7 | AG32: =IF(ISNUMBER($C32),MONTH($C32)*100+DAY($C32),"") -> 428 | AH32: =IF(OR($AE32="",$AF32=""),0,IF(N(INDEX(CalPrincipal,$AE32,$AF32+0))=0,0,MONTH(INDEX(CalPrincipal,$AE32,$AF32+0))*100+DAY(INDEX(CalPrincipal,$AE32,$AF32+0)))) -> 701 | AI32: =IF(OR($AE32="",$AF32=""),0,IF(N(INDEX(CalPrincipal,$AE32,$AF32+1))=0,0,MONTH(INDEX(CalPrincipal,$AE32,$AF32+1))*100+DAY(INDEX(CalPrincipal,$AE32,$AF32+1)))) -> 115 | AJ32: =IF(OR($AE32="",$AF32=""),0,IF(N(INDEX(CalComplement,$AE32,$AF32+0))=0,0,MONTH(INDEX(CalComplement,$AE32,$AF32+0))*100+DAY(INDEX(CalComplement,$AE32,$AF32+0)))) -> 0 | AK32: =IF(OR($AE32="",$AF32=""),0,IF(N(INDEX(CalComplement,$AE32,$AF32+1))=0,0,MONTH(INDEX(CalComplement,$AE32,$AF32+1))*100+DAY(INDEX(CalComplement,$AE32,$AF32+1)))) -> 0 | AL32: =IF(OR($AE32="",$AF32="",$AG32=""),0,IF(OR(AND($AH32>0,IF($AH32<=$AI32,AND($AG32>=$AH32,$AG32<=$AI32),OR($AG32>=$AH32,$AG32<=$AI32))),AND($AJ32>0,IF($AJ32<=$AK32,AND($AG32>=$AJ32,$AG32<=$AK32),OR($AG32>=$AJ32,$AG32<=$AK32)))),1,0)) -> 0 | AM32: =IF($AA32="",0,IF(INDEX(Fertilisants!$C$8:$C$47,$AA32)="Effluent d'élevage",1,0)) -> 1 | AN32: =IF($AA32="","",IF(INDEX(Fertilisants!$C$8:$C$47,$AA32)="Engrais minéral","Minéral","Organique")) -> Organique | AO32: =IF(OR($I32="",$N32=""),"",$I32*$N32) -> 972 | AP32: =IF(OR($I32="",$O32=""),"",$I32*$O32) -> 826.2 | AQ32: =IF(OR($I32="",$P32=""),"",$I32*$P32) -> 2235.6 | AR32: =IF(AND($D32<>"",$D32=FicheIlot),COUNTIF($D$8:$D32,FicheIlot),"") -> 2
B33: =IF(C33="","",COUNT($C$8:C33)) -> 26 | C33: 46512 | D33: 04 – Le Paradis | E33: =IF($Z33="","",IF($F33=ApportCouvert,INDEX(Îlots!$I$8:$I$57,$Z33)&"",INDEX(Îlots!$N$8:$N$57,$Z33)&"")) -> Maïs ensilage | F33: Sol nu avant semis | G33: Engrais 18-46-0 | H33: =IF($AA33="","",INDEX(Fertilisants!$D$8:$D$47,$AA33)&"") -> Type III | I33: 16.2 | J33: 90 | K33: =IF($AA33="","",INDEX(Fertilisants!$E$8:$E$47,$AA33)&"") -> kg | L33: =IF(OR($I33="",$J33=""),"",$I33*$J33) -> 1458 | M33: =IF(OR($J33="",$AA33=""),"",$J33*N(INDEX(Fertilisants!$G$8:$G$47,$AA33))) -> 16.2 | N33: =IF(OR($J33="",$AA33=""),"",$J33*N(INDEX(Fertilisants!$I$8:$I$47,$AA33))) -> 16.2 | O33: =IF(OR($J33="",$AA33=""),"",$J33*N(INDEX(Fertilisants!$J$8:$J$47,$AA33))) -> 41.4 | P33: =IF(OR($J33="",$AA33=""),"",$J33*N(INDEX(Fertilisants!$K$8:$K$47,$AA33))) -> 0 | Q33: =IF(OR($I33="",$M33=""),"",$I33*$M33) -> 262.44 | R33: Ressuyé | S33: Semoir (localisé au semis) | U33: Exploitant | V33: 46513 | W33: =IF($C33="","",IF(OR($D33="",$G33="",$I33="",$J33=""),"Incomplet",IF(OR($R33="Enneigé",$R33="Détrempé",$R33="Inondé",AND($R33="Gelé",$H33<>"Type 0",$H33<>"Type Ia")),"Sol interdit",IF($AL33=1,"Période interdite",IF(AND(ISNUMBER($AB33),$I33>$AB33+0.001),"Surface > îlot",IF(OR($C33<DebutCampagne,$C33>FinCampagne),"Hors campagne",IF(AND(ISNUMBER($V33),$V33-$C33>DelaiSaisie),"Saisie tardive","Conforme"))))))) -> Conforme | X33: Localisé au semis | Z33: =IF($D33="","",IFERROR(MATCH($D33,Îlots!$D$8:$D$57,0),"")) -> 4 | AA33: =IF($G33="","",IFERROR(MATCH($G33,Fertilisants!$B$8:$B$47,0),"")) -> 10 | AB33: =IF($Z33="","",INDEX(Îlots!$E$8:$E$57,$Z33)) -> 16.2 | AC33: =IF($Z33="","",INDEX(Îlots!$G$8:$G$57,$Z33)&"") -> Oui | AD33: =IF($Z33="","",IF($F33=ApportCouvert,OccCouvert,INDEX(Îlots!$O$8:$O$57,$Z33)&"")) -> Culture de printemps | AE33: =IF(OR($AD33="",$AC33="Non",ZoneVulnerable="Non"),"",IFERROR(MATCH($AD33,CalOccupations,0),"")) -> 3 | AF33: =IF($H33="","",IFERROR(MATCH($H33,CalTypes,0),"")) -> 9 | AG33: =IF(ISNUMBER($C33),MONTH($C33)*100+DAY($C33),"") -> 505 | AH33: =IF(OR($AE33="",$AF33=""),0,IF(N(INDEX(CalPrincipal,$AE33,$AF33+0))=0,0,MONTH(INDEX(CalPrincipal,$AE33,$AF33+0))*100+DAY(INDEX(CalPrincipal,$AE33,$AF33+0)))) -> 701 | AI33: =IF(OR($AE33="",$AF33=""),0,IF(N(INDEX(CalPrincipal,$AE33,$AF33+1))=0,0,MONTH(INDEX(CalPrincipal,$AE33,$AF33+1))*100+DAY(INDEX(CalPrincipal,$AE33,$AF33+1)))) -> 215 | AJ33: =IF(OR($AE33="",$AF33=""),0,IF(N(INDEX(CalComplement,$AE33,$AF33+0))=0,0,MONTH(INDEX(CalComplement,$AE33,$AF33+0))*100+DAY(INDEX(CalComplement,$AE33,$AF33+0)))) -> 0 | AK33: =IF(OR($AE33="",$AF33=""),0,IF(N(INDEX(CalComplement,$AE33,$AF33+1))=0,0,MONTH(INDEX(CalComplement,$AE33,$AF33+1))*100+DAY(INDEX(CalComplement,$AE33,$AF33+1)))) -> 0 | AL33: =IF(OR($AE33="",$AF33="",$AG33=""),0,IF(OR(AND($AH33>0,IF($AH33<=$AI33,AND($AG33>=$AH33,$AG33<=$AI33),OR($AG33>=$AH33,$AG33<=$AI33))),AND($AJ33>0,IF($AJ33<=$AK33,AND($AG33>=$AJ33,$AG33<=$AK33),OR($AG33>=$AJ33,$AG33<=$AK33)))),1,0)) -> 0 | AM33: =IF($AA33="",0,IF(INDEX(Fertilisants!$C$8:$C$47,$AA33)="Effluent d'élevage",1,0)) -> 0 | AN33: =IF($AA33="","",IF(INDEX(Fertilisants!$C$8:$C$47,$AA33)="Engrais minéral","Minéral","Organique")) -> Minéral | AO33: =IF(OR($I33="",$N33=""),"",$I33*$N33) -> 262.44 | AP33: =IF(OR($I33="",$O33=""),"",$I33*$O33) -> 670.68 | AQ33: =IF(OR($I33="",$P33=""),"",$I33*$P33) -> 0 | AR33: =IF(AND($D33<>"",$D33=FicheIlot),COUNTIF($D$8:$D33,FicheIlot),"") -> 3
B34: =IF(C34="","",COUNT($C$8:C34)) -> 27 | C34: 46535 | D34: 07 – La Fosse aux Loups | E34: =IF($Z34="","",IF($F34=ApportCouvert,INDEX(Îlots!$I$8:$I$57,$Z34)&"",INDEX(Îlots!$N$8:$N$57,$Z34)&"")) -> Prairie temporaire | F34: Culture en place | G34: Ammonitrate 33,5 % | H34: =IF($AA34="","",INDEX(Fertilisants!$D$8:$D$47,$AA34)&"") -> Type III | I34: 7.45 | J34: 150 | K34: =IF($AA34="","",INDEX(Fertilisants!$E$8:$E$47,$AA34)&"") -> kg | L34: =IF(OR($I34="",$J34=""),"",$I34*$J34) -> 1117.5 | M34: =IF(OR($J34="",$AA34=""),"",$J34*N(INDEX(Fertilisants!$G$8:$G$47,$AA34))) -> 50.25 | N34: =IF(OR($J34="",$AA34=""),"",$J34*N(INDEX(Fertilisants!$I$8:$I$47,$AA34))) -> 50.25 | O34: =IF(OR($J34="",$AA34=""),"",$J34*N(INDEX(Fertilisants!$J$8:$J$47,$AA34))) -> 0 | P34: =IF(OR($J34="",$AA34=""),"",$J34*N(INDEX(Fertilisants!$K$8:$K$47,$AA34))) -> 0 | Q34: =IF(OR($I34="",$M34=""),"",$I34*$M34) -> 374.3625 | R34: Ressuyé | S34: Distributeur centrifuge | U34: Exploitant | V34: 46536 | W34: =IF($C34="","",IF(OR($D34="",$G34="",$I34="",$J34=""),"Incomplet",IF(OR($R34="Enneigé",$R34="Détrempé",$R34="Inondé",AND($R34="Gelé",$H34<>"Type 0",$H34<>"Type Ia")),"Sol interdit",IF($AL34=1,"Période interdite",IF(AND(ISNUMBER($AB34),$I34>$AB34+0.001),"Surface > îlot",IF(OR($C34<DebutCampagne,$C34>FinCampagne),"Hors campagne",IF(AND(ISNUMBER($V34),$V34-$C34>DelaiSaisie),"Saisie tardive","Conforme"))))))) -> Conforme | X34: Après la 1re coupe | Z34: =IF($D34="","",IFERROR(MATCH($D34,Îlots!$D$8:$D$57,0),"")) -> 7 | AA34: =IF($G34="","",IFERROR(MATCH($G34,Fertilisants!$B$8:$B$47,0),"")) -> 6 | AB34: =IF($Z34="","",INDEX(Îlots!$E$8:$E$57,$Z34)) -> 7.45 | AC34: =IF($Z34="","",INDEX(Îlots!$G$8:$G$57,$Z34)&"") -> Non | AD34: =IF($Z34="","",IF($F34=ApportCouvert,OccCouvert,INDEX(Îlots!$O$8:$O$57,$Z34)&"")) -> Prairie > 6 mois et luzerne | AE34: =IF(OR($AD34="",$AC34="Non",ZoneVulnerable="Non"),"",IFERROR(MATCH($AD34,CalOccupations,0),"")) | AF34: =IF($H34="","",IFERROR(MATCH($H34,CalTypes,0),"")) -> 9 | AG34: =IF(ISNUMBER($C34),MONTH($C34)*100+DAY($C34),"") -> 528 | AH34: =IF(OR($AE34="",$AF34=""),0,IF(N(INDEX(CalPrincipal,$AE34,$AF34+0))=0,0,MONTH(INDEX(CalPrincipal,$AE34,$AF34+0))*100+DAY(INDEX(CalPrincipal,$AE34,$AF34+0)))) -> 0 | AI34: =IF(OR($AE34="",$AF34=""),0,IF(N(INDEX(CalPrincipal,$AE34,$AF34+1))=0,0,MONTH(INDEX(CalPrincipal,$AE34,$AF34+1))*100+DAY(INDEX(CalPrincipal,$AE34,$AF34+1)))) -> 0 | AJ34: =IF(OR($AE34="",$AF34=""),0,IF(N(INDEX(CalComplement,$AE34,$AF34+0))=0,0,MONTH(INDEX(CalComplement,$AE34,$AF34+0))*100+DAY(INDEX(CalComplement,$AE34,$AF34+0)))) -> 0 | AK34: =IF(OR($AE34="",$AF34=""),0,IF(N(INDEX(CalComplement,$AE34,$AF34+1))=0,0,MONTH(INDEX(CalComplement,$AE34,$AF34+1))*100+DAY(INDEX(CalComplement,$AE34,$AF34+1)))) -> 0 | AL34: =IF(OR($AE34="",$AF34="",$AG34=""),0,IF(OR(AND($AH34>0,IF($AH34<=$AI34,AND($AG34>=$AH34,$AG34<=$AI34),OR($AG34>=$AH34,$AG34<=$AI34))),AND($AJ34>0,IF($AJ34<=$AK34,AND($AG34>=$AJ34,$AG34<=$AK34),OR($AG34>=$AJ34,$AG34<=$AK34)))),1,0)) -> 0 | AM34: =IF($AA34="",0,IF(INDEX(Fertilisants!$C$8:$C$47,$AA34)="Effluent d'élevage",1,0)) -> 0 | AN34: =IF($AA34="","",IF(INDEX(Fertilisants!$C$8:$C$47,$AA34)="Engrais minéral","Minéral","Organique")) -> Minéral | AO34: =IF(OR($I34="",$N34=""),"",$I34*$N34) -> 374.3625 | AP34: =IF(OR($I34="",$O34=""),"",$I34*$O34) -> 0 | AQ34: =IF(OR($I34="",$P34=""),"",$I34*$P34) -> 0 | AR34: =IF(AND($D34<>"",$D34=FicheIlot),COUNTIF($D$8:$D34,FicheIlot),"")
B35: =IF(C35="","",COUNT($C$8:C35)) -> 28 | C35: 46540 | D35: 01 – La Croix Blanche | E35: =IF($Z35="","",IF($F35=ApportCouvert,INDEX(Îlots!$I$8:$I$57,$Z35)&"",INDEX(Îlots!$N$8:$N$57,$Z35)&"")) -> Maïs ensilage | F35: Culture en place | G35: Urée 46 % | H35: =IF($AA35="","",INDEX(Fertilisants!$D$8:$D$47,$AA35)&"") -> Type III | I35: 14.8 | J35: 85 | K35: =IF($AA35="","",INDEX(Fertilisants!$E$8:$E$47,$AA35)&"") -> kg | L35: =IF(OR($I35="",$J35=""),"",$I35*$J35) -> 1258 | M35: =IF(OR($J35="",$AA35=""),"",$J35*N(INDEX(Fertilisants!$G$8:$G$47,$AA35))) -> 39.1 | N35: =IF(OR($J35="",$AA35=""),"",$J35*N(INDEX(Fertilisants!$I$8:$I$47,$AA35))) -> 39.1 | O35: =IF(OR($J35="",$AA35=""),"",$J35*N(INDEX(Fertilisants!$J$8:$J$47,$AA35))) -> 0 | P35: =IF(OR($J35="",$AA35=""),"",$J35*N(INDEX(Fertilisants!$K$8:$K$47,$AA35))) -> 0 | Q35: =IF(OR($I35="",$M35=""),"",$I35*$M35) -> 578.68 | R35: Ressuyé | S35: Distributeur centrifuge | U35: Exploitant | V35: 46541 | W35: =IF($C35="","",IF(OR($D35="",$G35="",$I35="",$J35=""),"Incomplet",IF(OR($R35="Enneigé",$R35="Détrempé",$R35="Inondé",AND($R35="Gelé",$H35<>"Type 0",$H35<>"Type Ia")),"Sol interdit",IF($AL35=1,"Période interdite",IF(AND(ISNUMBER($AB35),$I35>$AB35+0.001),"Surface > îlot",IF(OR($C35<DebutCampagne,$C35>FinCampagne),"Hors campagne",IF(AND(ISNUMBER($V35),$V35-$C35>DelaiSaisie),"Saisie tardive","Conforme"))))))) -> Conforme | X35: Stade 6 feuilles | Z35: =IF($D35="","",IFERROR(MATCH($D35,Îlots!$D$8:$D$57,0),"")) -> 1 | AA35: =IF($G35="","",IFERROR(MATCH($G35,Fertilisants!$B$8:$B$47,0),"")) -> 8 | AB35: =IF($Z35="","",INDEX(Îlots!$E$8:$E$57,$Z35)) -> 14.8 | AC35: =IF($Z35="","",INDEX(Îlots!$G$8:$G$57,$Z35)&"") -> Oui | AD35: =IF($Z35="","",IF($F35=ApportCouvert,OccCouvert,INDEX(Îlots!$O$8:$O$57,$Z35)&"")) -> Culture de printemps | AE35: =IF(OR($AD35="",$AC35="Non",ZoneVulnerable="Non"),"",IFERROR(MATCH($AD35,CalOccupations,0),"")) -> 3 | AF35: =IF($H35="","",IFERROR(MATCH($H35,CalTypes,0),"")) -> 9 | AG35: =IF(ISNUMBER($C35),MONTH($C35)*100+DAY($C35),"") -> 602 | AH35: =IF(OR($AE35="",$AF35=""),0,IF(N(INDEX(CalPrincipal,$AE35,$AF35+0))=0,0,MONTH(INDEX(CalPrincipal,$AE35,$AF35+0))*100+DAY(INDEX(CalPrincipal,$AE35,$AF35+0)))) -> 701 | AI35: =IF(OR($AE35="",$AF35=""),0,IF(N(INDEX(CalPrincipal,$AE35,$AF35+1))=0,0,MONTH(INDEX(CalPrincipal,$AE35,$AF35+1))*100+DAY(INDEX(CalPrincipal,$AE35,$AF35+1)))) -> 215 | AJ35: =IF(OR($AE35="",$AF35=""),0,IF(N(INDEX(CalComplement,$AE35,$AF35+0))=0,0,MONTH(INDEX(CalComplement,$AE35,$AF35+0))*100+DAY(INDEX(CalComplement,$AE35,$AF35+0)))) -> 0 | AK35: =IF(OR($AE35="",$AF35=""),0,IF(N(INDEX(CalComplement,$AE35,$AF35+1))=0,0,MONTH(INDEX(CalComplement,$AE35,$AF35+1))*100+DAY(INDEX(CalComplement,$AE35,$AF35+1)))) -> 0 | AL35: =IF(OR($AE35="",$AF35="",$AG35=""),0,IF(OR(AND($AH35>0,IF($AH35<=$AI35,AND($AG35>=$AH35,$AG35<=$AI35),OR($AG35>=$AH35,$AG35<=$AI35))),AND($AJ35>0,IF($AJ35<=$AK35,AND($AG35>=$AJ35,$AG35<=$AK35),OR($AG35>=$AJ35,$AG35<=$AK35)))),1,0)) -> 0 | AM35: =IF($AA35="",0,IF(INDEX(Fertilisants!$C$8:$C$47,$AA35)="Effluent d'élevage",1,0)) -> 0 | AN35: =IF($AA35="","",IF(INDEX(Fertilisants!$C$8:$C$47,$AA35)="Engrais minéral","Minéral","Organique")) -> Minéral | AO35: =IF(OR($I35="",$N35=""),"",$I35*$N35) -> 578.68 | AP35: =IF(OR($I35="",$O35=""),"",$I35*$O35) -> 0 | AQ35: =IF(OR($I35="",$P35=""),"",$I35*$P35) -> 0 | AR35: =IF(AND($D35<>"",$D35=FicheIlot),COUNTIF($D$8:$D35,FicheIlot),"")
B36: =IF(C36="","",COUNT($C$8:C36)) -> 29 | C36: 46552 | D36: 06 – Pré Long | E36: =IF($Z36="","",IF($F36=ApportCouvert,INDEX(Îlots!$I$8:$I$57,$Z36)&"",INDEX(Îlots!$N$8:$N$57,$Z36)&"")) -> Prairie permanente | F36: Culture en place | G36: Lisier de bovins | H36: =IF($AA36="","",INDEX(Fertilisants!$D$8:$D$47,$AA36)&"") -> Type II | I36: 8.9 | J36: 20 | K36: =IF($AA36="","",INDEX(Fertilisants!$E$8:$E$47,$AA36)&"") -> m³ | L36: =IF(OR($I36="",$J36=""),"",$I36*$J36) -> 178 | M36: =IF(OR($J36="",$AA36=""),"",$J36*N(INDEX(Fertilisants!$G$8:$G$47,$AA36))) -> 80 | N36: =IF(OR($J36="",$AA36=""),"",$J36*N(INDEX(Fertilisants!$I$8:$I$47,$AA36))) -> 40 | O36: =IF(OR($J36="",$AA36=""),"",$J36*N(INDEX(Fertilisants!$J$8:$J$47,$AA36))) -> 34 | P36: =IF(OR($J36="",$AA36=""),"",$J36*N(INDEX(Fertilisants!$K$8:$K$47,$AA36))) -> 92 | Q36: =IF(OR($I36="",$M36=""),"",$I36*$M36) -> 712 | R36: Ressuyé | S36: Tonne – rampe à pendillards | U36: Exploitant | V36: 46553 | W36: =IF($C36="","",IF(OR($D36="",$G36="",$I36="",$J36=""),"Incomplet",IF(OR($R36="Enneigé",$R36="Détrempé",$R36="Inondé",AND($R36="Gelé",$H36<>"Type 0",$H36<>"Type Ia")),"Sol interdit",IF($AL36=1,"Période interdite",IF(AND(ISNUMBER($AB36),$I36>$AB36+0.001),"Surface > îlot",IF(OR($C36<DebutCampagne,$C36>FinCampagne),"Hors campagne",IF(AND(ISNUMBER($V36),$V36-$C36>DelaiSaisie),"Saisie tardive","Conforme"))))))) -> Conforme | X36: Après la 1re fauche | Z36: =IF($D36="","",IFERROR(MATCH($D36,Îlots!$D$8:$D$57,0),"")) -> 6 | AA36: =IF($G36="","",IFERROR(MATCH($G36,Fertilisants!$B$8:$B$47,0),"")) -> 2 | AB36: =IF($Z36="","",INDEX(Îlots!$E$8:$E$57,$Z36)) -> 8.9 | AC36: =IF($Z36="","",INDEX(Îlots!$G$8:$G$57,$Z36)&"") -> Oui | AD36: =IF($Z36="","",IF($F36=ApportCouvert,OccCouvert,INDEX(Îlots!$O$8:$O$57,$Z36)&"")) -> Prairie > 6 mois et luzerne | AE36: =IF(OR($AD36="",$AC36="Non",ZoneVulnerable="Non"),"",IFERROR(MATCH($AD36,CalOccupations,0),"")) -> 4 | AF36: =IF($H36="","",IFERROR(MATCH($H36,CalTypes,0),"")) -> 7 | AG36: =IF(ISNUMBER($C36),MONTH($C36)*100+DAY($C36),"") -> 614 | AH36: =IF(OR($AE36="",$AF36=""),0,IF(N(INDEX(CalPrincipal,$AE36,$AF36+0))=0,0,MONTH(INDEX(CalPrincipal,$AE36,$AF36+0))*100+DAY(INDEX(CalPrincipal,$AE36,$AF36+0)))) -> 1115 | AI36: =IF(OR($AE36="",$AF36=""),0,IF(N(INDEX(CalPrincipal,$AE36,$AF36+1))=0,0,MONTH(INDEX(CalPrincipal,$AE36,$AF36+1))*100+DAY(INDEX(CalPrincipal,$AE36,$AF36+1)))) -> 115 | AJ36: =IF(OR($AE36="",$AF36=""),0,IF(N(INDEX(CalComplement,$AE36,$AF36+0))=0,0,MONTH(INDEX(CalComplement,$AE36,$AF36+0))*100+DAY(INDEX(CalComplement,$AE36,$AF36+0)))) -> 0 | AK36: =IF(OR($AE36="",$AF36=""),0,IF(N(INDEX(CalComplement,$AE36,$AF36+1))=0,0,MONTH(INDEX(CalComplement,$AE36,$AF36+1))*100+DAY(INDEX(CalComplement,$AE36,$AF36+1)))) -> 0 | AL36: =IF(OR($AE36="",$AF36="",$AG36=""),0,IF(OR(AND($AH36>0,IF($AH36<=$AI36,AND($AG36>=$AH36,$AG36<=$AI36),OR($AG36>=$AH36,$AG36<=$AI36))),AND($AJ36>0,IF($AJ36<=$AK36,AND($AG36>=$AJ36,$AG36<=$AK36),OR($AG36>=$AJ36,$AG36<=$AK36)))),1,0)) -> 0 | AM36: =IF($AA36="",0,IF(INDEX(Fertilisants!$C$8:$C$47,$AA36)="Effluent d'élevage",1,0)) -> 1 | AN36: =IF($AA36="","",IF(INDEX(Fertilisants!$C$8:$C$47,$AA36)="Engrais minéral","Minéral","Organique")) -> Organique | AO36: =IF(OR($I36="",$N36=""),"",$I36*$N36) -> 356 | AP36: =IF(OR($I36="",$O36=""),"",$I36*$O36) -> 302.6 | AQ36: =IF(OR($I36="",$P36=""),"",$I36*$P36) -> 818.8 | AR36: =IF(AND($D36<>"",$D36=FicheIlot),COUNTIF($D$8:$D36,FicheIlot),"")
B37: =IF(C37="","",COUNT($C$8:C37)) | E37: =IF($Z37="","",IF($F37=ApportCouvert,INDEX(Îlots!$I$8:$I$57,$Z37)&"",INDEX(Îlots!$N$8:$N$57,$Z37)&"")) | H37: =IF($AA37="","",INDEX(Fertilisants!$D$8:$D$47,$AA37)&"") | K37: =IF($AA37="","",INDEX(Fertilisants!$E$8:$E$47,$AA37)&"") | L37: =IF(OR($I37="",$J37=""),"",$I37*$J37) | M37: =IF(OR($J37="",$AA37=""),"",$J37*N(INDEX(Fertilisants!$G$8:$G$47,$AA37))) | N37: =IF(OR($J37="",$AA37=""),"",$J37*N(INDEX(Fertilisants!$I$8:$I$47,$AA37))) | O37: =IF(OR($J37="",$AA37=""),"",$J37*N(INDEX(Fertilisants!$J$8:$J$47,$AA37))) | P37: =IF(OR($J37="",$AA37=""),"",$J37*N(INDEX(Fertilisants!$K$8:$K$47,$AA37))) | Q37: =IF(OR($I37="",$M37=""),"",$I37*$M37) | W37: =IF($C37="","",IF(OR($D37="",$G37="",$I37="",$J37=""),"Incomplet",IF(OR($R37="Enneigé",$R37="Détrempé",$R37="Inondé",AND($R37="Gelé",$H37<>"Type 0",$H37<>"Type Ia")),"Sol interdit",IF($AL37=1,"Période interdite",IF(AND(ISNUMBER($AB37),$I37>$AB37+0.001),"Surface > îlot",IF(OR($C37<DebutCampagne,$C37>FinCampagne),"Hors campagne",IF(AND(ISNUMBER($V37),$V37-$C37>DelaiSaisie),"Saisie tardive","Conforme"))))))) | Z37: =IF($D37="","",IFERROR(MATCH($D37,Îlots!$D$8:$D$57,0),"")) | AA37: =IF($G37="","",IFERROR(MATCH($G37,Fertilisants!$B$8:$B$47,0),"")) | AB37: =IF($Z37="","",INDEX(Îlots!$E$8:$E$57,$Z37)) | AC37: =IF($Z37="","",INDEX(Îlots!$G$8:$G$57,$Z37)&"") | AD37: =IF($Z37="","",IF($F37=ApportCouvert,OccCouvert,INDEX(Îlots!$O$8:$O$57,$Z37)&"")) | AE37: =IF(OR($AD37="",$AC37="Non",ZoneVulnerable="Non"),"",IFERROR(MATCH($AD37,CalOccupations,0),"")) | AF37: =IF($H37="","",IFERROR(MATCH($H37,CalTypes,0),"")) | AG37: =IF(ISNUMBER($C37),MONTH($C37)*100+DAY($C37),"") | AH37: =IF(OR($AE37="",$AF37=""),0,IF(N(INDEX(CalPrincipal,$AE37,$AF37+0))=0,0,MONTH(INDEX(CalPrincipal,$AE37,$AF37+0))*100+DAY(INDEX(CalPrincipal,$AE37,$AF37+0)))) -> 0 | AI37: =IF(OR($AE37="",$AF37=""),0,IF(N(INDEX(CalPrincipal,$AE37,$AF37+1))=0,0,MONTH(INDEX(CalPrincipal,$AE37,$AF37+1))*100+DAY(INDEX(CalPrincipal,$AE37,$AF37+1)))) -> 0 | AJ37: =IF(OR($AE37="",$AF37=""),0,IF(N(INDEX(CalComplement,$AE37,$AF37+0))=0,0,MONTH(INDEX(CalComplement,$AE37,$AF37+0))*100+DAY(INDEX(CalComplement,$AE37,$AF37+0)))) -> 0 | AK37: =IF(OR($AE37="",$AF37=""),0,IF(N(INDEX(CalComplement,$AE37,$AF37+1))=0,0,MONTH(INDEX(CalComplement,$AE37,$AF37+1))*100+DAY(INDEX(CalComplement,$AE37,$AF37+1)))) -> 0 | AL37: =IF(OR($AE37="",$AF37="",$AG37=""),0,IF(OR(AND($AH37>0,IF($AH37<=$AI37,AND($AG37>=$AH37,$AG37<=$AI37),OR($AG37>=$AH37,$AG37<=$AI37))),AND($AJ37>0,IF($AJ37<=$AK37,AND($AG37>=$AJ37,$AG37<=$AK37),OR($AG37>=$AJ37,$AG37<=$AK37)))),1,0)) -> 0 | AM37: =IF($AA37="",0,IF(INDEX(Fertilisants!$C$8:$C$47,$AA37)="Effluent d'élevage",1,0)) -> 0 | AN37: =IF($AA37="","",IF(INDEX(Fertilisants!$C$8:$C$47,$AA37)="Engrais minéral","Minéral","Organique")) | AO37: =IF(OR($I37="",$N37=""),"",$I37*$N37) | AP37: =IF(OR($I37="",$O37=""),"",$I37*$O37) | AQ37: =IF(OR($I37="",$P37=""),"",$I37*$P37) | AR37: =IF(AND($D37<>"",$D37=FicheIlot),COUNTIF($D$8:$D37,FicheIlot),"")
B38: =IF(C38="","",COUNT($C$8:C38)) | E38: =IF($Z38="","",IF($F38=ApportCouvert,INDEX(Îlots!$I$8:$I$57,$Z38)&"",INDEX(Îlots!$N$8:$N$57,$Z38)&"")) | H38: =IF($AA38="","",INDEX(Fertilisants!$D$8:$D$47,$AA38)&"") | K38: =IF($AA38="","",INDEX(Fertilisants!$E$8:$E$47,$AA38)&"") | L38: =IF(OR($I38="",$J38=""),"",$I38*$J38) | M38: =IF(OR($J38="",$AA38=""),"",$J38*N(INDEX(Fertilisants!$G$8:$G$47,$AA38))) | N38: =IF(OR($J38="",$AA38=""),"",$J38*N(INDEX(Fertilisants!$I$8:$I$47,$AA38))) | O38: =IF(OR($J38="",$AA38=""),"",$J38*N(INDEX(Fertilisants!$J$8:$J$47,$AA38))) | P38: =IF(OR($J38="",$AA38=""),"",$J38*N(INDEX(Fertilisants!$K$8:$K$47,$AA38))) | Q38: =IF(OR($I38="",$M38=""),"",$I38*$M38) | W38: =IF($C38="","",IF(OR($D38="",$G38="",$I38="",$J38=""),"Incomplet",IF(OR($R38="Enneigé",$R38="Détrempé",$R38="Inondé",AND($R38="Gelé",$H38<>"Type 0",$H38<>"Type Ia")),"Sol interdit",IF($AL38=1,"Période interdite",IF(AND(ISNUMBER($AB38),$I38>$AB38+0.001),"Surface > îlot",IF(OR($C38<DebutCampagne,$C38>FinCampagne),"Hors campagne",IF(AND(ISNUMBER($V38),$V38-$C38>DelaiSaisie),"Saisie tardive","Conforme"))))))) | Z38: =IF($D38="","",IFERROR(MATCH($D38,Îlots!$D$8:$D$57,0),"")) | AA38: =IF($G38="","",IFERROR(MATCH($G38,Fertilisants!$B$8:$B$47,0),"")) | AB38: =IF($Z38="","",INDEX(Îlots!$E$8:$E$57,$Z38)) | AC38: =IF($Z38="","",INDEX(Îlots!$G$8:$G$57,$Z38)&"") | AD38: =IF($Z38="","",IF($F38=ApportCouvert,OccCouvert,INDEX(Îlots!$O$8:$O$57,$Z38)&"")) | AE38: =IF(OR($AD38="",$AC38="Non",ZoneVulnerable="Non"),"",IFERROR(MATCH($AD38,CalOccupations,0),"")) | AF38: =IF($H38="","",IFERROR(MATCH($H38,CalTypes,0),"")) | AG38: =IF(ISNUMBER($C38),MONTH($C38)*100+DAY($C38),"") | AH38: =IF(OR($AE38="",$AF38=""),0,IF(N(INDEX(CalPrincipal,$AE38,$AF38+0))=0,0,MONTH(INDEX(CalPrincipal,$AE38,$AF38+0))*100+DAY(INDEX(CalPrincipal,$AE38,$AF38+0)))) -> 0 | AI38: =IF(OR($AE38="",$AF38=""),0,IF(N(INDEX(CalPrincipal,$AE38,$AF38+1))=0,0,MONTH(INDEX(CalPrincipal,$AE38,$AF38+1))*100+DAY(INDEX(CalPrincipal,$AE38,$AF38+1)))) -> 0 | AJ38: =IF(OR($AE38="",$AF38=""),0,IF(N(INDEX(CalComplement,$AE38,$AF38+0))=0,0,MONTH(INDEX(CalComplement,$AE38,$AF38+0))*100+DAY(INDEX(CalComplement,$AE38,$AF38+0)))) -> 0 | AK38: =IF(OR($AE38="",$AF38=""),0,IF(N(INDEX(CalComplement,$AE38,$AF38+1))=0,0,MONTH(INDEX(CalComplement,$AE38,$AF38+1))*100+DAY(INDEX(CalComplement,$AE38,$AF38+1)))) -> 0 | AL38: =IF(OR($AE38="",$AF38="",$AG38=""),0,IF(OR(AND($AH38>0,IF($AH38<=$AI38,AND($AG38>=$AH38,$AG38<=$AI38),OR($AG38>=$AH38,$AG38<=$AI38))),AND($AJ38>0,IF($AJ38<=$AK38,AND($AG38>=$AJ38,$AG38<=$AK38),OR($AG38>=$AJ38,$AG38<=$AK38)))),1,0)) -> 0 | AM38: =IF($AA38="",0,IF(INDEX(Fertilisants!$C$8:$C$47,$AA38)="Effluent d'élevage",1,0)) -> 0 | AN38: =IF($AA38="","",IF(INDEX(Fertilisants!$C$8:$C$47,$AA38)="Engrais minéral","Minéral","Organique")) | AO38: =IF(OR($I38="",$N38=""),"",$I38*$N38) | AP38: =IF(OR($I38="",$O38=""),"",$I38*$O38) | AQ38: =IF(OR($I38="",$P38=""),"",$I38*$P38) | AR38: =IF(AND($D38<>"",$D38=FicheIlot),COUNTIF($D$8:$D38,FicheIlot),"")
B39: =IF(C39="","",COUNT($C$8:C39)) | E39: =IF($Z39="","",IF($F39=ApportCouvert,INDEX(Îlots!$I$8:$I$57,$Z39)&"",INDEX(Îlots!$N$8:$N$57,$Z39)&"")) | H39: =IF($AA39="","",INDEX(Fertilisants!$D$8:$D$47,$AA39)&"") | K39: =IF($AA39="","",INDEX(Fertilisants!$E$8:$E$47,$AA39)&"") | L39: =IF(OR($I39="",$J39=""),"",$I39*$J39) | M39: =IF(OR($J39="",$AA39=""),"",$J39*N(INDEX(Fertilisants!$G$8:$G$47,$AA39))) | N39: =IF(OR($J39="",$AA39=""),"",$J39*N(INDEX(Fertilisants!$I$8:$I$47,$AA39))) | O39: =IF(OR($J39="",$AA39=""),"",$J39*N(INDEX(Fertilisants!$J$8:$J$47,$AA39))) | P39: =IF(OR($J39="",$AA39=""),"",$J39*N(INDEX(Fertilisants!$K$8:$K$47,$AA39))) | Q39: =IF(OR($I39="",$M39=""),"",$I39*$M39) | W39: =IF($C39="","",IF(OR($D39="",$G39="",$I39="",$J39=""),"Incomplet",IF(OR($R39="Enneigé",$R39="Détrempé",$R39="Inondé",AND($R39="Gelé",$H39<>"Type 0",$H39<>"Type Ia")),"Sol interdit",IF($AL39=1,"Période interdite",IF(AND(ISNUMBER($AB39),$I39>$AB39+0.001),"Surface > îlot",IF(OR($C39<DebutCampagne,$C39>FinCampagne),"Hors campagne",IF(AND(ISNUMBER($V39),$V39-$C39>DelaiSaisie),"Saisie tardive","Conforme"))))))) | Z39: =IF($D39="","",IFERROR(MATCH($D39,Îlots!$D$8:$D$57,0),"")) | AA39: =IF($G39="","",IFERROR(MATCH($G39,Fertilisants!$B$8:$B$47,0),"")) | AB39: =IF($Z39="","",INDEX(Îlots!$E$8:$E$57,$Z39)) | AC39: =IF($Z39="","",INDEX(Îlots!$G$8:$G$57,$Z39)&"") | AD39: =IF($Z39="","",IF($F39=ApportCouvert,OccCouvert,INDEX(Îlots!$O$8:$O$57,$Z39)&"")) | AE39: =IF(OR($AD39="",$AC39="Non",ZoneVulnerable="Non"),"",IFERROR(MATCH($AD39,CalOccupations,0),"")) | AF39: =IF($H39="","",IFERROR(MATCH($H39,CalTypes,0),"")) | AG39: =IF(ISNUMBER($C39),MONTH($C39)*100+DAY($C39),"") | AH39: =IF(OR($AE39="",$AF39=""),0,IF(N(INDEX(CalPrincipal,$AE39,$AF39+0))=0,0,MONTH(INDEX(CalPrincipal,$AE39,$AF39+0))*100+DAY(INDEX(CalPrincipal,$AE39,$AF39+0)))) -> 0 | AI39: =IF(OR($AE39="",$AF39=""),0,IF(N(INDEX(CalPrincipal,$AE39,$AF39+1))=0,0,MONTH(INDEX(CalPrincipal,$AE39,$AF39+1))*100+DAY(INDEX(CalPrincipal,$AE39,$AF39+1)))) -> 0 | AJ39: =IF(OR($AE39="",$AF39=""),0,IF(N(INDEX(CalComplement,$AE39,$AF39+0))=0,0,MONTH(INDEX(CalComplement,$AE39,$AF39+0))*100+DAY(INDEX(CalComplement,$AE39,$AF39+0)))) -> 0 | AK39: =IF(OR($AE39="",$AF39=""),0,IF(N(INDEX(CalComplement,$AE39,$AF39+1))=0,0,MONTH(INDEX(CalComplement,$AE39,$AF39+1))*100+DAY(INDEX(CalComplement,$AE39,$AF39+1)))) -> 0 | AL39: =IF(OR($AE39="",$AF39="",$AG39=""),0,IF(OR(AND($AH39>0,IF($AH39<=$AI39,AND($AG39>=$AH39,$AG39<=$AI39),OR($AG39>=$AH39,$AG39<=$AI39))),AND($AJ39>0,IF($AJ39<=$AK39,AND($AG39>=$AJ39,$AG39<=$AK39),OR($AG39>=$AJ39,$AG39<=$AK39)))),1,0)) -> 0 | AM39: =IF($AA39="",0,IF(INDEX(Fertilisants!$C$8:$C$47,$AA39)="Effluent d'élevage",1,0)) -> 0 | AN39: =IF($AA39="","",IF(INDEX(Fertilisants!$C$8:$C$47,$AA39)="Engrais minéral","Minéral","Organique")) | AO39: =IF(OR($I39="",$N39=""),"",$I39*$N39) | AP39: =IF(OR($I39="",$O39=""),"",$I39*$O39) | AQ39: =IF(OR($I39="",$P39=""),"",$I39*$P39) | AR39: =IF(AND($D39<>"",$D39=FicheIlot),COUNTIF($D$8:$D39,FicheIlot),"")
B40: =IF(C40="","",COUNT($C$8:C40)) | E40: =IF($Z40="","",IF($F40=ApportCouvert,INDEX(Îlots!$I$8:$I$57,$Z40)&"",INDEX(Îlots!$N$8:$N$57,$Z40)&"")) | H40: =IF($AA40="","",INDEX(Fertilisants!$D$8:$D$47,$AA40)&"") | K40: =IF($AA40="","",INDEX(Fertilisants!$E$8:$E$47,$AA40)&"") | L40: =IF(OR($I40="",$J40=""),"",$I40*$J40) | M40: =IF(OR($J40="",$AA40=""),"",$J40*N(INDEX(Fertilisants!$G$8:$G$47,$AA40))) | N40: =IF(OR($J40="",$AA40=""),"",$J40*N(INDEX(Fertilisants!$I$8:$I$47,$AA40))) | O40: =IF(OR($J40="",$AA40=""),"",$J40*N(INDEX(Fertilisants!$J$8:$J$47,$AA40))) | P40: =IF(OR($J40="",$AA40=""),"",$J40*N(INDEX(Fertilisants!$K$8:$K$47,$AA40))) | Q40: =IF(OR($I40="",$M40=""),"",$I40*$M40) | W40: =IF($C40="","",IF(OR($D40="",$G40="",$I40="",$J40=""),"Incomplet",IF(OR($R40="Enneigé",$R40="Détrempé",$R40="Inondé",AND($R40="Gelé",$H40<>"Type 0",$H40<>"Type Ia")),"Sol interdit",IF($AL40=1,"Période interdite",IF(AND(ISNUMBER($AB40),$I40>$AB40+0.001),"Surface > îlot",IF(OR($C40<DebutCampagne,$C40>FinCampagne),"Hors campagne",IF(AND(ISNUMBER($V40),$V40-$C40>DelaiSaisie),"Saisie tardive","Conforme"))))))) | Z40: =IF($D40="","",IFERROR(MATCH($D40,Îlots!$D$8:$D$57,0),"")) | AA40: =IF($G40="","",IFERROR(MATCH($G40,Fertilisants!$B$8:$B$47,0),"")) | AB40: =IF($Z40="","",INDEX(Îlots!$E$8:$E$57,$Z40)) | AC40: =IF($Z40="","",INDEX(Îlots!$G$8:$G$57,$Z40)&"") | AD40: =IF($Z40="","",IF($F40=ApportCouvert,OccCouvert,INDEX(Îlots!$O$8:$O$57,$Z40)&"")) | AE40: =IF(OR($AD40="",$AC40="Non",ZoneVulnerable="Non"),"",IFERROR(MATCH($AD40,CalOccupations,0),"")) | AF40: =IF($H40="","",IFERROR(MATCH($H40,CalTypes,0),"")) | AG40: =IF(ISNUMBER($C40),MONTH($C40)*100+DAY($C40),"") | AH40: =IF(OR($AE40="",$AF40=""),0,IF(N(INDEX(CalPrincipal,$AE40,$AF40+0))=0,0,MONTH(INDEX(CalPrincipal,$AE40,$AF40+0))*100+DAY(INDEX(CalPrincipal,$AE40,$AF40+0)))) -> 0 | AI40: =IF(OR($AE40="",$AF40=""),0,IF(N(INDEX(CalPrincipal,$AE40,$AF40+1))=0,0,MONTH(INDEX(CalPrincipal,$AE40,$AF40+1))*100+DAY(INDEX(CalPrincipal,$AE40,$AF40+1)))) -> 0 | AJ40: =IF(OR($AE40="",$AF40=""),0,IF(N(INDEX(CalComplement,$AE40,$AF40+0))=0,0,MONTH(INDEX(CalComplement,$AE40,$AF40+0))*100+DAY(INDEX(CalComplement,$AE40,$AF40+0)))) -> 0 | AK40: =IF(OR($AE40="",$AF40=""),0,IF(N(INDEX(CalComplement,$AE40,$AF40+1))=0,0,MONTH(INDEX(CalComplement,$AE40,$AF40+1))*100+DAY(INDEX(CalComplement,$AE40,$AF40+1)))) -> 0 | AL40: =IF(OR($AE40="",$AF40="",$AG40=""),0,IF(OR(AND($AH40>0,IF($AH40<=$AI40,AND($AG40>=$AH40,$AG40<=$AI40),OR($AG40>=$AH40,$AG40<=$AI40))),AND($AJ40>0,IF($AJ40<=$AK40,AND($AG40>=$AJ40,$AG40<=$AK40),OR($AG40>=$AJ40,$AG40<=$AK40)))),1,0)) -> 0 | AM40: =IF($AA40="",0,IF(INDEX(Fertilisants!$C$8:$C$47,$AA40)="Effluent d'élevage",1,0)) -> 0 | AN40: =IF($AA40="","",IF(INDEX(Fertilisants!$C$8:$C$47,$AA40)="Engrais minéral","Minéral","Organique")) | AO40: =IF(OR($I40="",$N40=""),"",$I40*$N40) | AP40: =IF(OR($I40="",$O40=""),"",$I40*$O40) | AQ40: =IF(OR($I40="",$P40=""),"",$I40*$P40) | AR40: =IF(AND($D40<>"",$D40=FicheIlot),COUNTIF($D$8:$D40,FicheIlot),"")
B41: =IF(C41="","",COUNT($C$8:C41)) | E41: =IF($Z41="","",IF($F41=ApportCouvert,INDEX(Îlots!$I$8:$I$57,$Z41)&"",INDEX(Îlots!$N$8:$N$57,$Z41)&"")) | H41: =IF($AA41="","",INDEX(Fertilisants!$D$8:$D$47,$AA41)&"") | K41: =IF($AA41="","",INDEX(Fertilisants!$E$8:$E$47,$AA41)&"") | L41: =IF(OR($I41="",$J41=""),"",$I41*$J41) | M41: =IF(OR($J41="",$AA41=""),"",$J41*N(INDEX(Fertilisants!$G$8:$G$47,$AA41))) | N41: =IF(OR($J41="",$AA41=""),"",$J41*N(INDEX(Fertilisants!$I$8:$I$47,$AA41))) | O41: =IF(OR($J41="",$AA41=""),"",$J41*N(INDEX(Fertilisants!$J$8:$J$47,$AA41))) | P41: =IF(OR($J41="",$AA41=""),"",$J41*N(INDEX(Fertilisants!$K$8:$K$47,$AA41))) | Q41: =IF(OR($I41="",$M41=""),"",$I41*$M41) | W41: =IF($C41="","",IF(OR($D41="",$G41="",$I41="",$J41=""),"Incomplet",IF(OR($R41="Enneigé",$R41="Détrempé",$R41="Inondé",AND($R41="Gelé",$H41<>"Type 0",$H41<>"Type Ia")),"Sol interdit",IF($AL41=1,"Période interdite",IF(AND(ISNUMBER($AB41),$I41>$AB41+0.001),"Surface > îlot",IF(OR($C41<DebutCampagne,$C41>FinCampagne),"Hors campagne",IF(AND(ISNUMBER($V41),$V41-$C41>DelaiSaisie),"Saisie tardive","Conforme"))))))) | Z41: =IF($D41="","",IFERROR(MATCH($D41,Îlots!$D$8:$D$57,0),"")) | AA41: =IF($G41="","",IFERROR(MATCH($G41,Fertilisants!$B$8:$B$47,0),"")) | AB41: =IF($Z41="","",INDEX(Îlots!$E$8:$E$57,$Z41)) | AC41: =IF($Z41="","",INDEX(Îlots!$G$8:$G$57,$Z41)&"") | AD41: =IF($Z41="","",IF($F41=ApportCouvert,OccCouvert,INDEX(Îlots!$O$8:$O$57,$Z41)&"")) | AE41: =IF(OR($AD41="",$AC41="Non",ZoneVulnerable="Non"),"",IFERROR(MATCH($AD41,CalOccupations,0),"")) | AF41: =IF($H41="","",IFERROR(MATCH($H41,CalTypes,0),"")) | AG41: =IF(ISNUMBER($C41),MONTH($C41)*100+DAY($C41),"") | AH41: =IF(OR($AE41="",$AF41=""),0,IF(N(INDEX(CalPrincipal,$AE41,$AF41+0))=0,0,MONTH(INDEX(CalPrincipal,$AE41,$AF41+0))*100+DAY(INDEX(CalPrincipal,$AE41,$AF41+0)))) -> 0 | AI41: =IF(OR($AE41="",$AF41=""),0,IF(N(INDEX(CalPrincipal,$AE41,$AF41+1))=0,0,MONTH(INDEX(CalPrincipal,$AE41,$AF41+1))*100+DAY(INDEX(CalPrincipal,$AE41,$AF41+1)))) -> 0 | AJ41: =IF(OR($AE41="",$AF41=""),0,IF(N(INDEX(CalComplement,$AE41,$AF41+0))=0,0,MONTH(INDEX(CalComplement,$AE41,$AF41+0))*100+DAY(INDEX(CalComplement,$AE41,$AF41+0)))) -> 0 | AK41: =IF(OR($AE41="",$AF41=""),0,IF(N(INDEX(CalComplement,$AE41,$AF41+1))=0,0,MONTH(INDEX(CalComplement,$AE41,$AF41+1))*100+DAY(INDEX(CalComplement,$AE41,$AF41+1)))) -> 0 | AL41: =IF(OR($AE41="",$AF41="",$AG41=""),0,IF(OR(AND($AH41>0,IF($AH41<=$AI41,AND($AG41>=$AH41,$AG41<=$AI41),OR($AG41>=$AH41,$AG41<=$AI41))),AND($AJ41>0,IF($AJ41<=$AK41,AND($AG41>=$AJ41,$AG41<=$AK41),OR($AG41>=$AJ41,$AG41<=$AK41)))),1,0)) -> 0 | AM41: =IF($AA41="",0,IF(INDEX(Fertilisants!$C$8:$C$47,$AA41)="Effluent d'élevage",1,0)) -> 0 | AN41: =IF($AA41="","",IF(INDEX(Fertilisants!$C$8:$C$47,$AA41)="Engrais minéral","Minéral","Organique")) | AO41: =IF(OR($I41="",$N41=""),"",$I41*$N41) | AP41: =IF(OR($I41="",$O41=""),"",$I41*$O41) | AQ41: =IF(OR($I41="",$P41=""),"",$I41*$P41) | AR41: =IF(AND($D41<>"",$D41=FicheIlot),COUNTIF($D$8:$D41,FicheIlot),"")
B42: =IF(C42="","",COUNT($C$8:C42)) | E42: =IF($Z42="","",IF($F42=ApportCouvert,INDEX(Îlots!$I$8:$I$57,$Z42)&"",INDEX(Îlots!$N$8:$N$57,$Z42)&"")) | H42: =IF($AA42="","",INDEX(Fertilisants!$D$8:$D$47,$AA42)&"") | K42: =IF($AA42="","",INDEX(Fertilisants!$E$8:$E$47,$AA42)&"") | L42: =IF(OR($I42="",$J42=""),"",$I42*$J42) | M42: =IF(OR($J42="",$AA42=""),"",$J42*N(INDEX(Fertilisants!$G$8:$G$47,$AA42))) | N42: =IF(OR($J42="",$AA42=""),"",$J42*N(INDEX(Fertilisants!$I$8:$I$47,$AA42))) | O42: =IF(OR($J42="",$AA42=""),"",$J42*N(INDEX(Fertilisants!$J$8:$J$47,$AA42))) | P42: =IF(OR($J42="",$AA42=""),"",$J42*N(INDEX(Fertilisants!$K$8:$K$47,$AA42))) | Q42: =IF(OR($I42="",$M42=""),"",$I42*$M42) | W42: =IF($C42="","",IF(OR($D42="",$G42="",$I42="",$J42=""),"Incomplet",IF(OR($R42="Enneigé",$R42="Détrempé",$R42="Inondé",AND($R42="Gelé",$H42<>"Type 0",$H42<>"Type Ia")),"Sol interdit",IF($AL42=1,"Période interdite",IF(AND(ISNUMBER($AB42),$I42>$AB42+0.001),"Surface > îlot",IF(OR($C42<DebutCampagne,$C42>FinCampagne),"Hors campagne",IF(AND(ISNUMBER($V42),$V42-$C42>DelaiSaisie),"Saisie tardive","Conforme"))))))) | Z42: =IF($D42="","",IFERROR(MATCH($D42,Îlots!$D$8:$D$57,0),"")) | AA42: =IF($G42="","",IFERROR(MATCH($G42,Fertilisants!$B$8:$B$47,0),"")) | AB42: =IF($Z42="","",INDEX(Îlots!$E$8:$E$57,$Z42)) | AC42: =IF($Z42="","",INDEX(Îlots!$G$8:$G$57,$Z42)&"") | AD42: =IF($Z42="","",IF($F42=ApportCouvert,OccCouvert,INDEX(Îlots!$O$8:$O$57,$Z42)&"")) | AE42: =IF(OR($AD42="",$AC42="Non",ZoneVulnerable="Non"),"",IFERROR(MATCH($AD42,CalOccupations,0),"")) | AF42: =IF($H42="","",IFERROR(MATCH($H42,CalTypes,0),"")) | AG42: =IF(ISNUMBER($C42),MONTH($C42)*100+DAY($C42),"") | AH42: =IF(OR($AE42="",$AF42=""),0,IF(N(INDEX(CalPrincipal,$AE42,$AF42+0))=0,0,MONTH(INDEX(CalPrincipal,$AE42,$AF42+0))*100+DAY(INDEX(CalPrincipal,$AE42,$AF42+0)))) -> 0 | AI42: =IF(OR($AE42="",$AF42=""),0,IF(N(INDEX(CalPrincipal,$AE42,$AF42+1))=0,0,MONTH(INDEX(CalPrincipal,$AE42,$AF42+1))*100+DAY(INDEX(CalPrincipal,$AE42,$AF42+1)))) -> 0 | AJ42: =IF(OR($AE42="",$AF42=""),0,IF(N(INDEX(CalComplement,$AE42,$AF42+0))=0,0,MONTH(INDEX(CalComplement,$AE42,$AF42+0))*100+DAY(INDEX(CalComplement,$AE42,$AF42+0)))) -> 0 | AK42: =IF(OR($AE42="",$AF42=""),0,IF(N(INDEX(CalComplement,$AE42,$AF42+1))=0,0,MONTH(INDEX(CalComplement,$AE42,$AF42+1))*100+DAY(INDEX(CalComplement,$AE42,$AF42+1)))) -> 0 | AL42: =IF(OR($AE42="",$AF42="",$AG42=""),0,IF(OR(AND($AH42>0,IF($AH42<=$AI42,AND($AG42>=$AH42,$AG42<=$AI42),OR($AG42>=$AH42,$AG42<=$AI42))),AND($AJ42>0,IF($AJ42<=$AK42,AND($AG42>=$AJ42,$AG42<=$AK42),OR($AG42>=$AJ42,$AG42<=$AK42)))),1,0)) -> 0 | AM42: =IF($AA42="",0,IF(INDEX(Fertilisants!$C$8:$C$47,$AA42)="Effluent d'élevage",1,0)) -> 0 | AN42: =IF($AA42="","",IF(INDEX(Fertilisants!$C$8:$C$47,$AA42)="Engrais minéral","Minéral","Organique")) | AO42: =IF(OR($I42="",$N42=""),"",$I42*$N42) | AP42: =IF(OR($I42="",$O42=""),"",$I42*$O42) | AQ42: =IF(OR($I42="",$P42=""),"",$I42*$P42) | AR42: =IF(AND($D42<>"",$D42=FicheIlot),COUNTIF($D$8:$D42,FicheIlot),"")
B43: =IF(C43="","",COUNT($C$8:C43)) | E43: =IF($Z43="","",IF($F43=ApportCouvert,INDEX(Îlots!$I$8:$I$57,$Z43)&"",INDEX(Îlots!$N$8:$N$57,$Z43)&"")) | H43: =IF($AA43="","",INDEX(Fertilisants!$D$8:$D$47,$AA43)&"") | K43: =IF($AA43="","",INDEX(Fertilisants!$E$8:$E$47,$AA43)&"") | L43: =IF(OR($I43="",$J43=""),"",$I43*$J43) | M43: =IF(OR($J43="",$AA43=""),"",$J43*N(INDEX(Fertilisants!$G$8:$G$47,$AA43))) | N43: =IF(OR($J43="",$AA43=""),"",$J43*N(INDEX(Fertilisants!$I$8:$I$47,$AA43))) | O43: =IF(OR($J43="",$AA43=""),"",$J43*N(INDEX(Fertilisants!$J$8:$J$47,$AA43))) | P43: =IF(OR($J43="",$AA43=""),"",$J43*N(INDEX(Fertilisants!$K$8:$K$47,$AA43))) | Q43: =IF(OR($I43="",$M43=""),"",$I43*$M43) | W43: =IF($C43="","",IF(OR($D43="",$G43="",$I43="",$J43=""),"Incomplet",IF(OR($R43="Enneigé",$R43="Détrempé",$R43="Inondé",AND($R43="Gelé",$H43<>"Type 0",$H43<>"Type Ia")),"Sol interdit",IF($AL43=1,"Période interdite",IF(AND(ISNUMBER($AB43),$I43>$AB43+0.001),"Surface > îlot",IF(OR($C43<DebutCampagne,$C43>FinCampagne),"Hors campagne",IF(AND(ISNUMBER($V43),$V43-$C43>DelaiSaisie),"Saisie tardive","Conforme"))))))) | Z43: =IF($D43="","",IFERROR(MATCH($D43,Îlots!$D$8:$D$57,0),"")) | AA43: =IF($G43="","",IFERROR(MATCH($G43,Fertilisants!$B$8:$B$47,0),"")) | AB43: =IF($Z43="","",INDEX(Îlots!$E$8:$E$57,$Z43)) | AC43: =IF($Z43="","",INDEX(Îlots!$G$8:$G$57,$Z43)&"") | AD43: =IF($Z43="","",IF($F43=ApportCouvert,OccCouvert,INDEX(Îlots!$O$8:$O$57,$Z43)&"")) | AE43: =IF(OR($AD43="",$AC43="Non",ZoneVulnerable="Non"),"",IFERROR(MATCH($AD43,CalOccupations,0),"")) | AF43: =IF($H43="","",IFERROR(MATCH($H43,CalTypes,0),"")) | AG43: =IF(ISNUMBER($C43),MONTH($C43)*100+DAY($C43),"") | AH43: =IF(OR($AE43="",$AF43=""),0,IF(N(INDEX(CalPrincipal,$AE43,$AF43+0))=0,0,MONTH(INDEX(CalPrincipal,$AE43,$AF43+0))*100+DAY(INDEX(CalPrincipal,$AE43,$AF43+0)))) -> 0 | AI43: =IF(OR($AE43="",$AF43=""),0,IF(N(INDEX(CalPrincipal,$AE43,$AF43+1))=0,0,MONTH(INDEX(CalPrincipal,$AE43,$AF43+1))*100+DAY(INDEX(CalPrincipal,$AE43,$AF43+1)))) -> 0 | AJ43: =IF(OR($AE43="",$AF43=""),0,IF(N(INDEX(CalComplement,$AE43,$AF43+0))=0,0,MONTH(INDEX(CalComplement,$AE43,$AF43+0))*100+DAY(INDEX(CalComplement,$AE43,$AF43+0)))) -> 0 | AK43: =IF(OR($AE43="",$AF43=""),0,IF(N(INDEX(CalComplement,$AE43,$AF43+1))=0,0,MONTH(INDEX(CalComplement,$AE43,$AF43+1))*100+DAY(INDEX(CalComplement,$AE43,$AF43+1)))) -> 0 | AL43: =IF(OR($AE43="",$AF43="",$AG43=""),0,IF(OR(AND($AH43>0,IF($AH43<=$AI43,AND($AG43>=$AH43,$AG43<=$AI43),OR($AG43>=$AH43,$AG43<=$AI43))),AND($AJ43>0,IF($AJ43<=$AK43,AND($AG43>=$AJ43,$AG43<=$AK43),OR($AG43>=$AJ43,$AG43<=$AK43)))),1,0)) -> 0 | AM43: =IF($AA43="",0,IF(INDEX(Fertilisants!$C$8:$C$47,$AA43)="Effluent d'élevage",1,0)) -> 0 | AN43: =IF($AA43="","",IF(INDEX(Fertilisants!$C$8:$C$47,$AA43)="Engrais minéral","Minéral","Organique")) | AO43: =IF(OR($I43="",$N43=""),"",$I43*$N43) | AP43: =IF(OR($I43="",$O43=""),"",$I43*$O43) | AQ43: =IF(OR($I43="",$P43=""),"",$I43*$P43) | AR43: =IF(AND($D43<>"",$D43=FicheIlot),COUNTIF($D$8:$D43,FicheIlot),"")
B44: =IF(C44="","",COUNT($C$8:C44)) | E44: =IF($Z44="","",IF($F44=ApportCouvert,INDEX(Îlots!$I$8:$I$57,$Z44)&"",INDEX(Îlots!$N$8:$N$57,$Z44)&"")) | H44: =IF($AA44="","",INDEX(Fertilisants!$D$8:$D$47,$AA44)&"") | K44: =IF($AA44="","",INDEX(Fertilisants!$E$8:$E$47,$AA44)&"") | L44: =IF(OR($I44="",$J44=""),"",$I44*$J44) | M44: =IF(OR($J44="",$AA44=""),"",$J44*N(INDEX(Fertilisants!$G$8:$G$47,$AA44))) | N44: =IF(OR($J44="",$AA44=""),"",$J44*N(INDEX(Fertilisants!$I$8:$I$47,$AA44))) | O44: =IF(OR($J44="",$AA44=""),"",$J44*N(INDEX(Fertilisants!$J$8:$J$47,$AA44))) | P44: =IF(OR($J44="",$AA44=""),"",$J44*N(INDEX(Fertilisants!$K$8:$K$47,$AA44))) | Q44: =IF(OR($I44="",$M44=""),"",$I44*$M44) | W44: =IF($C44="","",IF(OR($D44="",$G44="",$I44="",$J44=""),"Incomplet",IF(OR($R44="Enneigé",$R44="Détrempé",$R44="Inondé",AND($R44="Gelé",$H44<>"Type 0",$H44<>"Type Ia")),"Sol interdit",IF($AL44=1,"Période interdite",IF(AND(ISNUMBER($AB44),$I44>$AB44+0.001),"Surface > îlot",IF(OR($C44<DebutCampagne,$C44>FinCampagne),"Hors campagne",IF(AND(ISNUMBER($V44),$V44-$C44>DelaiSaisie),"Saisie tardive","Conforme"))))))) | Z44: =IF($D44="","",IFERROR(MATCH($D44,Îlots!$D$8:$D$57,0),"")) | AA44: =IF($G44="","",IFERROR(MATCH($G44,Fertilisants!$B$8:$B$47,0),"")) | AB44: =IF($Z44="","",INDEX(Îlots!$E$8:$E$57,$Z44)) | AC44: =IF($Z44="","",INDEX(Îlots!$G$8:$G$57,$Z44)&"") | AD44: =IF($Z44="","",IF($F44=ApportCouvert,OccCouvert,INDEX(Îlots!$O$8:$O$57,$Z44)&"")) | AE44: =IF(OR($AD44="",$AC44="Non",ZoneVulnerable="Non"),"",IFERROR(MATCH($AD44,CalOccupations,0),"")) | AF44: =IF($H44="","",IFERROR(MATCH($H44,CalTypes,0),"")) | AG44: =IF(ISNUMBER($C44),MONTH($C44)*100+DAY($C44),"") | AH44: =IF(OR($AE44="",$AF44=""),0,IF(N(INDEX(CalPrincipal,$AE44,$AF44+0))=0,0,MONTH(INDEX(CalPrincipal,$AE44,$AF44+0))*100+DAY(INDEX(CalPrincipal,$AE44,$AF44+0)))) -> 0 | AI44: =IF(OR($AE44="",$AF44=""),0,IF(N(INDEX(CalPrincipal,$AE44,$AF44+1))=0,0,MONTH(INDEX(CalPrincipal,$AE44,$AF44+1))*100+DAY(INDEX(CalPrincipal,$AE44,$AF44+1)))) -> 0 | AJ44: =IF(OR($AE44="",$AF44=""),0,IF(N(INDEX(CalComplement,$AE44,$AF44+0))=0,0,MONTH(INDEX(CalComplement,$AE44,$AF44+0))*100+DAY(INDEX(CalComplement,$AE44,$AF44+0)))) -> 0 | AK44: =IF(OR($AE44="",$AF44=""),0,IF(N(INDEX(CalComplement,$AE44,$AF44+1))=0,0,MONTH(INDEX(CalComplement,$AE44,$AF44+1))*100+DAY(INDEX(CalComplement,$AE44,$AF44+1)))) -> 0 | AL44: =IF(OR($AE44="",$AF44="",$AG44=""),0,IF(OR(AND($AH44>0,IF($AH44<=$AI44,AND($AG44>=$AH44,$AG44<=$AI44),OR($AG44>=$AH44,$AG44<=$AI44))),AND($AJ44>0,IF($AJ44<=$AK44,AND($AG44>=$AJ44,$AG44<=$AK44),OR($AG44>=$AJ44,$AG44<=$AK44)))),1,0)) -> 0 | AM44: =IF($AA44="",0,IF(INDEX(Fertilisants!$C$8:$C$47,$AA44)="Effluent d'élevage",1,0)) -> 0 | AN44: =IF($AA44="","",IF(INDEX(Fertilisants!$C$8:$C$47,$AA44)="Engrais minéral","Minéral","Organique")) | AO44: =IF(OR($I44="",$N44=""),"",$I44*$N44) | AP44: =IF(OR($I44="",$O44=""),"",$I44*$O44) | AQ44: =IF(OR($I44="",$P44=""),"",$I44*$P44) | AR44: =IF(AND($D44<>"",$D44=FicheIlot),COUNTIF($D$8:$D44,FicheIlot),"")
B45: =IF(C45="","",COUNT($C$8:C45)) | E45: =IF($Z45="","",IF($F45=ApportCouvert,INDEX(Îlots!$I$8:$I$57,$Z45)&"",INDEX(Îlots!$N$8:$N$57,$Z45)&"")) | H45: =IF($AA45="","",INDEX(Fertilisants!$D$8:$D$47,$AA45)&"") | K45: =IF($AA45="","",INDEX(Fertilisants!$E$8:$E$47,$AA45)&"") | L45: =IF(OR($I45="",$J45=""),"",$I45*$J45) | M45: =IF(OR($J45="",$AA45=""),"",$J45*N(INDEX(Fertilisants!$G$8:$G$47,$AA45))) | N45: =IF(OR($J45="",$AA45=""),"",$J45*N(INDEX(Fertilisants!$I$8:$I$47,$AA45))) | O45: =IF(OR($J45="",$AA45=""),"",$J45*N(INDEX(Fertilisants!$J$8:$J$47,$AA45))) | P45: =IF(OR($J45="",$AA45=""),"",$J45*N(INDEX(Fertilisants!$K$8:$K$47,$AA45))) | Q45: =IF(OR($I45="",$M45=""),"",$I45*$M45) | W45: =IF($C45="","",IF(OR($D45="",$G45="",$I45="",$J45=""),"Incomplet",IF(OR($R45="Enneigé",$R45="Détrempé",$R45="Inondé",AND($R45="Gelé",$H45<>"Type 0",$H45<>"Type Ia")),"Sol interdit",IF($AL45=1,"Période interdite",IF(AND(ISNUMBER($AB45),$I45>$AB45+0.001),"Surface > îlot",IF(OR($C45<DebutCampagne,$C45>FinCampagne),"Hors campagne",IF(AND(ISNUMBER($V45),$V45-$C45>DelaiSaisie),"Saisie tardive","Conforme"))))))) | Z45: =IF($D45="","",IFERROR(MATCH($D45,Îlots!$D$8:$D$57,0),"")) | AA45: =IF($G45="","",IFERROR(MATCH($G45,Fertilisants!$B$8:$B$47,0),"")) | AB45: =IF($Z45="","",INDEX(Îlots!$E$8:$E$57,$Z45)) | AC45: =IF($Z45="","",INDEX(Îlots!$G$8:$G$57,$Z45)&"") | AD45: =IF($Z45="","",IF($F45=ApportCouvert,OccCouvert,INDEX(Îlots!$O$8:$O$57,$Z45)&"")) | AE45: =IF(OR($AD45="",$AC45="Non",ZoneVulnerable="Non"),"",IFERROR(MATCH($AD45,CalOccupations,0),"")) | AF45: =IF($H45="","",IFERROR(MATCH($H45,CalTypes,0),"")) | AG45: =IF(ISNUMBER($C45),MONTH($C45)*100+DAY($C45),"") | AH45: =IF(OR($AE45="",$AF45=""),0,IF(N(INDEX(CalPrincipal,$AE45,$AF45+0))=0,0,MONTH(INDEX(CalPrincipal,$AE45,$AF45+0))*100+DAY(INDEX(CalPrincipal,$AE45,$AF45+0)))) -> 0 | AI45: =IF(OR($AE45="",$AF45=""),0,IF(N(INDEX(CalPrincipal,$AE45,$AF45+1))=0,0,MONTH(INDEX(CalPrincipal,$AE45,$AF45+1))*100+DAY(INDEX(CalPrincipal,$AE45,$AF45+1)))) -> 0 | AJ45: =IF(OR($AE45="",$AF45=""),0,IF(N(INDEX(CalComplement,$AE45,$AF45+0))=0,0,MONTH(INDEX(CalComplement,$AE45,$AF45+0))*100+DAY(INDEX(CalComplement,$AE45,$AF45+0)))) -> 0 | AK45: =IF(OR($AE45="",$AF45=""),0,IF(N(INDEX(CalComplement,$AE45,$AF45+1))=0,0,MONTH(INDEX(CalComplement,$AE45,$AF45+1))*100+DAY(INDEX(CalComplement,$AE45,$AF45+1)))) -> 0 | AL45: =IF(OR($AE45="",$AF45="",$AG45=""),0,IF(OR(AND($AH45>0,IF($AH45<=$AI45,AND($AG45>=$AH45,$AG45<=$AI45),OR($AG45>=$AH45,$AG45<=$AI45))),AND($AJ45>0,IF($AJ45<=$AK45,AND($AG45>=$AJ45,$AG45<=$AK45),OR($AG45>=$AJ45,$AG45<=$AK45)))),1,0)) -> 0 | AM45: =IF($AA45="",0,IF(INDEX(Fertilisants!$C$8:$C$47,$AA45)="Effluent d'élevage",1,0)) -> 0 | AN45: =IF($AA45="","",IF(INDEX(Fertilisants!$C$8:$C$47,$AA45)="Engrais minéral","Minéral","Organique")) | AO45: =IF(OR($I45="",$N45=""),"",$I45*$N45) | AP45: =IF(OR($I45="",$O45=""),"",$I45*$O45) | AQ45: =IF(OR($I45="",$P45=""),"",$I45*$P45) | AR45: =IF(AND($D45<>"",$D45=FicheIlot),COUNTIF($D$8:$D45,FicheIlot),"")
B46: =IF(C46="","",COUNT($C$8:C46)) | E46: =IF($Z46="","",IF($F46=ApportCouvert,INDEX(Îlots!$I$8:$I$57,$Z46)&"",INDEX(Îlots!$N$8:$N$57,$Z46)&"")) | H46: =IF($AA46="","",INDEX(Fertilisants!$D$8:$D$47,$AA46)&"") | K46: =IF($AA46="","",INDEX(Fertilisants!$E$8:$E$47,$AA46)&"") | L46: =IF(OR($I46="",$J46=""),"",$I46*$J46) | M46: =IF(OR($J46="",$AA46=""),"",$J46*N(INDEX(Fertilisants!$G$8:$G$47,$AA46))) | N46: =IF(OR($J46="",$AA46=""),"",$J46*N(INDEX(Fertilisants!$I$8:$I$47,$AA46))) | O46: =IF(OR($J46="",$AA46=""),"",$J46*N(INDEX(Fertilisants!$J$8:$J$47,$AA46))) | P46: =IF(OR($J46="",$AA46=""),"",$J46*N(INDEX(Fertilisants!$K$8:$K$47,$AA46))) | Q46: =IF(OR($I46="",$M46=""),"",$I46*$M46) | W46: =IF($C46="","",IF(OR($D46="",$G46="",$I46="",$J46=""),"Incomplet",IF(OR($R46="Enneigé",$R46="Détrempé",$R46="Inondé",AND($R46="Gelé",$H46<>"Type 0",$H46<>"Type Ia")),"Sol interdit",IF($AL46=1,"Période interdite",IF(AND(ISNUMBER($AB46),$I46>$AB46+0.001),"Surface > îlot",IF(OR($C46<DebutCampagne,$C46>FinCampagne),"Hors campagne",IF(AND(ISNUMBER($V46),$V46-$C46>DelaiSaisie),"Saisie tardive","Conforme"))))))) | Z46: =IF($D46="","",IFERROR(MATCH($D46,Îlots!$D$8:$D$57,0),"")) | AA46: =IF($G46="","",IFERROR(MATCH($G46,Fertilisants!$B$8:$B$47,0),"")) | AB46: =IF($Z46="","",INDEX(Îlots!$E$8:$E$57,$Z46)) | AC46: =IF($Z46="","",INDEX(Îlots!$G$8:$G$57,$Z46)&"") | AD46: =IF($Z46="","",IF($F46=ApportCouvert,OccCouvert,INDEX(Îlots!$O$8:$O$57,$Z46)&"")) | AE46: =IF(OR($AD46="",$AC46="Non",ZoneVulnerable="Non"),"",IFERROR(MATCH($AD46,CalOccupations,0),"")) | AF46: =IF($H46="","",IFERROR(MATCH($H46,CalTypes,0),"")) | AG46: =IF(ISNUMBER($C46),MONTH($C46)*100+DAY($C46),"") | AH46: =IF(OR($AE46="",$AF46=""),0,IF(N(INDEX(CalPrincipal,$AE46,$AF46+0))=0,0,MONTH(INDEX(CalPrincipal,$AE46,$AF46+0))*100+DAY(INDEX(CalPrincipal,$AE46,$AF46+0)))) -> 0 | AI46: =IF(OR($AE46="",$AF46=""),0,IF(N(INDEX(CalPrincipal,$AE46,$AF46+1))=0,0,MONTH(INDEX(CalPrincipal,$AE46,$AF46+1))*100+DAY(INDEX(CalPrincipal,$AE46,$AF46+1)))) -> 0 | AJ46: =IF(OR($AE46="",$AF46=""),0,IF(N(INDEX(CalComplement,$AE46,$AF46+0))=0,0,MONTH(INDEX(CalComplement,$AE46,$AF46+0))*100+DAY(INDEX(CalComplement,$AE46,$AF46+0)))) -> 0 | AK46: =IF(OR($AE46="",$AF46=""),0,IF(N(INDEX(CalComplement,$AE46,$AF46+1))=0,0,MONTH(INDEX(CalComplement,$AE46,$AF46+1))*100+DAY(INDEX(CalComplement,$AE46,$AF46+1)))) -> 0 | AL46: =IF(OR($AE46="",$AF46="",$AG46=""),0,IF(OR(AND($AH46>0,IF($AH46<=$AI46,AND($AG46>=$AH46,$AG46<=$AI46),OR($AG46>=$AH46,$AG46<=$AI46))),AND($AJ46>0,IF($AJ46<=$AK46,AND($AG46>=$AJ46,$AG46<=$AK46),OR($AG46>=$AJ46,$AG46<=$AK46)))),1,0)) -> 0 | AM46: =IF($AA46="",0,IF(INDEX(Fertilisants!$C$8:$C$47,$AA46)="Effluent d'élevage",1,0)) -> 0 | AN46: =IF($AA46="","",IF(INDEX(Fertilisants!$C$8:$C$47,$AA46)="Engrais minéral","Minéral","Organique")) | AO46: =IF(OR($I46="",$N46=""),"",$I46*$N46) | AP46: =IF(OR($I46="",$O46=""),"",$I46*$O46) | AQ46: =IF(OR($I46="",$P46=""),"",$I46*$P46) | AR46: =IF(AND($D46<>"",$D46=FicheIlot),COUNTIF($D$8:$D46,FicheIlot),"")
B47: =IF(C47="","",COUNT($C$8:C47)) | E47: =IF($Z47="","",IF($F47=ApportCouvert,INDEX(Îlots!$I$8:$I$57,$Z47)&"",INDEX(Îlots!$N$8:$N$57,$Z47)&"")) | H47: =IF($AA47="","",INDEX(Fertilisants!$D$8:$D$47,$AA47)&"") | K47: =IF($AA47="","",INDEX(Fertilisants!$E$8:$E$47,$AA47)&"") | L47: =IF(OR($I47="",$J47=""),"",$I47*$J47) | M47: =IF(OR($J47="",$AA47=""),"",$J47*N(INDEX(Fertilisants!$G$8:$G$47,$AA47))) | N47: =IF(OR($J47="",$AA47=""),"",$J47*N(INDEX(Fertilisants!$I$8:$I$47,$AA47))) | O47: =IF(OR($J47="",$AA47=""),"",$J47*N(INDEX(Fertilisants!$J$8:$J$47,$AA47))) | P47: =IF(OR($J47="",$AA47=""),"",$J47*N(INDEX(Fertilisants!$K$8:$K$47,$AA47))) | Q47: =IF(OR($I47="",$M47=""),"",$I47*$M47) | W47: =IF($C47="","",IF(OR($D47="",$G47="",$I47="",$J47=""),"Incomplet",IF(OR($R47="Enneigé",$R47="Détrempé",$R47="Inondé",AND($R47="Gelé",$H47<>"Type 0",$H47<>"Type Ia")),"Sol interdit",IF($AL47=1,"Période interdite",IF(AND(ISNUMBER($AB47),$I47>$AB47+0.001),"Surface > îlot",IF(OR($C47<DebutCampagne,$C47>FinCampagne),"Hors campagne",IF(AND(ISNUMBER($V47),$V47-$C47>DelaiSaisie),"Saisie tardive","Conforme"))))))) | Z47: =IF($D47="","",IFERROR(MATCH($D47,Îlots!$D$8:$D$57,0),"")) | AA47: =IF($G47="","",IFERROR(MATCH($G47,Fertilisants!$B$8:$B$47,0),"")) | AB47: =IF($Z47="","",INDEX(Îlots!$E$8:$E$57,$Z47)) | AC47: =IF($Z47="","",INDEX(Îlots!$G$8:$G$57,$Z47)&"") | AD47: =IF($Z47="","",IF($F47=ApportCouvert,OccCouvert,INDEX(Îlots!$O$8:$O$57,$Z47)&"")) | AE47: =IF(OR($AD47="",$AC47="Non",ZoneVulnerable="Non"),"",IFERROR(MATCH($AD47,CalOccupations,0),"")) | AF47: =IF($H47="","",IFERROR(MATCH($H47,CalTypes,0),"")) | AG47: =IF(ISNUMBER($C47),MONTH($C47)*100+DAY($C47),"") | AH47: =IF(OR($AE47="",$AF47=""),0,IF(N(INDEX(CalPrincipal,$AE47,$AF47+0))=0,0,MONTH(INDEX(CalPrincipal,$AE47,$AF47+0))*100+DAY(INDEX(CalPrincipal,$AE47,$AF47+0)))) -> 0 | AI47: =IF(OR($AE47="",$AF47=""),0,IF(N(INDEX(CalPrincipal,$AE47,$AF47+1))=0,0,MONTH(INDEX(CalPrincipal,$AE47,$AF47+1))*100+DAY(INDEX(CalPrincipal,$AE47,$AF47+1)))) -> 0 | AJ47: =IF(OR($AE47="",$AF47=""),0,IF(N(INDEX(CalComplement,$AE47,$AF47+0))=0,0,MONTH(INDEX(CalComplement,$AE47,$AF47+0))*100+DAY(INDEX(CalComplement,$AE47,$AF47+0)))) -> 0 | AK47: =IF(OR($AE47="",$AF47=""),0,IF(N(INDEX(CalComplement,$AE47,$AF47+1))=0,0,MONTH(INDEX(CalComplement,$AE47,$AF47+1))*100+DAY(INDEX(CalComplement,$AE47,$AF47+1)))) -> 0 | AL47: =IF(OR($AE47="",$AF47="",$AG47=""),0,IF(OR(AND($AH47>0,IF($AH47<=$AI47,AND($AG47>=$AH47,$AG47<=$AI47),OR($AG47>=$AH47,$AG47<=$AI47))),AND($AJ47>0,IF($AJ47<=$AK47,AND($AG47>=$AJ47,$AG47<=$AK47),OR($AG47>=$AJ47,$AG47<=$AK47)))),1,0)) -> 0 | AM47: =IF($AA47="",0,IF(INDEX(Fertilisants!$C$8:$C$47,$AA47)="Effluent d'élevage",1,0)) -> 0 | AN47: =IF($AA47="","",IF(INDEX(Fertilisants!$C$8:$C$47,$AA47)="Engrais minéral","Minéral","Organique")) | AO47: =IF(OR($I47="",$N47=""),"",$I47*$N47) | AP47: =IF(OR($I47="",$O47=""),"",$I47*$O47) | AQ47: =IF(OR($I47="",$P47=""),"",$I47*$P47) | AR47: =IF(AND($D47<>"",$D47=FicheIlot),COUNTIF($D$8:$D47,FicheIlot),"")
B48: =IF(C48="","",COUNT($C$8:C48)) | E48: =IF($Z48="","",IF($F48=ApportCouvert,INDEX(Îlots!$I$8:$I$57,$Z48)&"",INDEX(Îlots!$N$8:$N$57,$Z48)&"")) | H48: =IF($AA48="","",INDEX(Fertilisants!$D$8:$D$47,$AA48)&"") | K48: =IF($AA48="","",INDEX(Fertilisants!$E$8:$E$47,$AA48)&"") | L48: =IF(OR($I48="",$J48=""),"",$I48*$J48) | M48: =IF(OR($J48="",$AA48=""),"",$J48*N(INDEX(Fertilisants!$G$8:$G$47,$AA48))) | N48: =IF(OR($J48="",$AA48=""),"",$J48*N(INDEX(Fertilisants!$I$8:$I$47,$AA48))) | O48: =IF(OR($J48="",$AA48=""),"",$J48*N(INDEX(Fertilisants!$J$8:$J$47,$AA48))) | P48: =IF(OR($J48="",$AA48=""),"",$J48*N(INDEX(Fertilisants!$K$8:$K$47,$AA48))) | Q48: =IF(OR($I48="",$M48=""),"",$I48*$M48) | W48: =IF($C48="","",IF(OR($D48="",$G48="",$I48="",$J48=""),"Incomplet",IF(OR($R48="Enneigé",$R48="Détrempé",$R48="Inondé",AND($R48="Gelé",$H48<>"Type 0",$H48<>"Type Ia")),"Sol interdit",IF($AL48=1,"Période interdite",IF(AND(ISNUMBER($AB48),$I48>$AB48+0.001),"Surface > îlot",IF(OR($C48<DebutCampagne,$C48>FinCampagne),"Hors campagne",IF(AND(ISNUMBER($V48),$V48-$C48>DelaiSaisie),"Saisie tardive","Conforme"))))))) | Z48: =IF($D48="","",IFERROR(MATCH($D48,Îlots!$D$8:$D$57,0),"")) | AA48: =IF($G48="","",IFERROR(MATCH($G48,Fertilisants!$B$8:$B$47,0),"")) | AB48: =IF($Z48="","",INDEX(Îlots!$E$8:$E$57,$Z48)) | AC48: =IF($Z48="","",INDEX(Îlots!$G$8:$G$57,$Z48)&"") | AD48: =IF($Z48="","",IF($F48=ApportCouvert,OccCouvert,INDEX(Îlots!$O$8:$O$57,$Z48)&"")) | AE48: =IF(OR($AD48="",$AC48="Non",ZoneVulnerable="Non"),"",IFERROR(MATCH($AD48,CalOccupations,0),"")) | AF48: =IF($H48="","",IFERROR(MATCH($H48,CalTypes,0),"")) | AG48: =IF(ISNUMBER($C48),MONTH($C48)*100+DAY($C48),"") | AH48: =IF(OR($AE48="",$AF48=""),0,IF(N(INDEX(CalPrincipal,$AE48,$AF48+0))=0,0,MONTH(INDEX(CalPrincipal,$AE48,$AF48+0))*100+DAY(INDEX(CalPrincipal,$AE48,$AF48+0)))) -> 0 | AI48: =IF(OR($AE48="",$AF48=""),0,IF(N(INDEX(CalPrincipal,$AE48,$AF48+1))=0,0,MONTH(INDEX(CalPrincipal,$AE48,$AF48+1))*100+DAY(INDEX(CalPrincipal,$AE48,$AF48+1)))) -> 0 | AJ48: =IF(OR($AE48="",$AF48=""),0,IF(N(INDEX(CalComplement,$AE48,$AF48+0))=0,0,MONTH(INDEX(CalComplement,$AE48,$AF48+0))*100+DAY(INDEX(CalComplement,$AE48,$AF48+0)))) -> 0 | AK48: =IF(OR($AE48="",$AF48=""),0,IF(N(INDEX(CalComplement,$AE48,$AF48+1))=0,0,MONTH(INDEX(CalComplement,$AE48,$AF48+1))*100+DAY(INDEX(CalComplement,$AE48,$AF48+1)))) -> 0 | AL48: =IF(OR($AE48="",$AF48="",$AG48=""),0,IF(OR(AND($AH48>0,IF($AH48<=$AI48,AND($AG48>=$AH48,$AG48<=$AI48),OR($AG48>=$AH48,$AG48<=$AI48))),AND($AJ48>0,IF($AJ48<=$AK48,AND($AG48>=$AJ48,$AG48<=$AK48),OR($AG48>=$AJ48,$AG48<=$AK48)))),1,0)) -> 0 | AM48: =IF($AA48="",0,IF(INDEX(Fertilisants!$C$8:$C$47,$AA48)="Effluent d'élevage",1,0)) -> 0 | AN48: =IF($AA48="","",IF(INDEX(Fertilisants!$C$8:$C$47,$AA48)="Engrais minéral","Minéral","Organique")) | AO48: =IF(OR($I48="",$N48=""),"",$I48*$N48) | AP48: =IF(OR($I48="",$O48=""),"",$I48*$O48) | AQ48: =IF(OR($I48="",$P48=""),"",$I48*$P48) | AR48: =IF(AND($D48<>"",$D48=FicheIlot),COUNTIF($D$8:$D48,FicheIlot),"")
... B507: =IF(C507="","",COUNT($C$8:C507)) | E507: =IF($Z507="","",IF($F507=ApportCouvert,INDEX(Îlots!$I$8:$I$57,$Z507)&"",INDEX(Îlots!$N$8:$N$57,$Z507)&"")) | H507: =IF($AA507="","",INDEX(Fertilisants!$D$8:$D$47,$AA507)&"") | K507: =IF($AA507="","",INDEX(Fertilisants!$E$8:$E$47,$AA507)&"") | L507: =IF(OR($I507="",$J507=""),"",$I507*$J507) | M507: =IF(OR($J507="",$AA507=""),"",$J507*N(INDEX(Fertilisants!$G$8:$G$47,$AA507))) | N507: =IF(OR($J507="",$AA507=""),"",$J507*N(INDEX(Fertilisants!$I$8:$I$47,$AA507))) | O507: =IF(OR($J507="",$AA507=""),"",$J507*N(INDEX(Fertilisants!$J$8:$J$47,$AA507))) | P507: =IF(OR($J507="",$AA507=""),"",$J507*N(INDEX(Fertilisants!$K$8:$K$47,$AA507))) | Q507: =IF(OR($I507="",$M507=""),"",$I507*$M507) | W507: =IF($C507="","",IF(OR($D507="",$G507="",$I507="",$J507=""),"Incomplet",IF(OR($R507="Enneigé",$R507="Détrempé",$R507="Inondé",AND($R507="Gelé",$H507<>"Type 0",$H507<>"Type Ia")),"Sol interdit",IF($AL507=1,"Période interdite",IF(AND(ISNUMBER($AB507),$I507>$AB507+0.001),"Surface > îlot",IF(OR($C507<DebutCampagne,$C507>FinCampagne),"Hors campagne",IF(AND(ISNUMBER($V507),$V507-$C507>DelaiSaisie),"Saisie tardive","Conforme"))))))) | Z507: =IF($D507="","",IFERROR(MATCH($D507,Îlots!$D$8:$D$57,0),"")) | AA507: =IF($G507="","",IFERROR(MATCH($G507,Fertilisants!$B$8:$B$47,0),"")) | AB507: =IF($Z507="","",INDEX(Îlots!$E$8:$E$57,$Z507)) | AC507: =IF($Z507="","",INDEX(Îlots!$G$8:$G$57,$Z507)&"") | AD507: =IF($Z507="","",IF($F507=ApportCouvert,OccCouvert,INDEX(Îlots!$O$8:$O$57,$Z507)&"")) | AE507: =IF(OR($AD507="",$AC507="Non",ZoneVulnerable="Non"),"",IFERROR(MATCH($AD507,CalOccupations,0),"")) | AF507: =IF($H507="","",IFERROR(MATCH($H507,CalTypes,0),"")) | AG507: =IF(ISNUMBER($C507),MONTH($C507)*100+DAY($C507),"") | AH507: =IF(OR($AE507="",$AF507=""),0,IF(N(INDEX(CalPrincipal,$AE507,$AF507+0))=0,0,MONTH(INDEX(CalPrincipal,$AE507,$AF507+0))*100+DAY(INDEX(CalPrincipal,$AE507,$AF507+0)))) -> 0 | AI507: =IF(OR($AE507="",$AF507=""),0,IF(N(INDEX(CalPrincipal,$AE507,$AF507+1))=0,0,MONTH(INDEX(CalPrincipal,$AE507,$AF507+1))*100+DAY(INDEX(CalPrincipal,$AE507,$AF507+1)))) -> 0 | AJ507: =IF(OR($AE507="",$AF507=""),0,IF(N(INDEX(CalComplement,$AE507,$AF507+0))=0,0,MONTH(INDEX(CalComplement,$AE507,$AF507+0))*100+DAY(INDEX(CalComplement,$AE507,$AF507+0)))) -> 0 | AK507: =IF(OR($AE507="",$AF507=""),0,IF(N(INDEX(CalComplement,$AE507,$AF507+1))=0,0,MONTH(INDEX(CalComplement,$AE507,$AF507+1))*100+DAY(INDEX(CalComplement,$AE507,$AF507+1)))) -> 0 | AL507: =IF(OR($AE507="",$AF507="",$AG507=""),0,IF(OR(AND($AH507>0,IF($AH507<=$AI507,AND($AG507>=$AH507,$AG507<=$AI507),OR($AG507>=$AH507,$AG507<=$AI507))),AND($AJ507>0,IF($AJ507<=$AK507,AND($AG507>=$AJ507,$AG507<=$AK507),OR($AG507>=$AJ507,$AG507<=$AK507)))),1,0)) -> 0 | AM507: =IF($AA507="",0,IF(INDEX(Fertilisants!$C$8:$C$47,$AA507)="Effluent d'élevage",1,0)) -> 0 | AN507: =IF($AA507="","",IF(INDEX(Fertilisants!$C$8:$C$47,$AA507)="Engrais minéral","Minéral","Organique")) | AO507: =IF(OR($I507="",$N507=""),"",$I507*$N507) | AP507: =IF(OR($I507="",$O507=""),"",$I507*$O507) | AQ507: =IF(OR($I507="",$P507=""),"",$I507*$P507) | AR507: =IF(AND($D507<>"",$D507=FicheIlot),COUNTIF($D$8:$D507,FicheIlot),"")

Sheet Îlots
B1: ÎLOTS CULTURAUX ET PLAN PRÉVISIONNEL | AC1: =RaisonSociale -> SCEA du Val de Mérienne
B2: Parcellaire, interculture, dose d'azote prévue et bilan réalisé | AC2: ="Campagne "&(AnneeRecolte-1)&"-"&AnneeRecolte&" · récolte "&AnneeRecolte -> Campagne 2026-2027 · récolte 2027
B4: Un îlot regroupe des parcelles contiguës conduites de façon homogène. La désignation alimente les listes du registre. | J4: Saisie | K4: Calcul automatique
B6: IDENTIFICATION | I6: INTERCULTURE PRÉCÉDANT LA CULTURE | N6: CULTURE PRINCIPALE ET PLAN PRÉVISIONNEL (PPF) | T6: BILAN AZOTÉ DE LA CAMPAGNE | Z6: RÉCOLTE
B7: Code | C7: Nom de l'îlot | D7: Désignation | E7: Surface (ha) | F7: Type de sol | G7: Zone vulnérable | H7: Faire-valoir | I7: Couvert | J7: Espèces | K7: Date de semis | L7: Destruction / récolte | M7: Durée | N7: Culture principale | O7: Catégorie de calendrier | P7: Date d'implantation | Q7: Objectif de rendement | R7: Unité | S7: Dose N PPF (kg N eff./ha) | T7: N efficace apporté (kg/ha) | U7: Écart (kg/ha) | V7: Réalisation du PPF | W7: N organique total (kg/ha) | X7: Apports | Y7: Statut | Z7: Date de récolte | AA7: Rendement réalisé | AB7: Écart / objectif | AC7: Observations (reliquat, accident cultural…)
B8: 01 | C8: La Croix Blanche | D8: =IF(B8="","",B8&" – "&C8) -> 01 – La Croix Blanche | E8: 14.8 | F8: Limon profond | G8: Oui | H8: Propriété | I8: CINE (non exporté) | J8: Moutarde + avoine rude | K8: 46244 | L8: 46361 | M8: =IF(AND(ISNUMBER(K8),ISNUMBER(L8)),L8-K8,"") -> 117 | N8: Maïs ensilage | O8: =IF(N8="","",IFERROR(INDEX(CulturesCat,MATCH(N8,CulturesNoms,0)),"Culture à ajouter")) -> Culture de printemps | P8: 46505 | Q8: 16 | R8: =IF(N8="","",IFERROR(INDEX(CulturesUnite,MATCH(N8,CulturesNoms,0))&"","")) -> t MS/ha | S8: 145 | T8: =IF(OR(D8="",N(E8)=0),"",SUMIFS(Registre!$AO$8:$AO$507,Registre!$D$8:$D$507,D8)/E8) -> 144.5 | U8: =IF(OR(T8="",S8=""),"",ROUND(T8-S8,0)) -> 0 | V8: =IF(OR(T8="",N(S8)=0),"",T8/S8) -> 0.99655172 | W8: =IF(OR(D8="",N(E8)=0),"",SUMIFS(Registre!$Q$8:$Q$507,Registre!$D$8:$D$507,D8,Registre!$AN$8:$AN$507,"Organique")/E8) -> 314 | X8: =IF(D8="","",COUNTIF(Registre!$D$8:$D$507,D8)) -> 4 | Y8: =IF(D8="","",IF(S8="","PPF à renseigner",IF(X8=0,"Aucun apport",IF(T8>S8+TolerancePPF,"Dépassement PPF","Conforme")))) -> Conforme | AB8: =IF(OR(N(Q8)=0,AA8=""),"",AA8/Q8-1) | AC8: Reliquat sortie d'hiver : 38 kg N/ha
B9: 02 | C9: Les Noues | D9: =IF(B9="","",B9&" – "&C9) -> 02 – Les Noues | E9: 11.35 | F9: Argilo-limoneux | G9: Oui | H9: Fermage | I9: Repousses de colza | K9: 46218 | L9: 46285 | M9: =IF(AND(ISNUMBER(K9),ISNUMBER(L9)),L9-K9,"") -> 67 | N9: Blé tendre d'hiver | O9: =IF(N9="","",IFERROR(INDEX(CulturesCat,MATCH(N9,CulturesNoms,0)),"Culture à ajouter")) -> Culture d'automne (hors colza) | P9: 46309 | Q9: 82 | R9: =IF(N9="","",IFERROR(INDEX(CulturesUnite,MATCH(N9,CulturesNoms,0))&"","")) -> q/ha | S9: 175 | T9: =IF(OR(D9="",N(E9)=0),"",SUMIFS(Registre!$AO$8:$AO$507,Registre!$D$8:$D$507,D9)/E9) -> 174.07 | U9: =IF(OR(T9="",S9=""),"",ROUND(T9-S9,0)) -> -1 | V9: =IF(OR(T9="",N(S9)=0),"",T9/S9) -> 0.99468571 | W9: =IF(OR(D9="",N(E9)=0),"",SUMIFS(Registre!$Q$8:$Q$507,Registre!$D$8:$D$507,D9,Registre!$AN$8:$AN$507,"Organique")/E9) -> 145 | X9: =IF(D9="","",COUNTIF(Registre!$D$8:$D$507,D9)) -> 4 | Y9: =IF(D9="","",IF(S9="","PPF à renseigner",IF(X9=0,"Aucun apport",IF(T9>S9+TolerancePPF,"Dépassement PPF","Conforme")))) -> Conforme | Z9: 46588 | AA9: 84 | AB9: =IF(OR(N(Q9)=0,AA9=""),"",AA9/Q9-1) -> 0.024390244
B10: 03 | C10: La Garenne | D10: =IF(B10="","",B10&" – "&C10) -> 03 – La Garenne | E10: 9.6 | F10: Sablo-limoneux | G10: Oui | H10: Fermage | I10: Aucun (interculture courte) | M10: =IF(AND(ISNUMBER(K10),ISNUMBER(L10)),L10-K10,"") | N10: Colza d'hiver | O10: =IF(N10="","",IFERROR(INDEX(CulturesCat,MATCH(N10,CulturesNoms,0)),"Culture à ajouter")) -> Colza d'automne | P10: 46262 | Q10: 36 | R10: =IF(N10="","",IFERROR(INDEX(CulturesUnite,MATCH(N10,CulturesNoms,0))&"","")) -> q/ha | S10: 160 | T10: =IF(OR(D10="",N(E10)=0),"",SUMIFS(Registre!$AO$8:$AO$507,Registre!$D$8:$D$507,D10)/E10) -> 161.12 | U10: =IF(OR(T10="",S10=""),"",ROUND(T10-S10,0)) -> 1 | V10: =IF(OR(T10="",N(S10)=0),"",T10/S10) -> 1.007 | W10: =IF(OR(D10="",N(E10)=0),"",SUMIFS(Registre!$Q$8:$Q$507,Registre!$D$8:$D$507,D10,Registre!$AN$8:$AN$507,"Organique")/E10) -> 100 | X10: =IF(D10="","",COUNTIF(Registre!$D$8:$D$507,D10)) -> 3 | Y10: =IF(D10="","",IF(S10="","PPF à renseigner",IF(X10=0,"Aucun apport",IF(T10>S10+TolerancePPF,"Dépassement PPF","Conforme")))) -> Conforme | Z10: 46576 | AA10: 34.5 | AB10: =IF(OR(N(Q10)=0,AA10=""),"",AA10/Q10-1) -> -0.041666667
B11: 04 | C11: Le Paradis | D11: =IF(B11="","",B11&" – "&C11) -> 04 – Le Paradis | E11: 16.2 | F11: Limon argileux | G11: Oui | H11: Propriété | I11: CIE (dérobée exportée) | J11: Ray-grass italien + trèfle | K11: 46259 | L11: 46497 | M11: =IF(AND(ISNUMBER(K11),ISNUMBER(L11)),L11-K11,"") -> 238 | N11: Maïs ensilage | O11: =IF(N11="","",IFERROR(INDEX(CulturesCat,MATCH(N11,CulturesNoms,0)),"Culture à ajouter")) -> Culture de printemps | P11: 46512 | Q11: 15 | R11: =IF(N11="","",IFERROR(INDEX(CulturesUnite,MATCH(N11,CulturesNoms,0))&"","")) -> t MS/ha | S11: 140 | T11: =IF(OR(D11="",N(E11)=0),"",SUMIFS(Registre!$AO$8:$AO$507,Registre!$D$8:$D$507,D11)/E11) -> 136.2 | U11: =IF(OR(T11="",S11=""),"",ROUND(T11-S11,0)) -> -4 | V11: =IF(OR(T11="",N(S11)=0),"",T11/S11) -> 0.97285714 | W11: =IF(OR(D11="",N(E11)=0),"",SUMIFS(Registre!$Q$8:$Q$507,Registre!$D$8:$D$507,D11,Registre!$AN$8:$AN$507,"Organique")/E11) -> 240 | X11: =IF(D11="","",COUNTIF(Registre!$D$8:$D$507,D11)) -> 3 | Y11: =IF(D11="","",IF(S11="","PPF à renseigner",IF(X11=0,"Aucun apport",IF(T11>S11+TolerancePPF,"Dépassement PPF","Conforme")))) -> Conforme | AB11: =IF(OR(N(Q11)=0,AA11=""),"",AA11/Q11-1) | AC11: Dérobée ensilée le 18/04/2027
B12: 05 | C12: Les Rouches | D12: =IF(B12="","",B12&" – "&C12) -> 05 – Les Rouches | E12: 12.75 | F12: Limon battant | G12: Oui | H12: Fermage | I12: Aucun (interculture courte) | M12: =IF(AND(ISNUMBER(K12),ISNUMBER(L12)),L12-K12,"") | N12: Orge d'hiver | O12: =IF(N12="","",IFERROR(INDEX(CulturesCat,MATCH(N12,CulturesNoms,0)),"Culture à ajouter")) -> Culture d'automne (hors colza) | P12: 46303 | Q12: 72 | R12: =IF(N12="","",IFERROR(INDEX(CulturesUnite,MATCH(N12,CulturesNoms,0))&"","")) -> q/ha | S12: 150 | T12: =IF(OR(D12="",N(E12)=0),"",SUMIFS(Registre!$AO$8:$AO$507,Registre!$D$8:$D$507,D12)/E12) -> 138.14706 | U12: =IF(OR(T12="",S12=""),"",ROUND(T12-S12,0)) -> -12 | V12: =IF(OR(T12="",N(S12)=0),"",T12/S12) -> 0.92098039 | W12: =IF(OR(D12="",N(E12)=0),"",SUMIFS(Registre!$Q$8:$Q$507,Registre!$D$8:$D$507,D12,Registre!$AN$8:$AN$507,"Organique")/E12) -> 75.294118 | X12: =IF(D12="","",COUNTIF(Registre!$D$8:$D$507,D12)) -> 3 | Y12: =IF(D12="","",IF(S12="","PPF à renseigner",IF(X12=0,"Aucun apport",IF(T12>S12+TolerancePPF,"Dépassement PPF","Conforme")))) -> Conforme | Z12: 46569 | AA12: 70 | AB12: =IF(OR(N(Q12)=0,AA12=""),"",AA12/Q12-1) -> -0.027777778 | AC12: Zone hydromorphe (0,75 ha) exclue des lisiers
B13: 06 | C13: Pré Long | D13: =IF(B13="","",B13&" – "&C13) -> 06 – Pré Long | E13: 8.9 | F13: Limon hydromorphe | G13: Oui | H13: Propriété | I13: Sans objet (prairie, pérenne) | M13: =IF(AND(ISNUMBER(K13),ISNUMBER(L13)),L13-K13,"") | N13: Prairie permanente | O13: =IF(N13="","",IFERROR(INDEX(CulturesCat,MATCH(N13,CulturesNoms,0)),"Culture à ajouter")) -> Prairie > 6 mois et luzerne | Q13: 7.5 | R13: =IF(N13="","",IFERROR(INDEX(CulturesUnite,MATCH(N13,CulturesNoms,0))&"","")) -> t MS/ha | S13: 100 | T13: =IF(OR(D13="",N(E13)=0),"",SUMIFS(Registre!$AO$8:$AO$507,Registre!$D$8:$D$507,D13)/E13) -> 130 | U13: =IF(OR(T13="",S13=""),"",ROUND(T13-S13,0)) -> 30 | V13: =IF(OR(T13="",N(S13)=0),"",T13/S13) -> 1.3 | W13: =IF(OR(D13="",N(E13)=0),"",SUMIFS(Registre!$Q$8:$Q$507,Registre!$D$8:$D$507,D13,Registre!$AN$8:$AN$507,"Organique")/E13) -> 260 | X13: =IF(D13="","",COUNTIF(Registre!$D$8:$D$507,D13)) -> 3 | Y13: =IF(D13="","",IF(S13="","PPF à renseigner",IF(X13=0,"Aucun apport",IF(T13>S13+TolerancePPF,"Dépassement PPF","Conforme")))) -> Dépassement PPF | Z13: 46529 | AA13: 7.1 | AB13: =IF(OR(N(Q13)=0,AA13=""),"",AA13/Q13-1) -> -0.053333333 | AC13: Pâturage d'avril à octobre
B14: 07 | C14: La Fosse aux Loups | D14: =IF(B14="","",B14&" – "&C14) -> 07 – La Fosse aux Loups | E14: 7.45 | F14: Argilo-calcaire | G14: Non | H14: Fermage | I14: Sans objet (prairie, pérenne) | M14: =IF(AND(ISNUMBER(K14),ISNUMBER(L14)),L14-K14,"") | N14: Prairie temporaire | O14: =IF(N14="","",IFERROR(INDEX(CulturesCat,MATCH(N14,CulturesNoms,0)),"Culture à ajouter")) -> Prairie > 6 mois et luzerne | P14: 45905 | Q14: 10 | R14: =IF(N14="","",IFERROR(INDEX(CulturesUnite,MATCH(N14,CulturesNoms,0))&"","")) -> t MS/ha | S14: 120 | T14: =IF(OR(D14="",N(E14)=0),"",SUMIFS(Registre!$AO$8:$AO$507,Registre!$D$8:$D$507,D14)/E14) -> 98.49 | U14: =IF(OR(T14="",S14=""),"",ROUND(T14-S14,0)) -> -22 | V14: =IF(OR(T14="",N(S14)=0),"",T14/S14) -> 0.82075 | W14: =IF(OR(D14="",N(E14)=0),"",SUMIFS(Registre!$Q$8:$Q$507,Registre!$D$8:$D$507,D14,Registre!$AN$8:$AN$507,"Organique")/E14) -> 180 | X14: =IF(D14="","",COUNTIF(Registre!$D$8:$D$507,D14)) -> 3 | Y14: =IF(D14="","",IF(S14="","PPF à renseigner",IF(X14=0,"Aucun apport",IF(T14>S14+TolerancePPF,"Dépassement PPF","Conforme")))) -> Conforme | Z14: 46522 | AA14: 9.4 | AB14: =IF(OR(N(Q14)=0,AA14=""),"",AA14/Q14-1) -> -0.06
B15: 08 | C15: Les Terres Fortes | D15: =IF(B15="","",B15&" – "&C15) -> 08 – Les Terres Fortes | E15: 13.1 | F15: Argile | G15: Oui | H15: Fermage | I15: CINE (non exporté) | J15: Phacélie + vesce | K15: 46254 | L15: 46433 | M15: =IF(AND(ISNUMBER(K15),ISNUMBER(L15)),L15-K15,"") -> 179 | N15: Orge de printemps | O15: =IF(N15="","",IFERROR(INDEX(CulturesCat,MATCH(N15,CulturesNoms,0)),"Culture à ajouter")) -> Culture de printemps | P15: 46456 | Q15: 68 | R15: =IF(N15="","",IFERROR(INDEX(CulturesUnite,MATCH(N15,CulturesNoms,0))&"","")) -> q/ha | S15: 105 | T15: =IF(OR(D15="",N(E15)=0),"",SUMIFS(Registre!$AO$8:$AO$507,Registre!$D$8:$D$507,D15)/E15) -> 103.65 | U15: =IF(OR(T15="",S15=""),"",ROUND(T15-S15,0)) -> -1 | V15: =IF(OR(T15="",N(S15)=0),"",T15/S15) -> 0.98714286 | W15: =IF(OR(D15="",N(E15)=0),"",SUMIFS(Registre!$Q$8:$Q$507,Registre!$D$8:$D$507,D15,Registre!$AN$8:$AN$507,"Organique")/E15) -> 208 | X15: =IF(D15="","",COUNTIF(Registre!$D$8:$D$507,D15)) -> 3 | Y15: =IF(D15="","",IF(S15="","PPF à renseigner",IF(X15=0,"Aucun apport",IF(T15>S15+TolerancePPF,"Dépassement PPF","Conforme")))) -> Conforme | Z15: 46580 | AA15: 66 | AB15: =IF(OR(N(Q15)=0,AA15=""),"",AA15/Q15-1) -> -0.029411765
B16: 09 | C16: Les Sablons | D16: =IF(B16="","",B16&" – "&C16) -> 09 – Les Sablons | E16: 10.05 | F16: Sableux | G16: Oui | H16: Propriété | I16: Repousses de céréales | K16: 46228 | L16: 46300 | M16: =IF(AND(ISNUMBER(K16),ISNUMBER(L16)),L16-K16,"") -> 72 | N16: Triticale | O16: =IF(N16="","",IFERROR(INDEX(CulturesCat,MATCH(N16,CulturesNoms,0)),"Culture à ajouter")) -> Culture d'automne (hors colza) | P16: 46315 | Q16: 70 | R16: =IF(N16="","",IFERROR(INDEX(CulturesUnite,MATCH(N16,CulturesNoms,0))&"","")) -> q/ha | S16: 140 | T16: =IF(OR(D16="",N(E16)=0),"",SUMIFS(Registre!$AO$8:$AO$507,Registre!$D$8:$D$507,D16)/E16) -> 136.8 | U16: =IF(OR(T16="",S16=""),"",ROUND(T16-S16,0)) -> -3 | V16: =IF(OR(T16="",N(S16)=0),"",T16/S16) -> 0.97714286 | W16: =IF(OR(D16="",N(E16)=0),"",SUMIFS(Registre!$Q$8:$Q$507,Registre!$D$8:$D$507,D16,Registre!$AN$8:$AN$507,"Organique")/E16) -> 115 | X16: =IF(D16="","",COUNTIF(Registre!$D$8:$D$507,D16)) -> 3 | Y16: =IF(D16="","",IF(S16="","PPF à renseigner",IF(X16=0,"Aucun apport",IF(T16>S16+TolerancePPF,"Dépassement PPF","Conforme")))) -> Conforme | Z16: 46578 | AA16: 73 | AB16: =IF(OR(N(Q16)=0,AA16=""),"",AA16/Q16-1) -> 0.042857143
B17: 10 | C17: Le Bois Rond | D17: =IF(B17="","",B17&" – "&C17) -> 10 – Le Bois Rond | E17: 8.25 | F17: Limon | G17: Oui | H17: Fermage | I17: Sans objet (prairie, pérenne) | M17: =IF(AND(ISNUMBER(K17),ISNUMBER(L17)),L17-K17,"") | N17: Luzerne | O17: =IF(N17="","",IFERROR(INDEX(CulturesCat,MATCH(N17,CulturesNoms,0)),"Culture à ajouter")) -> Prairie > 6 mois et luzerne | P17: 45757 | Q17: 12 | R17: =IF(N17="","",IFERROR(INDEX(CulturesUnite,MATCH(N17,CulturesNoms,0))&"","")) -> t MS/ha | S17: 0 | T17: =IF(OR(D17="",N(E17)=0),"",SUMIFS(Registre!$AO$8:$AO$507,Registre!$D$8:$D$507,D17)/E17) -> 0 | U17: =IF(OR(T17="",S17=""),"",ROUND(T17-S17,0)) -> 0 | V17: =IF(OR(T17="",N(S17)=0),"",T17/S17) | W17: =IF(OR(D17="",N(E17)=0),"",SUMIFS(Registre!$Q$8:$Q$507,Registre!$D$8:$D$507,D17,Registre!$AN$8:$AN$507,"Organique")/E17) -> 0 | X17: =IF(D17="","",COUNTIF(Registre!$D$8:$D$507,D17)) -> 0 | Y17: =IF(D17="","",IF(S17="","PPF à renseigner",IF(X17=0,"Aucun apport",IF(T17>S17+TolerancePPF,"Dépassement PPF","Conforme")))) -> Aucun apport | Z17: 46535 | AA17: 11.5 | AB17: =IF(OR(N(Q17)=0,AA17=""),"",AA17/Q17-1) -> -0.041666667 | AC17: Légumineuse : pas d'apport azoté prévu
D18: =IF(B18="","",B18&" – "&C18) | M18: =IF(AND(ISNUMBER(K18),ISNUMBER(L18)),L18-K18,"") | O18: =IF(N18="","",IFERROR(INDEX(CulturesCat,MATCH(N18,CulturesNoms,0)),"Culture à ajouter")) | R18: =IF(N18="","",IFERROR(INDEX(CulturesUnite,MATCH(N18,CulturesNoms,0))&"","")) | T18: =IF(OR(D18="",N(E18)=0),"",SUMIFS(Registre!$AO$8:$AO$507,Registre!$D$8:$D$507,D18)/E18) | U18: =IF(OR(T18="",S18=""),"",ROUND(T18-S18,0)) | V18: =IF(OR(T18="",N(S18)=0),"",T18/S18) | W18: =IF(OR(D18="",N(E18)=0),"",SUMIFS(Registre!$Q$8:$Q$507,Registre!$D$8:$D$507,D18,Registre!$AN$8:$AN$507,"Organique")/E18) | X18: =IF(D18="","",COUNTIF(Registre!$D$8:$D$507,D18)) | Y18: =IF(D18="","",IF(S18="","PPF à renseigner",IF(X18=0,"Aucun apport",IF(T18>S18+TolerancePPF,"Dépassement PPF","Conforme")))) | AB18: =IF(OR(N(Q18)=0,AA18=""),"",AA18/Q18-1)
D19: =IF(B19="","",B19&" – "&C19) | M19: =IF(AND(ISNUMBER(K19),ISNUMBER(L19)),L19-K19,"") | O19: =IF(N19="","",IFERROR(INDEX(CulturesCat,MATCH(N19,CulturesNoms,0)),"Culture à ajouter")) | R19: =IF(N19="","",IFERROR(INDEX(CulturesUnite,MATCH(N19,CulturesNoms,0))&"","")) | T19: =IF(OR(D19="",N(E19)=0),"",SUMIFS(Registre!$AO$8:$AO$507,Registre!$D$8:$D$507,D19)/E19) | U19: =IF(OR(T19="",S19=""),"",ROUND(T19-S19,0)) | V19: =IF(OR(T19="",N(S19)=0),"",T19/S19) | W19: =IF(OR(D19="",N(E19)=0),"",SUMIFS(Registre!$Q$8:$Q$507,Registre!$D$8:$D$507,D19,Registre!$AN$8:$AN$507,"Organique")/E19) | X19: =IF(D19="","",COUNTIF(Registre!$D$8:$D$507,D19)) | Y19: =IF(D19="","",IF(S19="","PPF à renseigner",IF(X19=0,"Aucun apport",IF(T19>S19+TolerancePPF,"Dépassement PPF","Conforme")))) | AB19: =IF(OR(N(Q19)=0,AA19=""),"",AA19/Q19-1)
D20: =IF(B20="","",B20&" – "&C20) | M20: =IF(AND(ISNUMBER(K20),ISNUMBER(L20)),L20-K20,"") | O20: =IF(N20="","",IFERROR(INDEX(CulturesCat,MATCH(N20,CulturesNoms,0)),"Culture à ajouter")) | R20: =IF(N20="","",IFERROR(INDEX(CulturesUnite,MATCH(N20,CulturesNoms,0))&"","")) | T20: =IF(OR(D20="",N(E20)=0),"",SUMIFS(Registre!$AO$8:$AO$507,Registre!$D$8:$D$507,D20)/E20) | U20: =IF(OR(T20="",S20=""),"",ROUND(T20-S20,0)) | V20: =IF(OR(T20="",N(S20)=0),"",T20/S20) | W20: =IF(OR(D20="",N(E20)=0),"",SUMIFS(Registre!$Q$8:$Q$507,Registre!$D$8:$D$507,D20,Registre!$AN$8:$AN$507,"Organique")/E20) | X20: =IF(D20="","",COUNTIF(Registre!$D$8:$D$507,D20)) | Y20: =IF(D20="","",IF(S20="","PPF à renseigner",IF(X20=0,"Aucun apport",IF(T20>S20+TolerancePPF,"Dépassement PPF","Conforme")))) | AB20: =IF(OR(N(Q20)=0,AA20=""),"",AA20/Q20-1)
D21: =IF(B21="","",B21&" – "&C21) | M21: =IF(AND(ISNUMBER(K21),ISNUMBER(L21)),L21-K21,"") | O21: =IF(N21="","",IFERROR(INDEX(CulturesCat,MATCH(N21,CulturesNoms,0)),"Culture à ajouter")) | R21: =IF(N21="","",IFERROR(INDEX(CulturesUnite,MATCH(N21,CulturesNoms,0))&"","")) | T21: =IF(OR(D21="",N(E21)=0),"",SUMIFS(Registre!$AO$8:$AO$507,Registre!$D$8:$D$507,D21)/E21) | U21: =IF(OR(T21="",S21=""),"",ROUND(T21-S21,0)) | V21: =IF(OR(T21="",N(S21)=0),"",T21/S21) | W21: =IF(OR(D21="",N(E21)=0),"",SUMIFS(Registre!$Q$8:$Q$507,Registre!$D$8:$D$507,D21,Registre!$AN$8:$AN$507,"Organique")/E21) | X21: =IF(D21="","",COUNTIF(Registre!$D$8:$D$507,D21)) | Y21: =IF(D21="","",IF(S21="","PPF à renseigner",IF(X21=0,"Aucun apport",IF(T21>S21+TolerancePPF,"Dépassement PPF","Conforme")))) | AB21: =IF(OR(N(Q21)=0,AA21=""),"",AA21/Q21-1)
D22: =IF(B22="","",B22&" – "&C22) | M22: =IF(AND(ISNUMBER(K22),ISNUMBER(L22)),L22-K22,"") | O22: =IF(N22="","",IFERROR(INDEX(CulturesCat,MATCH(N22,CulturesNoms,0)),"Culture à ajouter")) | R22: =IF(N22="","",IFERROR(INDEX(CulturesUnite,MATCH(N22,CulturesNoms,0))&"","")) | T22: =IF(OR(D22="",N(E22)=0),"",SUMIFS(Registre!$AO$8:$AO$507,Registre!$D$8:$D$507,D22)/E22) | U22: =IF(OR(T22="",S22=""),"",ROUND(T22-S22,0)) | V22: =IF(OR(T22="",N(S22)=0),"",T22/S22) | W22: =IF(OR(D22="",N(E22)=0),"",SUMIFS(Registre!$Q$8:$Q$507,Registre!$D$8:$D$507,D22,Registre!$AN$8:$AN$507,"Organique")/E22) | X22: =IF(D22="","",COUNTIF(Registre!$D$8:$D$507,D22)) | Y22: =IF(D22="","",IF(S22="","PPF à renseigner",IF(X22=0,"Aucun apport",IF(T22>S22+TolerancePPF,"Dépassement PPF","Conforme")))) | AB22: =IF(OR(N(Q22)=0,AA22=""),"",AA22/Q22-1)
D23: =IF(B23="","",B23&" – "&C23) | M23: =IF(AND(ISNUMBER(K23),ISNUMBER(L23)),L23-K23,"") | O23: =IF(N23="","",IFERROR(INDEX(CulturesCat,MATCH(N23,CulturesNoms,0)),"Culture à ajouter")) | R23: =IF(N23="","",IFERROR(INDEX(CulturesUnite,MATCH(N23,CulturesNoms,0))&"","")) | T23: =IF(OR(D23="",N(E23)=0),"",SUMIFS(Registre!$AO$8:$AO$507,Registre!$D$8:$D$507,D23)/E23) | U23: =IF(OR(T23="",S23=""),"",ROUND(T23-S23,0)) | V23: =IF(OR(T23="",N(S23)=0),"",T23/S23) | W23: =IF(OR(D23="",N(E23)=0),"",SUMIFS(Registre!$Q$8:$Q$507,Registre!$D$8:$D$507,D23,Registre!$AN$8:$AN$507,"Organique")/E23) | X23: =IF(D23="","",COUNTIF(Registre!$D$8:$D$507,D23)) | Y23: =IF(D23="","",IF(S23="","PPF à renseigner",IF(X23=0,"Aucun apport",IF(T23>S23+TolerancePPF,"Dépassement PPF","Conforme")))) | AB23: =IF(OR(N(Q23)=0,AA23=""),"",AA23/Q23-1)
D24: =IF(B24="","",B24&" – "&C24) | M24: =IF(AND(ISNUMBER(K24),ISNUMBER(L24)),L24-K24,"") | O24: =IF(N24="","",IFERROR(INDEX(CulturesCat,MATCH(N24,CulturesNoms,0)),"Culture à ajouter")) | R24: =IF(N24="","",IFERROR(INDEX(CulturesUnite,MATCH(N24,CulturesNoms,0))&"","")) | T24: =IF(OR(D24="",N(E24)=0),"",SUMIFS(Registre!$AO$8:$AO$507,Registre!$D$8:$D$507,D24)/E24) | U24: =IF(OR(T24="",S24=""),"",ROUND(T24-S24,0)) | V24: =IF(OR(T24="",N(S24)=0),"",T24/S24) | W24: =IF(OR(D24="",N(E24)=0),"",SUMIFS(Registre!$Q$8:$Q$507,Registre!$D$8:$D$507,D24,Registre!$AN$8:$AN$507,"Organique")/E24) | X24: =IF(D24="","",COUNTIF(Registre!$D$8:$D$507,D24)) | Y24: =IF(D24="","",IF(S24="","PPF à renseigner",IF(X24=0,"Aucun apport",IF(T24>S24+TolerancePPF,"Dépassement PPF","Conforme")))) | AB24: =IF(OR(N(Q24)=0,AA24=""),"",AA24/Q24-1)
D25: =IF(B25="","",B25&" – "&C25) | M25: =IF(AND(ISNUMBER(K25),ISNUMBER(L25)),L25-K25,"") | O25: =IF(N25="","",IFERROR(INDEX(CulturesCat,MATCH(N25,CulturesNoms,0)),"Culture à ajouter")) | R25: =IF(N25="","",IFERROR(INDEX(CulturesUnite,MATCH(N25,CulturesNoms,0))&"","")) | T25: =IF(OR(D25="",N(E25)=0),"",SUMIFS(Registre!$AO$8:$AO$507,Registre!$D$8:$D$507,D25)/E25) | U25: =IF(OR(T25="",S25=""),"",ROUND(T25-S25,0)) | V25: =IF(OR(T25="",N(S25)=0),"",T25/S25) | W25: =IF(OR(D25="",N(E25)=0),"",SUMIFS(Registre!$Q$8:$Q$507,Registre!$D$8:$D$507,D25,Registre!$AN$8:$AN$507,"Organique")/E25) | X25: =IF(D25="","",COUNTIF(Registre!$D$8:$D$507,D25)) | Y25: =IF(D25="","",IF(S25="","PPF à renseigner",IF(X25=0,"Aucun apport",IF(T25>S25+TolerancePPF,"Dépassement PPF","Conforme")))) | AB25: =IF(OR(N(Q25)=0,AA25=""),"",AA25/Q25-1)
D26: =IF(B26="","",B26&" – "&C26) | M26: =IF(AND(ISNUMBER(K26),ISNUMBER(L26)),L26-K26,"") | O26: =IF(N26="","",IFERROR(INDEX(CulturesCat,MATCH(N26,CulturesNoms,0)),"Culture à ajouter")) | R26: =IF(N26="","",IFERROR(INDEX(CulturesUnite,MATCH(N26,CulturesNoms,0))&"","")) | T26: =IF(OR(D26="",N(E26)=0),"",SUMIFS(Registre!$AO$8:$AO$507,Registre!$D$8:$D$507,D26)/E26) | U26: =IF(OR(T26="",S26=""),"",ROUND(T26-S26,0)) | V26: =IF(OR(T26="",N(S26)=0),"",T26/S26) | W26: =IF(OR(D26="",N(E26)=0),"",SUMIFS(Registre!$Q$8:$Q$507,Registre!$D$8:$D$507,D26,Registre!$AN$8:$AN$507,"Organique")/E26) | X26: =IF(D26="","",COUNTIF(Registre!$D$8:$D$507,D26)) | Y26: =IF(D26="","",IF(S26="","PPF à renseigner",IF(X26=0,"Aucun apport",IF(T26>S26+TolerancePPF,"Dépassement PPF","Conforme")))) | AB26: =IF(OR(N(Q26)=0,AA26=""),"",AA26/Q26-1)
D27: =IF(B27="","",B27&" – "&C27) | M27: =IF(AND(ISNUMBER(K27),ISNUMBER(L27)),L27-K27,"") | O27: =IF(N27="","",IFERROR(INDEX(CulturesCat,MATCH(N27,CulturesNoms,0)),"Culture à ajouter")) | R27: =IF(N27="","",IFERROR(INDEX(CulturesUnite,MATCH(N27,CulturesNoms,0))&"","")) | T27: =IF(OR(D27="",N(E27)=0),"",SUMIFS(Registre!$AO$8:$AO$507,Registre!$D$8:$D$507,D27)/E27) | U27: =IF(OR(T27="",S27=""),"",ROUND(T27-S27,0)) | V27: =IF(OR(T27="",N(S27)=0),"",T27/S27) | W27: =IF(OR(D27="",N(E27)=0),"",SUMIFS(Registre!$Q$8:$Q$507,Registre!$D$8:$D$507,D27,Registre!$AN$8:$AN$507,"Organique")/E27) | X27: =IF(D27="","",COUNTIF(Registre!$D$8:$D$507,D27)) | Y27: =IF(D27="","",IF(S27="","PPF à renseigner",IF(X27=0,"Aucun apport",IF(T27>S27+TolerancePPF,"Dépassement PPF","Conforme")))) | AB27: =IF(OR(N(Q27)=0,AA27=""),"",AA27/Q27-1)
D28: =IF(B28="","",B28&" – "&C28) | M28: =IF(AND(ISNUMBER(K28),ISNUMBER(L28)),L28-K28,"") | O28: =IF(N28="","",IFERROR(INDEX(CulturesCat,MATCH(N28,CulturesNoms,0)),"Culture à ajouter")) | R28: =IF(N28="","",IFERROR(INDEX(CulturesUnite,MATCH(N28,CulturesNoms,0))&"","")) | T28: =IF(OR(D28="",N(E28)=0),"",SUMIFS(Registre!$AO$8:$AO$507,Registre!$D$8:$D$507,D28)/E28) | U28: =IF(OR(T28="",S28=""),"",ROUND(T28-S28,0)) | V28: =IF(OR(T28="",N(S28)=0),"",T28/S28) | W28: =IF(OR(D28="",N(E28)=0),"",SUMIFS(Registre!$Q$8:$Q$507,Registre!$D$8:$D$507,D28,Registre!$AN$8:$AN$507,"Organique")/E28) | X28: =IF(D28="","",COUNTIF(Registre!$D$8:$D$507,D28)) | Y28: =IF(D28="","",IF(S28="","PPF à renseigner",IF(X28=0,"Aucun apport",IF(T28>S28+TolerancePPF,"Dépassement PPF","Conforme")))) | AB28: =IF(OR(N(Q28)=0,AA28=""),"",AA28/Q28-1)
D29: =IF(B29="","",B29&" – "&C29) | M29: =IF(AND(ISNUMBER(K29),ISNUMBER(L29)),L29-K29,"") | O29: =IF(N29="","",IFERROR(INDEX(CulturesCat,MATCH(N29,CulturesNoms,0)),"Culture à ajouter")) | R29: =IF(N29="","",IFERROR(INDEX(CulturesUnite,MATCH(N29,CulturesNoms,0))&"","")) | T29: =IF(OR(D29="",N(E29)=0),"",SUMIFS(Registre!$AO$8:$AO$507,Registre!$D$8:$D$507,D29)/E29) | U29: =IF(OR(T29="",S29=""),"",ROUND(T29-S29,0)) | V29: =IF(OR(T29="",N(S29)=0),"",T29/S29) | W29: =IF(OR(D29="",N(E29)=0),"",SUMIFS(Registre!$Q$8:$Q$507,Registre!$D$8:$D$507,D29,Registre!$AN$8:$AN$507,"Organique")/E29) | X29: =IF(D29="","",COUNTIF(Registre!$D$8:$D$507,D29)) | Y29: =IF(D29="","",IF(S29="","PPF à renseigner",IF(X29=0,"Aucun apport",IF(T29>S29+TolerancePPF,"Dépassement PPF","Conforme")))) | AB29: =IF(OR(N(Q29)=0,AA29=""),"",AA29/Q29-1)
... D57: =IF(B57="","",B57&" – "&C57) | M57: =IF(AND(ISNUMBER(K57),ISNUMBER(L57)),L57-K57,"") | O57: =IF(N57="","",IFERROR(INDEX(CulturesCat,MATCH(N57,CulturesNoms,0)),"Culture à ajouter")) | R57: =IF(N57="","",IFERROR(INDEX(CulturesUnite,MATCH(N57,CulturesNoms,0))&"","")) | T57: =IF(OR(D57="",N(E57)=0),"",SUMIFS(Registre!$AO$8:$AO$507,Registre!$D$8:$D$507,D57)/E57) | U57: =IF(OR(T57="",S57=""),"",ROUND(T57-S57,0)) | V57: =IF(OR(T57="",N(S57)=0),"",T57/S57) | W57: =IF(OR(D57="",N(E57)=0),"",SUMIFS(Registre!$Q$8:$Q$507,Registre!$D$8:$D$507,D57,Registre!$AN$8:$AN$507,"Organique")/E57) | X57: =IF(D57="","",COUNTIF(Registre!$D$8:$D$507,D57)) | Y57: =IF(D57="","",IF(S57="","PPF à renseigner",IF(X57=0,"Aucun apport",IF(T57>S57+TolerancePPF,"Dépassement PPF","Conforme")))) | AB57: =IF(OR(N(Q57)=0,AA57=""),"",AA57/Q57-1)
B58: Total de l'exploitation | E58: =SUM(E8:E57) -> 112.45 | S58: =IFERROR(SUMPRODUCT(E8:E57,S8:S57)/E58,0) -> 128.19253 | T58: =IFERROR(SUMPRODUCT(E8:E57,T8:T57)/E58,0) -> 126.74315 | U58: =ROUND(T58-S58,0) -> -1 | V58: =IFERROR(T58/S58,0) -> 0.98869371 | W58: =IFERROR(SUMPRODUCT(E8:E57,W8:W57)/E58,0) -> 174.62428 | X58: =SUM(X8:X57) -> 29 | Y58: =COUNTIF(Y8:Y57,"Dépassement PPF")&" dépassement(s)" -> 1 dépassement(s)

Sheet Fertilisants
B1: FERTILISANTS | S1: =RaisonSociale -> SCEA du Val de Mérienne
B2: Référentiel des effluents, produits organiques et engrais de la campagne | S2: ="Campagne "&(AnneeRecolte-1)&"-"&AnneeRecolte&" · récolte "&AnneeRecolte -> Campagne 2026-2027 · récolte 2027
B4: Teneurs par unité de produit brut (kg par t, par m³, par kg ou par L). Privilégiez les valeurs d'analyse. | L4: Saisie | M4: Calcul automatique
B6: IDENTIFICATION | F6: COMPOSITION PAR UNITÉ DE PRODUIT BRUT | N6: UTILISATION ET COÛT SUR LA CAMPAGNE
B7: Fertilisant | C7: Catégorie | D7: Type | E7: Unité | F7: Matière sèche | G7: N total (kg/unité) | H7: Coef. Keq | I7: N efficace (kg/unité) | J7: P₂O₅ (kg/unité) | K7: K₂O (kg/unité) | L7: Origine de la teneur | M7: Date d'analyse | N7: Prix (€/unité) | O7: Apports | P7: Quantité épandue | Q7: Azote total épandu (kg) | R7: Coût (€) | S7: Observations
B8: Fumier de bovins (compact) | C8: Effluent d'élevage | D8: Type Ia | E8: t | F8: 22 | G8: 5.8 | H8: 0.1 | I8: =IF(OR(G8="",H8=""),"",G8*H8) -> 0.58 | J8: 2.6 | K8: 9.5 | L8: Référence régionale | N8: 0 | O8: =IF(B8="","",COUNTIF(Registre!$G$8:$G$507,B8)) -> 3 | P8: =IF(B8="","",SUMIFS(Registre!$L$8:$L$507,Registre!$G$8:$G$507,B8)) -> 989.75 | Q8: =IF(B8="","",SUMIFS(Registre!$Q$8:$Q$507,Registre!$G$8:$G$507,B8)) -> 5740.55 | R8: =IF(OR(B8="",N8=""),"",P8*N8) -> 0 | S8: Fumière de l'exploitation – séjour de plus de 2 mois
B9: Lisier de bovins | C9: Effluent d'élevage | D9: Type II | E9: m³ | F9: 8 | G9: 4 | H9: 0.5 | I9: =IF(OR(G9="",H9=""),"",G9*H9) -> 2 | J9: 1.7 | K9: 4.6 | L9: Analyse | M9: 46252 | N9: 0 | O9: =IF(B9="","",COUNTIF(Registre!$G$8:$G$507,B9)) -> 8 | P9: =IF(B9="","",SUMIFS(Registre!$L$8:$L$507,Registre!$G$8:$G$507,B9)) -> 2548.5 | Q9: =IF(B9="","",SUMIFS(Registre!$Q$8:$Q$507,Registre!$G$8:$G$507,B9)) -> 10194 | R9: =IF(OR(B9="",N9=""),"",P9*N9) -> 0 | S9: Fosse principale
B10: Fumier de volailles | C10: Effluent d'élevage | D10: Type II | E10: t | F10: 60 | G10: 24 | H10: 0.55 | I10: =IF(OR(G10="",H10=""),"",G10*H10) -> 13.2 | J10: 21 | K10: 19 | L10: Analyse | M10: 46420 | N10: 18 | O10: =IF(B10="","",COUNTIF(Registre!$G$8:$G$507,B10)) -> 1 | P10: =IF(B10="","",SUMIFS(Registre!$L$8:$L$507,Registre!$G$8:$G$507,B10)) -> 22.35 | Q10: =IF(B10="","",SUMIFS(Registre!$Q$8:$Q$507,Registre!$G$8:$G$507,B10)) -> 536.4 | R10: =IF(OR(B10="",N10=""),"",P10*N10) -> 402.3 | S10: Importé – bordereau BE-2027-002
B11: Compost de fumier | C11: Effluent d'élevage | D11: Type Ia | E11: t | F11: 35 | G11: 7.2 | H11: 0.08 | I11: =IF(OR(G11="",H11=""),"",G11*H11) -> 0.576 | J11: 4.5 | K11: 11 | L11: Référence régionale | N11: 0 | O11: =IF(B11="","",COUNTIF(Registre!$G$8:$G$507,B11)) -> 1 | P11: =IF(B11="","",SUMIFS(Registre!$L$8:$L$507,Registre!$G$8:$G$507,B11)) -> 111.75 | Q11: =IF(B11="","",SUMIFS(Registre!$Q$8:$Q$507,Registre!$G$8:$G$507,B11)) -> 804.6 | R11: =IF(OR(B11="",N11=""),"",P11*N11) -> 0
B12: Digestat liquide | C12: Produit organique (hors élevage) | D12: Type II | E12: m³ | F12: 6 | G12: 4.6 | H12: 0.6 | I12: =IF(OR(G12="",H12=""),"",G12*H12) -> 2.76 | J12: 1.6 | K12: 4.8 | L12: Analyse | M12: 46397 | N12: 2.5 | O12: =IF(B12="","",COUNTIF(Registre!$G$8:$G$507,B12)) -> 2 | P12: =IF(B12="","",SUMIFS(Registre!$L$8:$L$507,Registre!$G$8:$G$507,B12)) -> 513.25 | Q12: =IF(B12="","",SUMIFS(Registre!$Q$8:$Q$507,Registre!$G$8:$G$507,B12)) -> 2360.95 | R12: =IF(OR(B12="",N12=""),"",P12*N12) -> 1283.125 | S12: Unité de méthanisation partenaire
B13: Ammonitrate 33,5 % | C13: Engrais minéral | D13: Type III | E13: kg | G13: 0.335 | H13: 1 | I13: =IF(OR(G13="",H13=""),"",G13*H13) -> 0.335 | J13: 0 | K13: 0 | L13: Étiquette fabricant | N13: 0.46 | O13: =IF(B13="","",COUNTIF(Registre!$G$8:$G$507,B13)) -> 7 | P13: =IF(B13="","",SUMIFS(Registre!$L$8:$L$507,Registre!$G$8:$G$507,B13)) -> 10654 | Q13: =IF(B13="","",SUMIFS(Registre!$Q$8:$Q$507,Registre!$G$8:$G$507,B13)) -> 3569.09 | R13: =IF(OR(B13="",N13=""),"",P13*N13) -> 4900.84
B14: Solution azotée 30 % | C14: Engrais minéral | D14: Type III | E14: L | G14: 0.384 | H14: 1 | I14: =IF(OR(G14="",H14=""),"",G14*H14) -> 0.384 | J14: 0 | K14: 0 | L14: Étiquette fabricant | N14: 0.36 | O14: =IF(B14="","",COUNTIF(Registre!$G$8:$G$507,B14)) -> 2 | P14: =IF(B14="","",SUMIFS(Registre!$L$8:$L$507,Registre!$G$8:$G$507,B14)) -> 3771 | Q14: =IF(B14="","",SUMIFS(Registre!$Q$8:$Q$507,Registre!$G$8:$G$507,B14)) -> 1448.064 | R14: =IF(OR(B14="",N14=""),"",P14*N14) -> 1357.56 | S14: Teneur exprimée par litre (densité 1,28)
B15: Urée 46 % | C15: Engrais minéral | D15: Type III | E15: kg | G15: 0.46 | H15: 1 | I15: =IF(OR(G15="",H15=""),"",G15*H15) -> 0.46 | J15: 0 | K15: 0 | L15: Étiquette fabricant | N15: 0.55 | O15: =IF(B15="","",COUNTIF(Registre!$G$8:$G$507,B15)) -> 2 | P15: =IF(B15="","",SUMIFS(Registre!$L$8:$L$507,Registre!$G$8:$G$507,B15)) -> 1861 | Q15: =IF(B15="","",SUMIFS(Registre!$Q$8:$Q$507,Registre!$G$8:$G$507,B15)) -> 856.06 | R15: =IF(OR(B15="",N15=""),"",P15*N15) -> 1023.55
B16: Sulfate d'ammoniaque 21 % | C16: Engrais minéral | D16: Type III | E16: kg | G16: 0.21 | H16: 1 | I16: =IF(OR(G16="",H16=""),"",G16*H16) -> 0.21 | J16: 0 | K16: 0 | L16: Étiquette fabricant | N16: 0.4 | O16: =IF(B16="","",COUNTIF(Registre!$G$8:$G$507,B16)) -> 1 | P16: =IF(B16="","",SUMIFS(Registre!$L$8:$L$507,Registre!$G$8:$G$507,B16)) -> 1920 | Q16: =IF(B16="","",SUMIFS(Registre!$Q$8:$Q$507,Registre!$G$8:$G$507,B16)) -> 403.2 | R16: =IF(OR(B16="",N16=""),"",P16*N16) -> 768 | S16: Apporte également du soufre
B17: Engrais 18-46-0 | C17: Engrais minéral | D17: Type III | E17: kg | G17: 0.18 | H17: 1 | I17: =IF(OR(G17="",H17=""),"",G17*H17) -> 0.18 | J17: 0.46 | K17: 0 | L17: Étiquette fabricant | N17: 0.72 | O17: =IF(B17="","",COUNTIF(Registre!$G$8:$G$507,B17)) -> 2 | P17: =IF(B17="","",SUMIFS(Registre!$L$8:$L$507,Registre!$G$8:$G$507,B17)) -> 2938 | Q17: =IF(B17="","",SUMIFS(Registre!$Q$8:$Q$507,Registre!$G$8:$G$507,B17)) -> 528.84 | R17: =IF(OR(B17="",N17=""),"",P17*N17) -> 2115.36 | S17: Localisé au semis
I18: =IF(OR(G18="",H18=""),"",G18*H18) | O18: =IF(B18="","",COUNTIF(Registre!$G$8:$G$507,B18)) | P18: =IF(B18="","",SUMIFS(Registre!$L$8:$L$507,Registre!$G$8:$G$507,B18)) | Q18: =IF(B18="","",SUMIFS(Registre!$Q$8:$Q$507,Registre!$G$8:$G$507,B18)) | R18: =IF(OR(B18="",N18=""),"",P18*N18)
I19: =IF(OR(G19="",H19=""),"",G19*H19) | O19: =IF(B19="","",COUNTIF(Registre!$G$8:$G$507,B19)) | P19: =IF(B19="","",SUMIFS(Registre!$L$8:$L$507,Registre!$G$8:$G$507,B19)) | Q19: =IF(B19="","",SUMIFS(Registre!$Q$8:$Q$507,Registre!$G$8:$G$507,B19)) | R19: =IF(OR(B19="",N19=""),"",P19*N19)
I20: =IF(OR(G20="",H20=""),"",G20*H20) | O20: =IF(B20="","",COUNTIF(Registre!$G$8:$G$507,B20)) | P20: =IF(B20="","",SUMIFS(Registre!$L$8:$L$507,Registre!$G$8:$G$507,B20)) | Q20: =IF(B20="","",SUMIFS(Registre!$Q$8:$Q$507,Registre!$G$8:$G$507,B20)) | R20: =IF(OR(B20="",N20=""),"",P20*N20)
I21: =IF(OR(G21="",H21=""),"",G21*H21) | O21: =IF(B21="","",COUNTIF(Registre!$G$8:$G$507,B21)) | P21: =IF(B21="","",SUMIFS(Registre!$L$8:$L$507,Registre!$G$8:$G$507,B21)) | Q21: =IF(B21="","",SUMIFS(Registre!$Q$8:$Q$507,Registre!$G$8:$G$507,B21)) | R21: =IF(OR(B21="",N21=""),"",P21*N21)
I22: =IF(OR(G22="",H22=""),"",G22*H22) | O22: =IF(B22="","",COUNTIF(Registre!$G$8:$G$507,B22)) | P22: =IF(B22="","",SUMIFS(Registre!$L$8:$L$507,Registre!$G$8:$G$507,B22)) | Q22: =IF(B22="","",SUMIFS(Registre!$Q$8:$Q$507,Registre!$G$8:$G$507,B22)) | R22: =IF(OR(B22="",N22=""),"",P22*N22)
I23: =IF(OR(G23="",H23=""),"",G23*H23) | O23: =IF(B23="","",COUNTIF(Registre!$G$8:$G$507,B23)) | P23: =IF(B23="","",SUMIFS(Registre!$L$8:$L$507,Registre!$G$8:$G$507,B23)) | Q23: =IF(B23="","",SUMIFS(Registre!$Q$8:$Q$507,Registre!$G$8:$G$507,B23)) | R23: =IF(OR(B23="",N23=""),"",P23*N23)
I24: =IF(OR(G24="",H24=""),"",G24*H24) | O24: =IF(B24="","",COUNTIF(Registre!$G$8:$G$507,B24)) | P24: =IF(B24="","",SUMIFS(Registre!$L$8:$L$507,Registre!$G$8:$G$507,B24)) | Q24: =IF(B24="","",SUMIFS(Registre!$Q$8:$Q$507,Registre!$G$8:$G$507,B24)) | R24: =IF(OR(B24="",N24=""),"",P24*N24)
I25: =IF(OR(G25="",H25=""),"",G25*H25) | O25: =IF(B25="","",COUNTIF(Registre!$G$8:$G$507,B25)) | P25: =IF(B25="","",SUMIFS(Registre!$L$8:$L$507,Registre!$G$8:$G$507,B25)) | Q25: =IF(B25="","",SUMIFS(Registre!$Q$8:$Q$507,Registre!$G$8:$G$507,B25)) | R25: =IF(OR(B25="",N25=""),"",P25*N25)
I26: =IF(OR(G26="",H26=""),"",G26*H26) | O26: =IF(B26="","",COUNTIF(Registre!$G$8:$G$507,B26)) | P26: =IF(B26="","",SUMIFS(Registre!$L$8:$L$507,Registre!$G$8:$G$507,B26)) | Q26: =IF(B26="","",SUMIFS(Registre!$Q$8:$Q$507,Registre!$G$8:$G$507,B26)) | R26: =IF(OR(B26="",N26=""),"",P26*N26)
I27: =IF(OR(G27="",H27=""),"",G27*H27) | O27: =IF(B27="","",COUNTIF(Registre!$G$8:$G$507,B27)) | P27: =IF(B27="","",SUMIFS(Registre!$L$8:$L$507,Registre!$G$8:$G$507,B27)) | Q27: =IF(B27="","",SUMIFS(Registre!$Q$8:$Q$507,Registre!$G$8:$G$507,B27)) | R27: =IF(OR(B27="",N27=""),"",P27*N27)
I28: =IF(OR(G28="",H28=""),"",G28*H28) | O28: =IF(B28="","",COUNTIF(Registre!$G$8:$G$507,B28)) | P28: =IF(B28="","",SUMIFS(Registre!$L$8:$L$507,Registre!$G$8:$G$507,B28)) | Q28: =IF(B28="","",SUMIFS(Registre!$Q$8:$Q$507,Registre!$G$8:$G$507,B28)) | R28: =IF(OR(B28="",N28=""),"",P28*N28)
I29: =IF(OR(G29="",H29=""),"",G29*H29) | O29: =IF(B29="","",COUNTIF(Registre!$G$8:$G$507,B29)) | P29: =IF(B29="","",SUMIFS(Registre!$L$8:$L$507,Registre!$G$8:$G$507,B29)) | Q29: =IF(B29="","",SUMIFS(Registre!$Q$8:$Q$507,Registre!$G$8:$G$507,B29)) | R29: =IF(OR(B29="",N29=""),"",P29*N29)
... I47: =IF(OR(G47="",H47=""),"",G47*H47) | O47: =IF(B47="","",COUNTIF(Registre!$G$8:$G$507,B47)) | P47: =IF(B47="","",SUMIFS(Registre!$L$8:$L$507,Registre!$G$8:$G$507,B47)) | Q47: =IF(B47="","",SUMIFS(Registre!$Q$8:$Q$507,Registre!$G$8:$G$507,B47)) | R47: =IF(OR(B47="",N47=""),"",P47*N47)
B48: Total de la campagne | O48: =SUM(O8:O47) -> 29 | Q48: =SUM(Q8:Q47) -> 26441.754 | R48: =SUM(R8:R47) -> 11850.735

Sheet Échanges & stockage
B1: ÉCHANGES D'EFFLUENTS ET STOCKAGE AU CHAMP | M1: =RaisonSociale -> SCEA du Val de Mérienne
B2: Bordereaux de cession, de réception et de mise à disposition · dépôts au champ | M2: ="Campagne "&(AnneeRecolte-1)&"-"&AnneeRecolte&" · récolte "&AnneeRecolte -> Campagne 2026-2027 · récolte 2027
B4: Chaque échange d'effluents fait l'objet d'un bordereau cosigné par le fournisseur et le destinataire. | H4: Saisie | I4: Calcul automatique
B6: AZOTE REÇU (KG N) | D6: AZOTE CÉDÉ (KG N) | E6: AZOTE SUR TERRES MISES À DISPOSITION (KG N) | G6: BORDEREAUX À RÉGULARISER | K6: DÉPÔTS AU CHAMP EN COURS
B7: =SUMIFS($J$12:$J$51,$D$12:$D$51,"Réception (import)") -> 2897.35 | D7: =SUMIFS($J$12:$J$51,$D$12:$D$51,"Cession (export)") -> 1000 | E7: =SUMIFS($J$12:$J$51,$D$12:$D$51,"Épandage sur terres mises à disposition") -> 1044 | G7: =COUNTIFS($B$12:$B$51,"?*",$L$12:$L$51,"<>Oui") -> 1 | K7: =COUNTIFS($C$55:$C$74,">0",$G$55:$G$74,"") -> 1
B10: BORDEREAUX D'ÉCHANGE ET DE MISE À DISPOSITION
B11: N° de bordereau | C11: Date | D11: Nature de l'échange | E11: Exploitation partenaire | F11: Commune | G11: Fertilisant | H11: Quantité | I11: Unité | J11: Azote total (kg N) | K11: Îlots ou destination | L11: Cosigné | M11: Observations
B12: BE-2027-001 | C12: 46271 | D12: Cession (export) | E12: GAEC des Trois Chênes | F12: Mérienne-le-Haut | G12: Lisier de bovins | H12: 250 | I12: =IF(G12="","",IFERROR(INDEX(Fertilisants!$E$8:$E$47,MATCH(G12,Fertilisants!$B$8:$B$47,0))&"","")) -> m³ | J12: =IF(OR(G12="",H12=""),"",H12*N(IFERROR(INDEX(Fertilisants!$G$8:$G$47,MATCH(G12,Fertilisants!$B$8:$B$47,0)),0))) -> 1000 | K12: Épandu chez le repreneur | L12: Oui
